Workbook

Sheet 02-01-01
A8: =Source!B1 -> Smeta.RU (495) 974-1589
A9: Наименование программного продукта | F9: Программа для ЭВМ «Программа: «Smeta.RU» версия 12»
A11: Наименование редакции сметных нормативов | F11: =IF(Source!CQ12 <> "", Source!CQ12, "") -> Приказ Минстроя России от 30.12.2021 г. № 1046/пр; Приказ Минстроя России от 04.08.2020 г. № 421/пр; Приказ Минстроя России от 21.12.2020 г. № 812/пр; Приказ Минстроя России от 11.12.2020 г. № 774/пр | CO11: =IF(Source!CQ12 <> "", Source!CQ12, "") -> Приказ Минстроя России от 30.12.2021 г. № 1046/пр; Приказ Минстроя России от 04.08.2020 г. № 421/пр; Приказ Минстроя России от 21.12.2020 г. № 812/пр; Приказ Минстроя России от 11.12.2020 г. № 774/пр
A13: Реквизиты приказа Минстроя России об утверждении дополнений и изменений к сметным нормативам | F13: =IF(Source!CV12 <> "", Source!CV12, "") -> Приказ Минстроя России от 18.05.2022 г. № 378/пр; Приказ Минстроя России от 26.08.2022 г. № 703/пр; Приказ Минстроя России от 26.10.2022 г. № 905/пр; Приказ Минстроя России от 27.12.2022 г. № 1133/пр; Приказ Минстроя России от 10.02.2023 г. № 84/пр; Приказ Минстроя России от 11.05.2023 г. № 335/пр; Приказ Минстроя России от 02.08.2023 г. № 551/пр; Приказ Минстроя России от 14.11.2023 г. № 817/пр; Приказ Минстроя России от 16.02.2024 г. № 102/пр; Приказ Минстроя России от 13.05.2024 г. № 323/пр; Приказ Минстроя России от 09.08.2024 г. № 524/пр; Приказ Минстроя России от 07.11.2024 г. № 747/пр; Приказ Минстроя России от 07.02.2025 г. № 69/пр; Приказ Минстроя России от 19.05.2025 г. № 299/пр; Приказ Минстроя России от 14.08.2025 г. № 490/пр; Приказ Минстроя России от 12.11.2025 г. № 696/пр; Приказ Минстроя России от 17.02.2026 г. № 91/пр; Приказ Минстроя России от 15.05.2026 г. № 301/пр; Приказ Минстроя России от 12.08.2026 г. № 527/пр; Приказ Минстроя России от 07.07.2022 г. № 557/пр; Приказ Минстроя России от 30.01.2024 г. № 55/пр; Приказ Минстроя России от 23.01.2025 г. № 30/пр; Приказ Минстроя России от 02.09.2021 г. № 636/пр; Приказ Минстроя России от 26.07.2022 г. № 611/пр; Приказ Минстроя России от 22.04.2022 г. № 317/пр | CO13: =IF(Source!CV12 <> "", Source!CV12, "") -> Приказ Минстроя России от 18.05.2022 г. № 378/пр; Приказ Минстроя России от 26.08.2022 г. № 703/пр; Приказ Минстроя России от 26.10.2022 г. № 905/пр; Приказ Минстроя России от 27.12.2022 г. № 1133/пр; Приказ Минстроя России от 10.02.2023 г. № 84/пр; Приказ Минстроя России от 11.05.2023 г. № 335/пр; Приказ Минстроя России от 02.08.2023 г. № 551/пр; Приказ Минстроя России от 14.11.2023 г. № 817/пр; Приказ Минстроя России от 16.02.2024 г. № 102/пр; Приказ Минстроя России от 13.05.2024 г. № 323/пр; Приказ Минстроя России от 09.08.2024 г. № 524/пр; Приказ Минстроя России от 07.11.2024 г. № 747/пр; Приказ Минстроя России от 07.02.2025 г. № 69/пр; Приказ Минстроя России от 19.05.2025 г. № 299/пр; Приказ Минстроя России от 14.08.2025 г. № 490/пр; Приказ Минстроя России от 12.11.2025 г. № 696/пр; Приказ Минстроя России от 17.02.2026 г. № 91/пр; Приказ Минстроя России от 15.05.2026 г. № 301/пр; Приказ Минстроя России от 12.08.2026 г. № 527/пр; Приказ Минстроя России от 07.07.2022 г. № 557/пр; Приказ Минстроя России от 30.01.2024 г. № 55/пр; Приказ Минстроя России от 23.01.2025 г. № 30/пр; Приказ Минстроя России от 02.09.2021 г. № 636/пр; Приказ Минстроя России от 26.07.2022 г. № 611/пр; Приказ Минстроя России от 22.04.2022 г. № 317/пр
A15: Реквизиты письма Минстроя России об индексах изменения сметной стоимости строительства, включаемые в федеральный реестр сметных нормативов и размещаемые в федеральной государственной информационной системе ценообразования в строительстве, подготовленного в соответствии с пунктом 85 Методики расчета индексов изменения сметной стоимости строительства, утвержденной приказом Министерства строительства и жилищно-коммунального хозяйства Российской Федерации от 5 июня 2019 г. N 326/пр | F15: Письмо Минстроя России от 25.02.2026 № 9859-ИФ/09
A17: Реквизиты нормативного правового акта об утверждении оплаты труда, утверждаемый в соответствии с пунктом 22(1) Правилами мониторинга цен, утвержденными постановлением Правительства Российской Федерации от 23 декабря 2016 г. N 1452 | F17: Постановление Кабинета Министров Чувашской Республики от 22.04.2025 г. № 213
A19: Обоснование принятых текущих цен на строительные ресурсы | F19: ФГИС ЦС, конъюнктурный анализ
A21: Наименование субъекта Российской Федерации | F21: =IF(Source!CZ12 <> "", Source!CZ12, "") -> Чувашская Республика - Чувашия
A23: Наименование зоны субъекта Российской Федерации | F23: =IF(Source!DA12 <> "", Source!DA12, "") -> Чувашская Республика - Чувашия
A26: 429020, Чувашская Республика, Порецкий район, с. Порецкое, ул. Ленина, д. 5
A27: (наименование стройки)
A29: 429020, Чувашская Республика, Порецкий район, с. Порецкое, ул. Ленина, д. 5
A30: (наименование объекта капитального строительства)
A32: =CONCATENATE( "ЛОКАЛЬНАЯ СМЕТА № ", Source!L20, " ",Source!CM20) -> ЛОКАЛЬНАЯ СМЕТА № 02-01-01
A34: на выполнение работ по ремонту кровли отделения почтовой связи 429020, расположенного по адресу: Чувашская Республика, Порецкий район, с. Порецкое, ул. Ленина, д. 5 для нужд УФПС Чувашской Республики
A35: (наименование работ и затрат)
A38: Составлен | C38: Ресурсно-индексным | D38: методом
A40: Основание | C40: Ведомость объемов работ
C41: (проектная и (или) иная техническая документация)
A43: Составлен(а) в текущем уровне цен на март 2026 года
A45: Сметная стоимость | C45: =C48+C49+C50+C51 -> 3432.04 | E45: тыс. руб.
G46: Средства на оплату труда рабочих | K46: =ROUND(SUM(AR59:AR449)/1000, 2) -> 484.92 | L46: тыс. руб.
B47: в том числе: | G47: Средства на оплату труда машинистов | K47: =ROUND(SUM(AT59:AT449)/1000, 2) -> 3.08 | L47: тыс. руб.
B48: строительных работ | C48: =ROUND((Source!F126)/1000, 2) -> 3432.04 | E48: тыс. руб. | G48: Нормативные затраты труда рабочих | K48: =Source!F131 -> 1348.9778 | L48: чел.-ч.
B49: монтажных работ | C49: =ROUND((Source!F127)/1000, 2) -> 0 | E49: тыс. руб. | G49: Нормативные затраты труда машинистов | K49: =Source!F132 -> 6.995 | L49: чел.-ч.
B50: оборудования | C50: =ROUND((Source!F118)/1000, 2) -> 0 | E50: тыс. руб.
B51: прочих затрат | C51: =ROUND((Source!F128)/1000, 2) -> 0 | E51: тыс. руб.
A53: № п/п | B53: Обоснование | C53: Наименование работ и затрат | D53: Единица измерения | E53: Количество | H53: Сметная стоимость, руб.
E57: на единицу измерения | F57: коэффициенты | G57: всего с учетом коэффициентов | H57: на единицу измерения в базисном уровне цен | I57: индекс | J57: на единицу измерения в текущем уровне цен | K57: коэффициенты | L57: всего в текущем уровне цен
A58: 1 | B58: 2 | C58: 3 | D58: 4 | E58: 5 | F58: 6 | G58: 7 | H58: 8 | I58: 9 | J58: 10 | K58: 11 | L58: 12
A59: 1 | B59: ГЭСН 46-04-008-02 | C59: =Source!G24 -> Разборка покрытий кровель: из профнастила | D59: =Source!H24 -> 100 м2 | E59: =Source!K24 -> 5.8 | G59: =Source!I24 -> 5.8
C60: ="Объем: "&Source!I24&"=580/"&"100" -> Объем: 5,8=580/100
B61: 1 | C61: ОТ (ЗТ) | D61: чел.-ч. | G61: =Source!U24 -> 49.764 | L61: =SUM(L62:L62)-SUMIF(CE62:CE62, 1, L62:L62) -> 16393.75
B62: 1-100-20 | C62: Средний разряд работы 2,0 | D62: чел.-ч. | E62: 8.58 | G62: =SmtRes!CX1 -> 49.764 | J62: =SmtRes!CZ1 -> 329.43 | L62: =SmtRes!DI1 -> 16393.75
B63: 2 | C63: ЭМ | L63: =SUM(L64:L65)-SUMIF(CE64:CE65, 1, L64:L65) -> 194.75
C64: ОТм(ЗТм) | D64: чел.-ч. | G64: =Source!V24 -> 0 | L64: =SUMIF(CE65:CE65, 1, L65:L65) -> 0 | CE64: 1
B65: 91.06.03-055 | C65: Лебедки электрические тяговым усилием 19,62 кН (2 т) | D65: маш.-ч | E65: 1.88 | G65: =SmtRes!CX2 -> 10.904 | H65: =SmtRes!CZ2 -> 11.45 | I65: =SmtRes!AJ2 -> 1.56 | J65: =ROUND(H65*I65, 2) -> 17.86 | L65: =SmtRes!DG2 -> 194.75
C66: Итого прямые затраты | L66: =L61+L63+L64 -> 16588.5
C67: ФОТ | L67: =SUM(AR59:AR70)+SUM(AS59:AS70)+SUM(AT59:AT70)+SUM(AU59:AU70)+SUM(AV59:AV70) -> 16393.75
B68: Пр/812-040.2-1 | C68: НР Работы по реконструкции зданий и сооружений: разборка отдельных конструктивных элементов здания (сооружения), а также зданий (сооружений) в целом | D68: % | E68: =Source!BZ24 -> 91 | G68: =Source!AT24 -> 91 | L68: =SUM(AZ59:AZ70) -> 14918.31
B69: Пр/774-040.2 | C69: СП Работы по реконструкции зданий и сооружений: разборка отдельных конструктивных элементов здания (сооружения), а также зданий (сооружений) в целом | D69: % | E69: =Source!CA24 -> 52 | G69: =Source!AU24 -> 52 | L69: =SUM(BA59:BA70) -> 8524.75
C70: Всего по позиции | I70: =IF(E59<>0,K70/E59, 0) -> 6901.9931 | K70: =L61+L63+L68+L69+L64 -> 40031.56 | AD70: =ROUND((Source!AT24/100)*((ROUND(SUMIF(SmtRes!AQ1:'SmtRes'!AQ2,"=1",SmtRes!AD1:'SmtRes'!AD2)*Source!I24, 2)+ROUND(SUMIF(SmtRes!AQ1:'SmtRes'!AQ2,"=1",SmtRes!AC1:'SmtRes'!AC2)*Source!I24, 2))), 2) -> 1738.73 | AE70: =ROUND((Source!AU24/100)*((ROUND(SUMIF(SmtRes!AQ1:'SmtRes'!AQ2,"=1",SmtRes!AD1:'SmtRes'!AD2)*Source!I24, 2)+ROUND(SUMIF(SmtRes!AQ1:'SmtRes'!AQ2,"=1",SmtRes!AC1:'SmtRes'!AC2)*Source!I24, 2))), 2) -> 993.56 | AN70: =L61+L63+L68+L69+L64 -> 40031.56 | AO70: =L63 -> 194.75 | AQ70: = | AR70: =L61 -> 16393.75 | AT70: =L64 -> 0 | AV70: = | AW70: =0 -> 0 | AZ70: =Source!X24 -> 14918.31 | BA70: =Source!Y24 -> 8524.75 | CD70: 1
A71: 2 | B71: ГЭСН 12-01-033-01 | C71: =Source!G26 -> Монтаж кровли из профилированного листа для объектов непроизводственного назначения: простой | D71: =Source!H26 -> 100 м2 | E71: =Source!K26 -> 5.8 | G71: =Source!I26 -> 5.8
B72: 421/пр_2020_п.58_пп.б | C72: При отсутствии необходимых норм (единичных расценок), включенных в сборники ГЭСНр (ФЕРр, ТЕРр), сметные затраты на работы по капитальному ремонту и реконструкции объектов капитального строительства могут быть определены по сметным нормам, включенным в ГЭСН (ФЕР, ТЕР), аналогичным технологическим процессам в новом строительстве, в том числе по возведению новых конструктивных элементов ЭМ *1,25; ЗТ *1,15; ЗТм *1,25; НР *0,9; СП *0,85 | CW72: При отсутствии необходимых норм (единичных расценок), включенных в сборники ГЭСНр (ФЕРр, ТЕРр), сметные затраты на работы по капитальному ремонту и реконструкции объектов капитального строительства могут быть определены по сметным нормам, включенным в ГЭСН (ФЕР, ТЕР), аналогичным технологическим процессам в новом строительстве, в том числе по возведению новых конструктивных элементов ЭМ *1,25; ЗТ *1,15; ЗТм *1,25; НР *0,9; СП *0,85
C73: ="Объем: "&Source!I26&"=580/"&"100" -> Объем: 5,8=580/100
B74: 1 | C74: ОТ (ЗТ) | D74: чел.-ч. | G74: =Source!U26 -> 216.108 | L74: =SUM(L75:L75)-SUMIF(CE75:CE75, 1, L75:L75) -> 79683.34
B75: 1-100-32 | C75: Средний разряд работы 3,2 | D75: чел.-ч. | E75: 32.4 | F75: =ROUND(1.15,7) -> 1.15 | G75: =SmtRes!CX5 -> 216.108 | J75: =SmtRes!CZ5 -> 368.72 | L75: =SmtRes!DI5 -> 79683.34
B76: 2 | C76: ЭМ | L76: =SUM(L77:L83)-SUMIF(CE77:CE83, 1, L77:L83) -> 2634.69
C77: ОТм(ЗТм) | D77: чел.-ч. | G77: =Source!V26 -> 2.32 | L77: =SUMIF(CE78:CE83, 1, L78:L83) -> 1110.92 | CE77: 1
B78: 91.05.01-017 | C78: Краны башенные, грузоподъемность 8 т | D78: маш.-ч | E78: 0.05 | F78: =ROUND(1.25,7) -> 1.25 | G78: =SmtRes!CX7 -> 0.3625 | J78: =SmtRes!CZ7 -> 1098 | L78: =SmtRes!DG7 -> 398.03
B79: 4-100-060 | C79: ОТм(ЗТм) Средний разряд машинистов 6 | D79: чел.-ч. | E79: =SmtRes!DO7*SmtRes!AT7 -> 0.05 | F79: =ROUND(1.25,7) -> 1.25 | G79: =ROUND(E79*F79*G71, 7) -> 0.3625 | J79: =ROUND(SmtRes!AG7/SmtRes!DO7, 2) -> 544.01 | L79: =SmtRes!DH7 -> 197.2 | CE79: 1
B80: 91.05.05-015 | C80: Краны на автомобильном ходу, грузоподъемность 16 т | D80: маш.-ч | E80: 0.12 | F80: =ROUND(1.25,7) -> 1.25 | G80: =SmtRes!CX8 -> 0.87 | J80: =SmtRes!CZ8 -> 1719.93 | L80: =SmtRes!DG8 -> 1496.34
B81: 4-100-060 | C81: ОТм(ЗТм) Средний разряд машинистов 6 | D81: чел.-ч. | E81: =SmtRes!DO8*SmtRes!AT8 -> 0.12 | F81: =ROUND(1.25,7) -> 1.25 | G81: =ROUND(E81*F81*G71, 7) -> 0.87 | J81: =ROUND(SmtRes!AG8/SmtRes!DO8, 2) -> 544.01 | L81: =SmtRes!DH8 -> 473.29 | CE81: 1
B82: 91.14.02-001 | C82: Автомобили бортовые, грузоподъемность до 5 т | D82: маш.-ч | E82: 0.15 | F82: =ROUND(1.25,7) -> 1.25 | G82: =SmtRes!CX9 -> 1.0875 | J82: =SmtRes!CZ9 -> 680.75 | L82: =SmtRes!DG9 -> 740.32
B83: 4-100-040 | C83: ОТм(ЗТм) Средний разряд машинистов 4 | D83: чел.-ч. | E83: =SmtRes!DO9*SmtRes!AT9 -> 0.15 | F83: =ROUND(1.25,7) -> 1.25 | G83: =ROUND(E83*F83*G71, 7) -> 1.0875 | J83: =ROUND(SmtRes!AG9/SmtRes!DO9, 2) -> 404.99 | L83: =SmtRes!DH9 -> 440.43 | CE83: 1
B84: 4 | C84: М | L84: =SUM(L85:L87)-SUMIF(CE85:CE87, 1, L85:L87) -> 3088
B85: 01.7.03.04-0001 | C85: Электроэнергия | D85: КВТ-Ч | E85: 3.7856 | G85: =SmtRes!CX10 -> 21.95648 | J85: =SmtRes!CZ10 -> 7.71 | L85: =SmtRes!DF10 -> 169.28
B86: 01.7.15.08-0011 | C86: Заклепки комбинированные для соединения профилированного стального настила и разнообразных листовых деталей | D86: т | E86: 0.0005 | G86: =SmtRes!CX11 -> 0.0029 | H86: =SmtRes!CZ11 -> 199827.16 | I86: =SmtRes!AI11 -> 1.19 | J86: =ROUND(H86*I86, 2) -> 237794.32 | L86: =SmtRes!DF11 -> 689.6
B87: 01.7.15.14-0083 | C87: Шурупы самонарезающие стальные оцинкованные кровельные с шестигранной головкой и шайбой, наконечник сверло, диаметр 4,8 мм, длина 50 мм | D87: т | E87: 0.0015 | G87: =SmtRes!CX12 -> 0.0087 | H87: =SmtRes!CZ12 -> 215311.97 | I87: =SmtRes!AI12 -> 1.19 | J87: =ROUND(H87*I87, 2) -> 256221.24 | L87: =SmtRes!DF12 -> 2229.12
B88: =EtalonRes!I13 -> 08.1.02.07 | C88: =EtalonRes!K13 -> Дополнительные элементы кровли из профлиста: коньки, разжелобки и проч. | D88: =EtalonRes!O13 -> ШТ | E88: =EtalonRes!X13 -> 0 | G88: =ROUND(EtalonRes!AG13*Source!I26, 7) -> 0
B89: =EtalonRes!I14 -> 08.3.09.01 | C89: =EtalonRes!K14 -> Стальной гнутый профиль (профилированный настил) | D89: =EtalonRes!O14 -> т | E89: =EtalonRes!X14 -> 0 | G89: =ROUND(EtalonRes!AG14*Source!I26, 7) -> 0
C90: Итого прямые затраты | L90: =L74+L76+L77+L84 -> 86516.95
A91: 2.1 | B91: =Source!F28 -> 08.3.09.02-0003 | C91: =Source!G28 -> Профнастил оцинкованный с лакокрасочным или полимерным покрытием НС35-1000-0,7 | D91: =Source!H28 -> м2 | E91: =SmtRes!AT14 -> 122 | G91: =Source!I28 -> 707.6 | H91: =Source!AL28+Source!AO28+Source!AM28+Source!AN28 -> 1024 | I91: =IF(Source!BC28<> 0, Source!BC28, 1) -> 0.84 | J91: =ROUND(H91*I91, 2) -> 860.16 | L91: =Source!P28 -> 608649.22 | AD91: =ROUND((Source!AT28/100)*((ROUND(ROUND(Source!AO28,2)*Source!I28, 2)+ROUND(ROUND(Source!AN28,2)*Source!I28, 2))), 2) -> 0 | AE91: =ROUND((Source!AU28/100)*((ROUND(ROUND(Source!AO28,2)*Source!I28, 2)+ROUND(ROUND(Source!AN28,2)*Source!I28, 2))), 2) -> 0 | AN91: =L91 -> 608649.22 | AW91: =L91 -> 608649.22 | AZ91: =Source!X28 -> 0 | BA91: =Source!Y28 -> 0 | CD91: 1
A92: 2.2 | B92: =Source!F30 -> 01.7.15.14-1048 | C92: =Source!G30 -> Шурупы самонарезающие стальные оцинкованные кровельные с шестигранной головкой и шайбой, наконечник сверло, диаметр 4,8 мм, длина 80 мм | D92: =Source!H30 -> 100 ШТ | E92: =SmtRes!AT13 -> 1 | G92: =Source!I30 -> 5.8 | H92: =Source!AL30+Source!AO30+Source!AM30+Source!AN30 -> 178.83 | I92: =IF(Source!BC30<> 0, Source!BC30, 1) -> 1.19 | J92: =ROUND(H92*I92, 2) -> 212.81 | L92: =Source!P30 -> 1234.3 | AD92: =ROUND((Source!AT30/100)*((ROUND(ROUND(Source!AO30,2)*Source!I30, 2)+ROUND(ROUND(Source!AN30,2)*Source!I30, 2))), 2) -> 0 | AE92: =ROUND((Source!AU30/100)*((ROUND(ROUND(Source!AO30,2)*Source!I30, 2)+ROUND(ROUND(Source!AN30,2)*Source!I30, 2))), 2) -> 0 | AN92: =L92 -> 1234.3 | AW92: =L92 -> 1234.3 | AZ92: =Source!X30 -> 0 | BA92: =Source!Y30 -> 0 | CD92: 1
A93: 2.3 | B93: =Source!F32 -> 12.1.03.02-1096 | C93: =Source!G32 -> Планка карнизная из оцинкованной стали с полимерным покрытием для устройства кровли, размеры 100х69 мм | D93: =Source!H32 -> м | E93: =SmtRes!AT17 -> 17.931034 | G93: =Source!I32 -> 104 | H93: =Source!AL32+Source!AO32+Source!AM32+Source!AN32 -> 283.46 | I93: =IF(Source!BC32<> 0, Source!BC32, 1) -> 1.11 | J93: =ROUND(H93*I93, 2) -> 314.64 | L93: =Source!P32 -> 32722.56 | AD93: =ROUND((Source!AT32/100)*((ROUND(ROUND(Source!AO32,2)*Source!I32, 2)+ROUND(ROUND(Source!AN32,2)*Source!I32, 2))), 2) -> 0 | AE93: =ROUND((Source!AU32/100)*((ROUND(ROUND(Source!AO32,2)*Source!I32, 2)+ROUND(ROUND(Source!AN32,2)*Source!I32, 2))), 2) -> 0 | AN93: =L93 -> 32722.56 | AW93: =L93 -> 32722.56 | AZ93: =Source!X32 -> 0 | BA93: =Source!Y32 -> 0 | CD93: 1
A94: 2.4 | B94: =Source!F34 -> 12.1.03.02-1092 | C94: =Source!G34 -> Планка ендовы верхняя из оцинкованной стали с полимерным покрытием для устройства кровли, размеры 76х76 мм | D94: =Source!H34 -> м | E94: =SmtRes!AT15 -> 8.6206897 | G94: =Source!I34 -> 50 | H94: =Source!AL34+Source!AO34+Source!AM34+Source!AN34 -> 410.93 | I94: =IF(Source!BC34<> 0, Source!BC34, 1) -> 1.11 | J94: =ROUND(H94*I94, 2) -> 456.13 | L94: =Source!P34 -> 22806.5 | AD94: =ROUND((Source!AT34/100)*((ROUND(ROUND(Source!AO34,2)*Source!I34, 2)+ROUND(ROUND(Source!AN34,2)*Source!I34, 2))), 2) -> 0 | AE94: =ROUND((Source!AU34/100)*((ROUND(ROUND(Source!AO34,2)*Source!I34, 2)+ROUND(ROUND(Source!AN34,2)*Source!I34, 2))), 2) -> 0 | AN94: =L94 -> 22806.5 | AW94: =L94 -> 22806.5 | AZ94: =Source!X34 -> 0 | BA94: =Source!Y34 -> 0 | CD94: 1
A95: 2.5 | B95: =Source!F36 -> 12.1.03.02-1094 | C95: =Source!G36 -> Планка ендовы нижняя из оцинкованной стали с полимерным покрытием для устройства кровли, размеры 298х298 мм | D95: =Source!H36 -> м | E95: =SmtRes!AT16 -> 8.6206897 | G95: =Source!I36 -> 50 | H95: =Source!AL36+Source!AO36+Source!AM36+Source!AN36 -> 532.05 | I95: =IF(Source!BC36<> 0, Source!BC36, 1) -> 1.11 | J95: =ROUND(H95*I95, 2) -> 590.58 | L95: =Source!P36 -> 29529 | AD95: =ROUND((Source!AT36/100)*((ROUND(ROUND(Source!AO36,2)*Source!I36, 2)+ROUND(ROUND(Source!AN36,2)*Source!I36, 2))), 2) -> 0 | AE95: =ROUND((Source!AU36/100)*((ROUND(ROUND(Source!AO36,2)*Source!I36, 2)+ROUND(ROUND(Source!AN36,2)*Source!I36, 2))), 2) -> 0 | AN95: =L95 -> 29529 | AW95: =L95 -> 29529 | AZ95: =Source!X36 -> 0 | BA95: =Source!Y36 -> 0 | CD95: 1
A96: 2.6 | B96: =Source!F38 -> 12.1.03.02-1100 | C96: =Source!G38 -> Планка примыкания из оцинкованной стали для устройства кровли, с полимерным покрытием, размеры 150х250 мм | D96: =Source!H38 -> м | E96: =SmtRes!AT19 -> 11.724138 | G96: =Source!I38 -> 68 | H96: =Source!AL38+Source!AO38+Source!AM38+Source!AN38 -> 641.03 | I96: =IF(Source!BC38<> 0, Source!BC38, 1) -> 1.11 | J96: =ROUND(H96*I96, 2) -> 711.54 | L96: =Source!P38 -> 48384.72 | AD96: =ROUND((Source!AT38/100)*((ROUND(ROUND(Source!AO38,2)*Source!I38, 2)+ROUND(ROUND(Source!AN38,2)*Source!I38, 2))), 2) -> 0 | AE96: =ROUND((Source!AU38/100)*((ROUND(ROUND(Source!AO38,2)*Source!I38, 2)+ROUND(ROUND(Source!AN38,2)*Source!I38, 2))), 2) -> 0 | AN96: =L96 -> 48384.72 | AW96: =L96 -> 48384.72 | AZ96: =Source!X38 -> 0 | BA96: =Source!Y38 -> 0 | CD96: 1
A97: 2.7 | B97: =Source!F40 -> 12.1.03.02-1098 | C97: =Source!G40 -> Планка конька плоского из оцинкованной стали с полимерным покрытием для устройства кровли, размеры 150х150 мм | D97: =Source!H40 -> м | E97: =SmtRes!AT18 -> 7.2413793 | G97: =Source!I40 -> 42 | H97: =Source!AL40+Source!AO40+Source!AM40+Source!AN40 -> 263.06 | I97: =IF(Source!BC40<> 0, Source!BC40, 1) -> 1.11 | J97: =ROUND(H97*I97, 2) -> 292 | L97: =Source!P40 -> 12264 | AD97: =ROUND((Source!AT40/100)*((ROUND(ROUND(Source!AO40,2)*Source!I40, 2)+ROUND(ROUND(Source!AN40,2)*Source!I40, 2))), 2) -> 0 | AE97: =ROUND((Source!AU40/100)*((ROUND(ROUND(Source!AO40,2)*Source!I40, 2)+ROUND(ROUND(Source!AN40,2)*Source!I40, 2))), 2) -> 0 | AN97: =L97 -> 12264 | AW97: =L97 -> 12264 | AZ97: =Source!X40 -> 0 | BA97: =Source!Y40 -> 0 | CD97: 1
C98: ФОТ | L98: =SUM(AR71:AR101)+SUM(AS71:AS101)+SUM(AT71:AT101)+SUM(AU71:AU101)+SUM(AV71:AV101) -> 80794.26
B99: Пр/812-012.0-1;_x000D_ п.25 | C99: НР Кровли | D99: % | E99: =Source!BZ26 -> 109 | F99: =ROUND(0.9,7) -> 0.9 | G99: =Source!AT26 -> 98.1 | L99: =SUM(AZ71:AZ101) -> 79259.17
B100: Пр/774-012.0;_x000D_ п.16 | C100: СП Кровли | D100: % | E100: =Source!CA26 -> 57 | F100: =ROUND(0.85,7) -> 0.85 | G100: =Source!AU26 -> 48.45 | L100: =SUM(BA71:BA101) -> 39144.82
C101: Всего по позиции | I101: =IF(E71<>0,K101/E71, 0) -> 165605.39 | K101: =L74+L76+L84+L99+L100+L77+SUM(L91:L97) -> 960511.24 | AD101: =ROUND((Source!AT26/100)*((ROUND(SUMIF(SmtRes!AQ5:'SmtRes'!AQ19,"=1",SmtRes!AD5:'SmtRes'!AD19)*Source!I26, 2)+ROUND(SUMIF(SmtRes!AQ5:'SmtRes'!AQ19,"=1",SmtRes!AC5:'SmtRes'!AC19)*Source!I26, 2))), 2) -> 10592.88 | AE101: =ROUND((Source!AU26/100)*((ROUND(SUMIF(SmtRes!AQ5:'SmtRes'!AQ19,"=1",SmtRes!AD5:'SmtRes'!AD19)*Source!I26, 2)+ROUND(SUMIF(SmtRes!AQ5:'SmtRes'!AQ19,"=1",SmtRes!AC5:'SmtRes'!AC19)*Source!I26, 2))), 2) -> 5231.65 | AN101: =L74+L76+L84+L99+L100+L77 -> 204920.94 | AO101: =L76 -> 2634.69 | AQ101: = | AR101: =L74 -> 79683.34 | AT101: =L77 -> 1110.92 | AV101: = | AW101: =L84 -> 3088 | AZ101: =Source!X26 -> 79259.17 | BA101: =Source!Y26 -> 39144.82 | CD101: 1
A102: 3 | B102: ГЭСНр 58-01-018-02 | C102: =Source!G42 -> Смена обрешетки с прозорами: из досок толщиной свыше 30 до 50 мм | D102: =Source!H42 -> 100 м2 | E102: =Source!K42 -> 5.8 | G102: =Source!I42 -> 5.8
C103: ="Объем: "&Source!I42&"=580/"&"100" -> Объем: 5,8=580/100
B104: 1 | C104: ОТ (ЗТ) | D104: чел.-ч. | G104: =Source!U42 -> 377.696 | L104: =SUM(L105:L105)-SUMIF(CE105:CE105, 1, L105:L105) -> 126709.45
B105: 1-100-22 | C105: Средний разряд работы 2,2 | D105: чел.-ч. | E105: 65.12 | G105: =SmtRes!CX35 -> 377.696 | J105: =SmtRes!CZ35 -> 335.48 | L105: =SmtRes!DI35 -> 126709.45
B106: 2 | C106: ЭМ | L106: =SUM(L107:L110)-SUMIF(CE107:CE110, 1, L107:L110) -> 1128.91
C107: ОТм(ЗТм) | D107: чел.-ч. | G107: =Source!V42 -> 1.624 | L107: =SUMIF(CE108:CE110, 1, L108:L110) -> 657.7 | CE107: 1
B108: 91.06.03-060 | C108: Лебедки электрические тяговым усилием до 5,79 кН (0,59 т) | D108: маш.-ч | E108: 0.39 | G108: =SmtRes!CX37 -> 2.262 | H108: =SmtRes!CZ37 -> 6.62 | I108: =SmtRes!AJ37 -> 1.56 | J108: =ROUND(H108*I108, 2) -> 10.33 | L108: =SmtRes!DG37 -> 23.37
B109: 91.14.02-001 | C109: Автомобили бортовые, грузоподъемность до 5 т | D109: маш.-ч | E109: 0.28 | G109: =SmtRes!CX38 -> 1.624 | J109: =SmtRes!CZ38 -> 680.75 | L109: =SmtRes!DG38 -> 1105.54
B110: 4-100-040 | C110: ОТм(ЗТм) Средний разряд машинистов 4 | D110: чел.-ч. | E110: =SmtRes!DO38*SmtRes!AT38 -> 0.28 | G110: =ROUND(E110*G102, 7) -> 1.624 | J110: =ROUND(SmtRes!AG38/SmtRes!DO38, 2) -> 404.99 | L110: =SmtRes!DH38 -> 657.7 | CE110: 1
B111: 4 | C111: М | L111: =SUM(L112:L112)-SUMIF(CE112:CE112, 1, L112:L112) -> 1780.13
B112: 01.7.15.06-0111 | C112: Гвозди строительные | D112: т | E112: 0.004 | G112: =SmtRes!CX39 -> 0.0232 | J112: =SmtRes!CZ39 -> 76729.92 | L112: =SmtRes!DF39 -> 1780.13
B113: =EtalonRes!I30 -> 11.1.03.05 | C113: =EtalonRes!K30 -> Доски необрезные | D113: =EtalonRes!O30 -> м3 | E113: =EtalonRes!X30 -> 1.3 | G113: =ROUND(EtalonRes!AG30*Source!I42, 7) -> 7.54
C114: Итого прямые затраты | L114: =L104+L106+L107+L111 -> 130276.19
A115: 3.1 | B115: =Source!F44 -> 11.1.03.05-0008 | C115: =Source!G44 -> Доска необрезная лиственных пород (береза), естественной влажности, длина 2-6,5 м, все ширины, толщина 45 мм и более, сорт II | D115: =Source!H44 -> м3 | E115: =SmtRes!AT40 -> 1.3 | G115: =Source!I44 -> 7.54 | H115: =Source!AL44+Source!AO44+Source!AM44+Source!AN44 -> 19030 | I115: =IF(Source!BC44<> 0, Source!BC44, 1) -> 1.49 | J115: =ROUND(H115*I115, 2) -> 28354.7 | L115: =Source!P44 -> 213794.44 | AD115: =ROUND((Source!AT44/100)*((ROUND(ROUND(Source!AO44,2)*Source!I44, 2)+ROUND(ROUND(Source!AN44,2)*Source!I44, 2))), 2) -> 0 | AE115: =ROUND((Source!AU44/100)*((ROUND(ROUND(Source!AO44,2)*Source!I44, 2)+ROUND(ROUND(Source!AN44,2)*Source!I44, 2))), 2) -> 0 | AN115: =L115 -> 213794.44 | AW115: =L115 -> 213794.44 | AZ115: =Source!X44 -> 0 | BA115: =Source!Y44 -> 0 | CD115: 1
A116: 3.2 | B116: =Source!F46 -> 999-9900 | C116: =Source!G46 -> Строительный мусор | D116: =Source!H46 -> т | E116: =SmtRes!AT41 -> 2.11 | G116: =Source!I46 -> 12.238 | H116: =Source!AL46+Source!AO46+Source!AM46+Source!AN46 -> 0 | L116: =Source!P46 -> 0 | AD116: =ROUND((Source!AT46/100)*((ROUND(ROUND(Source!AO46,2)*Source!I46, 2)+ROUND(ROUND(Source!AN46,2)*Source!I46, 2))), 2) -> 0 | AE116: =ROUND((Source!AU46/100)*((ROUND(ROUND(Source!AO46,2)*Source!I46, 2)+ROUND(ROUND(Source!AN46,2)*Source!I46, 2))), 2) -> 0 | AN116: =L116 -> 0 | AW116: =L116 -> 0 | AZ116: =Source!X46 -> 0 | BA116: =Source!Y46 -> 0 | CD116: 1
C117: ФОТ | L117: =SUM(AR102:AR120)+SUM(AS102:AS120)+SUM(AT102:AT120)+SUM(AU102:AU120)+SUM(AV102:AV120) -> 127367.15
B118: Пр/812-092.0-1 | C118: НР Крыши, кровля | D118: % | E118: =Source!BZ42 -> 90 | G118: =Source!AT42 -> 90 | L118: =SUM(AZ102:AZ120) -> 114630.44
B119: Пр/774-092.0 | C119: СП Крыши, кровля | D119: % | E119: =Source!CA42 -> 46 | G119: =Source!AU42 -> 46 | L119: =SUM(BA102:BA120) -> 58588.89
C120: Всего по позиции | I120: =IF(E102<>0,K120/E102, 0) -> 89187.924 | K120: =L104+L106+L111+L118+L119+L107+SUM(L115:L116) -> 517289.96 | AD120: =ROUND((Source!AT42/100)*((ROUND(SUMIF(SmtRes!AQ35:'SmtRes'!AQ41,"=1",SmtRes!AD35:'SmtRes'!AD41)*Source!I42, 2)+ROUND(SUMIF(SmtRes!AQ35:'SmtRes'!AQ41,"=1",SmtRes!AC35:'SmtRes'!AC41)*Source!I42, 2))), 2) -> 3865.25 | AE120: =ROUND((Source!AU42/100)*((ROUND(SUMIF(SmtRes!AQ35:'SmtRes'!AQ41,"=1",SmtRes!AD35:'SmtRes'!AD41)*Source!I42, 2)+ROUND(SUMIF(SmtRes!AQ35:'SmtRes'!AQ41,"=1",SmtRes!AC35:'SmtRes'!AC41)*Source!I42, 2))), 2) -> 1975.57 | AN120: =L104+L106+L111+L118+L119+L107 -> 303495.52 | AO120: =L106 -> 1128.91 | AQ120: = | AR120: =L104 -> 126709.45 | AT120: =L107 -> 657.7 | AV120: = | AW120: =L111 -> 1780.13 | AZ120: =Source!X42 -> 114630.44 | BA120: =Source!Y42 -> 58588.89 | CD120: 1
A121: 4 | B121: ГЭСН 10-01-010-01 | C121: =Source!G48 -> Смена элементов каркаса: из брусьев | D121: =Source!H48 -> м3 | E121: =Source!K48 -> 2 | G121: =Source!I48 -> 2
B122: 1 | C122: ОТ (ЗТ) | D122: чел.-ч. | G122: =Source!U48 -> 45 | L122: =SUM(L123:L123)-SUMIF(CE123:CE123, 1, L123:L123) -> 15912.45
B123: 1-100-28 | C123: Средний разряд работы 2,8 | D123: чел.-ч. | E123: 22.5 | G123: =SmtRes!CX49 -> 45 | J123: =SmtRes!CZ49 -> 353.61 | L123: =SmtRes!DI49 -> 15912.45
B124: 2 | C124: ЭМ | L124: =SUM(L125:L127)-SUMIF(CE125:CE127, 1, L125:L127) -> 490.14
C125: ОТм(ЗТм) | D125: чел.-ч. | G125: =Source!V48 -> 0.72 | L125: =SUMIF(CE126:CE127, 1, L126:L127) -> 291.59 | CE125: 1
B126: 91.14.02-001 | C126: Автомобили бортовые, грузоподъемность до 5 т | D126: маш.-ч | E126: 0.36 | G126: =SmtRes!CX51 -> 0.72 | J126: =SmtRes!CZ51 -> 680.75 | L126: =SmtRes!DG51 -> 490.14
B127: 4-100-040 | C127: ОТм(ЗТм) Средний разряд машинистов 4 | D127: чел.-ч. | E127: =SmtRes!DO51*SmtRes!AT51 -> 0.36 | G127: =ROUND(E127*G121, 7) -> 0.72 | J127: =ROUND(SmtRes!AG51/SmtRes!DO51, 2) -> 404.99 | L127: =SmtRes!DH51 -> 291.59 | CE127: 1
B128: 4 | C128: М | L128: =SUM(L129:L138)-SUMIF(CE129:CE138, 1, L129:L138) -> 8817.76
...

Sheet Source
A1: 0 | B1: Smeta.RU (495) 974-1589 | D1: _PS_ | F1: 0 | G1: 0 | H1: 0 | I1: Smeta.RU | K1: 1 | L1: 26294 | M1: 10 | N1: 12 | O1: 1 | P1: 0 | Q1: 2
A12: 1 | B12: 206 | C12: 0 | D12: =ROW(A146) -> 146 | E12: 0 | F12: Новый объект_(Копия)_(Копия) | G12: Ремонт кровли ОПС Порецкое вариант со скатной кровлей | I12: 0 | K12: 0 | L12: 0 | M12: 523 | O12: 0 | P12: 0 | Q12: 7 | R12: 0 | S12: 0 | T12: 4 | V12: 0 | BB12: 0 | BH12: Сметные нормы списания | BI12: Коды ценников | BJ12: 1 | BK12: 1 | BL12: 0 | BM12: 0 | BN12: 1 | BO12: 0 | BP12: 6 | BQ12: 2 | BR12: 1 | BS12: 1 | BT12: 0 | BU12: 0 | BV12: 0 | BW12: 0 | BX12: 0 | BY12: ФСНБ-2022_И19 | BZ12: Версия 1.19.0 для ФСНБ-2022 И19 | CA12: ФСНБ-2022 - Изменения И19 | CB12: ФСНБ-2022 - Изменения И19 | CC12: ФСНБ-2022 - Изменения И19 | CD12: ФСНБ-2022 - Изменения И19 | CE12: Поправки для ФСНБ-2022 от 21.08.2026 г И19 (55/пр) Капитальный ремонт жилых и общественных зданий | CF12: 0 | CG12: 0 | CH12: 487096328 | CK12: 19 | CQ12: Приказ Минстроя России от 30.12.2021 г. № 1046/пр; Приказ Минстроя России от 04.08.2020 г. № 421/пр; Приказ Минстроя России от 21.12.2020 г. № 812/пр; Приказ Минстроя России от 11.12.2020 г. № 774/пр | CR12: ГСН | CS12: 46248 | CT12: 570 | CU12: 19 | CV12: Приказ Минстроя России от 18.05.2022 г. № 378/пр; Приказ Минстроя России от 26.08.2022 г. № 703/пр; Приказ Минстроя России от 26.10.2022 г. № 905/пр; Приказ Минстроя России от 27.12.2022 г. № 1133/пр; Приказ Минстроя России от 10.02.2023 г. № 84/пр; Приказ Минстроя России от 11.05.2023 г. № 335/пр; Приказ Минстроя России от 02.08.2023 г. № 551/пр; Приказ Минстроя России от 14.11.2023 г. № 817/пр; Приказ Минстроя России от 16.02.2024 г. № 102/пр; Приказ Минстроя России от 13.05.2024 г. № 323/пр; Приказ Минстроя России от 09.08.2024 г. № 524/пр; Приказ Минстроя России от 07.11.2024 г. № 747/пр; Приказ Минстроя России от 07.02.2025 г. № 69/пр; Приказ Минстроя России от 19.05.2025 г. № 299/пр; Приказ Минстроя России от 14.08.2025 г. № 490/пр; Приказ Минстроя России от 12.11.2025 г. № 696/пр; Приказ Минстроя России от 17.02.2026 г. № 91/пр; Приказ Минстроя России от 15.05.2026 г. № 301/пр; Приказ Минстроя России от 12.08.2026 г. № 527/пр; Приказ Минстроя России от 07.07.2022 г. № 557/пр; Приказ Минстроя России от 30.01.2024 г. № 55/пр; Приказ Минстроя России от 23.01.2025 г. № 30/пр; Приказ Минстроя России от 02.09.2021 г. № 636/пр; Приказ Минстроя России от 26.07.2022 г. № 611/пр; Приказ Минстроя России от 22.04.2022 г. № 317/пр | CY12: 0 | CZ12: Чувашская Республика - Чувашия | DA12: Чувашская Республика - Чувашия | EC12: 0
A15: 15 | B15: 1
A18: 52 | B18: =B146 -> 206 | C18: =C146 -> 1 | D18: =D146 -> 12 | E18: =E146 -> 0 | F18: =F146 -> Новый объект_(Копия)_(Копия) | G18: =G146 -> Ремонт кровли ОПС Порецкое вариант со скатной кровлей | O18: =O146 -> 2715710.5 | P18: =P146 -> 2221402.6 | Q18: =Q146 -> 6310.58 | R18: =R146 -> 3080.55 | S18: =S146 -> 484916.69 | T18: =T146 -> 0 | U18: =U146 -> 1348.9778 | V18: =V146 -> 6.995 | ... GX18: =GX146 -> 0
A20: 3 | B20: 1 | D20: =ROW(A109) -> 109 | F20: 02-01-01 | G20: Новая локальная смета | I20: 0 | K20: -1 | L20: 02-01-01 | S20: 0 | T20: 0 | V20: 0 | BX20: 0 | CF20: 0 | CG20: 0
A22: 52 | B22: =B109 -> 1 | C22: =C109 -> 3 | D22: =D109 -> 20 | E22: =E109 -> 0 | F22: =F109 -> 02-01-01 | G22: =G109 -> Новая локальная смета | O22: =O109 -> 2715710.5 | P22: =P109 -> 2221402.6 | Q22: =Q109 -> 6310.58 | R22: =R109 -> 3080.55 | S22: =S109 -> 484916.69 | T22: =T109 -> 0 | U22: =U109 -> 1348.9778 | V22: =V109 -> 6.995 | ... GX22: =GX109 -> 0
A24: 17 | B24: 1 | C24: =ROW(SmtRes!A2) -> 2 | D24: =ROW(EtalonRes!A2) -> 2 | E24: 1 | F24: 46-04-008-02 | G24: Разборка покрытий кровель: из профнастила | H24: 100 м2 | I24: =ROUND(580/100,7) -> 5.8 | J24: 0 | K24: =ROUND(580/100,7) -> 5.8 | O24: =ROUND(CP24,2) -> 16588.5 | P24: =SUMIF(SmtRes!AQ1:'SmtRes'!AQ2,"=1",SmtRes!DF1:'SmtRes'!DF2) -> 0 | Q24: =SUMIF(SmtRes!AQ1:'SmtRes'!AQ2,"=1",SmtRes!DG1:'SmtRes'!DG2) -> 194.75 | R24: =SUMIF(SmtRes!AQ1:'SmtRes'!AQ2,"=1",SmtRes!DH1:'SmtRes'!DH2) -> 0 | S24: =SUMIF(SmtRes!AQ1:'SmtRes'!AQ2,"=1",SmtRes!DI1:'SmtRes'!DI2) -> 16393.75 | T24: =ROUND(CU24*I24,2) -> 0 | U24: =SUMIF(SmtRes!AQ1:'SmtRes'!AQ2,"=1",SmtRes!CV1:'SmtRes'!CV2) -> 49.764 | V24: =SUMIF(SmtRes!AQ1:'SmtRes'!AQ2,"=1",SmtRes!CW1:'SmtRes'!CW2) -> 0 | W24: =ROUND(CX24*I24,2) -> 0 | X24: =ROUND(CY24,2) -> 14918.31 | Y24: =ROUND(CZ24,2) -> 8524.75 | AA24: 60841590 | AB24: =ROUND((AC24+AD24+AF24),6) -> 2848.0354 | AC24: =ROUND((0),6) -> 0 | AD24: =ROUND((((SUM(SmtRes!BR1:'SmtRes'!BR2))-(0))+AE24),6) -> 21.526 | AE24: =ROUND((0),6) -> 0 | AF24: =ROUND((SUM(SmtRes!BT1:'SmtRes'!BT2)),6) -> 2826.5094 | AG24: =ROUND((AP24),6) -> 0 | AH24: =(SUM(SmtRes!BU1:'SmtRes'!BU2)) -> 8.58 | AI24: =(0) -> 0 | AJ24: =(AS24) -> 0 | AK24: 2848.0354 | AL24: 0 | AM24: 21.526 | AN24: 0 | AO24: 2826.5094 | AP24: 0 | AQ24: 8.58 | AR24: 0 | AS24: 0 | AT24: 91 | AU24: 52 | AV24: 1 | AW24: 1 | AZ24: 1 | BA24: 1 | BB24: 1 | BC24: 1 | BH24: 0 | BI24: 1 | BJ24: ГЭСН-2022, 46-04-008-02, приказ Минстроя России от 18.05.2022 г. № 378/пр | BM24: 46003 | BN24: 0 | BP24: 0 | BQ24: 2 | BR24: 0 | BS24: 1 | BT24: 1 | BU24: 1 | BV24: 1 | BW24: 1 | BX24: 1 | BZ24: 91 | CA24: 52 | CE24: 0 | CF24: 0 | CG24: 0 | CM24: 0 | CO24: 0 | CP24: =(P24+Q24+S24+R24) -> 16588.5 | CQ24: =SUMIF(SmtRes!AQ1:'SmtRes'!AQ2,"=1",SmtRes!AA1:'SmtRes'!AA2) -> 0 | CR24: =SUMIF(SmtRes!AQ1:'SmtRes'!AQ2,"=1",SmtRes!AB1:'SmtRes'!AB2) -> 17.86 | CS24: =SUMIF(SmtRes!AQ1:'SmtRes'!AQ2,"=1",SmtRes!AC1:'SmtRes'!AC2) -> 0 | CT24: =SUMIF(SmtRes!AQ1:'SmtRes'!AQ2,"=1",SmtRes!AD1:'SmtRes'!AD2) -> 329.43 | CU24: =AG24 -> 0 | CV24: =SUMIF(SmtRes!AQ1:'SmtRes'!AQ2,"=1",SmtRes!BU1:'SmtRes'!BU2) -> 8.58 | CW24: =SUMIF(SmtRes!AQ1:'SmtRes'!AQ2,"=1",SmtRes!BV1:'SmtRes'!BV2) -> 0 | CX24: =AJ24 -> 0 | CY24: =(((S24+R24)*AT24)/100) -> 14918.312 | CZ24: =(((S24+R24)*AU24)/100) -> 8524.75 | DN24: 0 | DO24: 0 | DP24: 1 | DQ24: 1 | DU24: 1005 | DV24: 100 м2 | DW24: 100 м2 | DX24: 100 | EE24: 58906095 | EF24: 2 | EG24: Общестроительные работы | EH24: 40 | EI24: Работы по реконструкции зданий и сооружений | EJ24: 1 | EK24: 46003 | EL24: Работы по реконструкции зданий и сооружений: разборка отдельных конструктивных элементов здания (сооружения), а также зданий (сооружений) в целом | EM24: ФЕР-46 | EQ24: 0 | ER24: 0 | ES24: 0 | ET24: 0 | EU24: 0 | EV24: 0 | EW24: 8.58 | EX24: 0 | EY24: 0 | FQ24: 0 | FR24: 0 | FS24: 0 | FX24: 91 | FY24: 52 | GD24: 1 | GF24: 1256715198 | GG24: 2 | GH24: 1 | GI24: -2 | GJ24: 0 | GK24: 0 | GL24: =ROUND(IF(AND(BH24=3,BI24=3,FS24<>0),P24,0),2) -> 0 | GM24: =ROUND(O24+X24+Y24,2)+GX24 -> 40031.56 | GN24: =IF(OR(BI24=0,BI24=1),GM24-GX24,0) -> 40031.56 | GO24: =IF(BI24=2,GM24-GX24,0) -> 0 | GP24: =IF(BI24=4,GM24-GX24,0) -> 0 | GR24: 0 | GS24: 3 | GT24: 0 | GV24: =ROUND((GT24),6) -> 0 | GW24: 1 | GX24: =ROUND(HC24*I24,2) -> 0 | HA24: 0 | HB24: 0 | HC24: =GV24*GW24 -> 0 | HN24: Пр/812-040.2-1 | HO24: Пр/774-040.2 | HP24: Работы по реконструкции зданий и сооружений: разборка отдельных конструктивных элементов здания (сооружения), а также зданий (сооружений) в целом | HQ24: Работы по реконструкции зданий и сооружений: разборка отдельных конструктивных элементов здания (сооружения), а также зданий (сооружений) в целом | HS24: 0 | IK24: 0
A25: 17 | B25: 1 | C25: =ROW(SmtRes!A4) -> 4 | D25: =ROW(EtalonRes!A4) -> 4 | E25: 1 | F25: 46-04-008-02 | G25: Разборка покрытий кровель: из профнастила | H25: 100 м2 | I25: =ROUND(580/100,7) -> 5.8 | J25: 0 | K25: =ROUND(580/100,7) -> 5.8 | O25: =ROUND(CP25,2) -> 17667.13 | P25: =SUMIF(SmtRes!AQ3:'SmtRes'!AQ4,"=1",SmtRes!DF3:'SmtRes'!DF4) -> 0 | Q25: =SUMIF(SmtRes!AQ3:'SmtRes'!AQ4,"=1",SmtRes!DG3:'SmtRes'!DG4) -> 200.96 | R25: =SUMIF(SmtRes!AQ3:'SmtRes'!AQ4,"=1",SmtRes!DH3:'SmtRes'!DH4) -> 0 | S25: =SUMIF(SmtRes!AQ3:'SmtRes'!AQ4,"=1",SmtRes!DI3:'SmtRes'!DI4) -> 17466.17 | T25: =ROUND(CU25*I25,2) -> 0 | U25: =SUMIF(SmtRes!AQ3:'SmtRes'!AQ4,"=1",SmtRes!CV3:'SmtRes'!CV4) -> 49.764 | V25: =SUMIF(SmtRes!AQ3:'SmtRes'!AQ4,"=1",SmtRes!CW3:'SmtRes'!CW4) -> 0 | W25: =ROUND(CX25*I25,2) -> 0 | X25: =ROUND(CY25,2) -> 15894.21 | Y25: =ROUND(CZ25,2) -> 9082.41 | AA25: 60854600 | AB25: =ROUND((AC25+AD25+AF25),6) -> 3032.9344 | AC25: =ROUND((0),6) -> 0 | AD25: =ROUND((((SUM(SmtRes!BR3:'SmtRes'!BR4))-(0))+AE25),6) -> 21.526 | AE25: =ROUND((0),6) -> 0 | AF25: =ROUND((SUM(SmtRes!BT3:'SmtRes'!BT4)),6) -> 3011.4084 | AG25: =ROUND((AP25),6) -> 0 | AH25: =(SUM(SmtRes!BU3:'SmtRes'!BU4)) -> 8.58 | AI25: =(0) -> 0 | AJ25: =(AS25) -> 0 | AK25: 3032.9344 | AL25: 0 | AM25: 21.526 | AN25: 0 | AO25: 3011.4084 | AP25: 0 | AQ25: 8.58 | AR25: 0 | AS25: 0 | AT25: 91 | AU25: 52 | AV25: 1 | AW25: 1 | AZ25: 1 | BA25: 1 | BB25: 1 | BC25: 1 | BH25: 0 | BI25: 1 | BJ25: ГЭСН-2022, 46-04-008-02, приказ Минстроя России от 18.05.2022 г. № 378/пр | BM25: 46003 | BN25: 0 | BP25: 0 | BQ25: 2 | BR25: 0 | BS25: 1 | BT25: 1 | BU25: 1 | BV25: 1 | BW25: 1 | BX25: 1 | BZ25: 91 | CA25: 52 | CE25: 0 | CF25: 0 | CG25: 0 | CM25: 0 | CO25: 0 | CP25: =(P25+Q25+S25+R25) -> 17667.13 | CQ25: =SUMIF(SmtRes!AQ3:'SmtRes'!AQ4,"=1",SmtRes!AA3:'SmtRes'!AA4) -> 0 | CR25: =SUMIF(SmtRes!AQ3:'SmtRes'!AQ4,"=1",SmtRes!AB3:'SmtRes'!AB4) -> 18.43 | CS25: =SUMIF(SmtRes!AQ3:'SmtRes'!AQ4,"=1",SmtRes!AC3:'SmtRes'!AC4) -> 0 | CT25: =SUMIF(SmtRes!AQ3:'SmtRes'!AQ4,"=1",SmtRes!AD3:'SmtRes'!AD4) -> 350.98 | CU25: =AG25 -> 0 | CV25: =SUMIF(SmtRes!AQ3:'SmtRes'!AQ4,"=1",SmtRes!BU3:'SmtRes'!BU4) -> 8.58 | CW25: =SUMIF(SmtRes!AQ3:'SmtRes'!AQ4,"=1",SmtRes!BV3:'SmtRes'!BV4) -> 0 | CX25: =AJ25 -> 0 | CY25: =(((S25+R25)*AT25)/100) -> 15894.215 | CZ25: =(((S25+R25)*AU25)/100) -> 9082.4084 | DN25: 0 | DO25: 0 | DP25: 1 | DQ25: 1 | DU25: 1005 | DV25: 100 м2 | DW25: 100 м2 | DX25: 100 | EE25: 58906095 | EF25: 2 | EG25: Общестроительные работы | EH25: 40 | EI25: Работы по реконструкции зданий и сооружений | EJ25: 1 | EK25: 46003 | EL25: Работы по реконструкции зданий и сооружений: разборка отдельных конструктивных элементов здания (сооружения), а также зданий (сооружений) в целом | EM25: ФЕР-46 | EQ25: 0 | ER25: 0 | ES25: 0 | ET25: 0 | EU25: 0 | EV25: 0 | EW25: 8.58 | EX25: 0 | EY25: 0 | FQ25: 0 | FR25: 0 | FS25: 0 | FX25: 91 | FY25: 52 | GD25: 1 | GF25: 1256715198 | GG25: 2 | GH25: 1 | GI25: -2 | GJ25: 0 | GK25: 0 | GL25: =ROUND(IF(AND(BH25=3,BI25=3,FS25<>0),P25,0),2) -> 0 | GM25: =ROUND(O25+X25+Y25,2)+GX25 -> 42643.75 | GN25: =IF(OR(BI25=0,BI25=1),GM25-GX25,0) -> 42643.75 | GO25: =IF(BI25=2,GM25-GX25,0) -> 0 | GP25: =IF(BI25=4,GM25-GX25,0) -> 0 | GR25: 0 | GS25: 3 | GT25: 0 | GV25: =ROUND((GT25),6) -> 0 | GW25: 1 | GX25: =ROUND(HC25*I25,2) -> 0 | HA25: 0 | HB25: 0 | HC25: =GV25*GW25 -> 0 | HN25: Пр/812-040.2-1 | HO25: Пр/774-040.2 | HP25: Работы по реконструкции зданий и сооружений: разборка отдельных конструктивных элементов здания (сооружения), а также зданий (сооружений) в целом | HQ25: Работы по реконструкции зданий и сооружений: разборка отдельных конструктивных элементов здания (сооружения), а также зданий (сооружений) в целом | HS25: 0 | IK25: 0
A26: 17 | B26: 1 | C26: =ROW(SmtRes!A19) -> 19 | D26: =ROW(EtalonRes!A14) -> 14 | E26: 2 | F26: 12-01-033-01 | G26: Монтаж кровли из профилированного листа для объектов непроизводственного назначения: простой | H26: 100 м2 | I26: =ROUND(580/100,7) -> 5.8 | J26: 0 | K26: =ROUND(580/100,7) -> 5.8 | O26: =ROUND(CP26,2) -> 86516.95 | P26: =SUMIF(SmtRes!AQ5:'SmtRes'!AQ19,"=1",SmtRes!DF5:'SmtRes'!DF19) -> 3088 | Q26: =SUMIF(SmtRes!AQ5:'SmtRes'!AQ19,"=1",SmtRes!DG5:'SmtRes'!DG19) -> 2634.69 | R26: =SUMIF(SmtRes!AQ5:'SmtRes'!AQ19,"=1",SmtRes!DH5:'SmtRes'!DH19) -> 1110.92 | S26: =SUMIF(SmtRes!AQ5:'SmtRes'!AQ19,"=1",SmtRes!DI5:'SmtRes'!DI19) -> 79683.34 | T26: =ROUND(CU26*I26,2) -> 0 | U26: =SUMIF(SmtRes!AQ5:'SmtRes'!AQ19,"=1",SmtRes!CV5:'SmtRes'!CV19) -> 216.108 | V26: =SUMIF(SmtRes!AQ5:'SmtRes'!AQ19,"=1",SmtRes!CW5:'SmtRes'!CW19) -> 2.32 | W26: =ROUND(CX26*I26,2) -> 0 | X26: =ROUND(CY26,2) -> 79259.17 | Y26: =ROUND(CZ26,2) -> 39144.82 | AA26: 60841590 | AB26: =ROUND((AC26+AD26+AF26),6) -> 14644.831 | AC26: =ROUND((SUM(SmtRes!BQ5:'SmtRes'!BQ19)),6) -> 452.06851 | AD26: =ROUND((((SUM(SmtRes!BR5:'SmtRes'!BR19))-(SUM(SmtRes!BS5:'SmtRes'!BS19)))+AE26),6) -> 454.25513 | AE26: =ROUND((SUM(SmtRes!BS5:'SmtRes'!BS19)),6) -> 191.53775 | AF26: =ROUND((SUM(SmtRes!BT5:'SmtRes'!BT19)),6) -> 13738.507 | AG26: =ROUND((AP26),6) -> 0 | AH26: =(SUM(SmtRes!BU5:'SmtRes'!BU19)) -> 37.26 | AI26: =(SUM(SmtRes!BV5:'SmtRes'!BV19)) -> 0.4 | AJ26: =(AS26) -> 0 | AK26: 12915.231 | AL26: 452.06851 | AM26: 363.4041 | AN26: 153.2302 | AO26: 11946.528 | AP26: 0 | AQ26: 32.4 | AR26: 0.32 | AS26: 0 | AT26: 98.1 | AU26: 48.45 | AV26: 1 | AW26: 1 | AZ26: 1 | BA26: 1 | BB26: 1 | BC26: 1 | BH26: 0 | BI26: 1 | BJ26: ГЭСН-2022, 12-01-033-01, приказ Минстроя России от 18.05.2022 г. № 378/пр | BM26: 12001 | BN26: 0 | BP26: 0 | BQ26: 2 | BR26: 0 | BS26: 1 | BT26: 1 | BU26: 1 | BV26: 1 | BW26: 1 | BX26: 1 | BZ26: 109 | CA26: 57 | CE26: 0 | CF26: 0 | CG26: 0 | CM26: 0 | CN26: Поправка: 421/пр_2020_п.58_пп.б Наименование: При отсутствии необходимых норм (единичных расценок), включенных в сборники ГЭСНр (ФЕРр, ТЕРр), сметные затраты на работы по капитальному ремонту и реконструкции объектов капитального строительства могут быть определены по сметным нормам, включенным в ГЭСН (ФЕР, ТЕР), аналогичным технологическим процессам в новом строительстве, в том числе по возведению новых конструктивных элементов | CO26: 0 | CP26: =(P26+Q26+S26+R26) -> 86516.95 | CQ26: =SUMIF(SmtRes!AQ5:'SmtRes'!AQ19,"=1",SmtRes!AA5:'SmtRes'!AA19) -> 494023.27 | CR26: =SUMIF(SmtRes!AQ5:'SmtRes'!AQ19,"=1",SmtRes!AB5:'SmtRes'!AB19) -> 3498.68 | CS26: =SUMIF(SmtRes!AQ5:'SmtRes'!AQ19,"=1",SmtRes!AC5:'SmtRes'!AC19) -> 1493.01 | CT26: =SUMIF(SmtRes!AQ5:'SmtRes'!AQ19,"=1",SmtRes!AD5:'SmtRes'!AD19) -> 368.72 | CU26: =AG26 -> 0 | CV26: =SUMIF(SmtRes!AQ5:'SmtRes'!AQ19,"=1",SmtRes!BU5:'SmtRes'!BU19) -> 37.26 | CW26: =SUMIF(SmtRes!AQ5:'SmtRes'!AQ19,"=1",SmtRes!BV5:'SmtRes'!BV19) -> 0.4 | CX26: =AJ26 -> 0 | CY26: =(((S26+R26)*AT26)/100) -> 79259.169 | CZ26: =(((S26+R26)*AU26)/100) -> 39144.819 | DB26: 1 | DE26: *1,25 | DF26: *1,25 | DG26: *1,15 | DI26: *1,15 | DJ26: *1,25 | DL26: *0,9 | DM26: *0,85 | DN26: 0 | DO26: 0 | DP26: 1 | DQ26: 1 | DU26: 1005 | DV26: 100 м2 | DW26: 100 м2 | DX26: 100 | EE26: 58905856 | EF26: 2 | EG26: Общестроительные работы | EH26: 12 | EI26: Кровли | EJ26: 1 | EK26: 12001 | EL26: Кровли | EM26: ФЕР-12 | EO26: Поправка: 421/пр_2020_п.58_пп.б | EQ26: 0 | ER26: 0 | ES26: 0 | ET26: 0 | EU26: 0 | EV26: 0 | EW26: 32.4 | EX26: 0.32 | EY26: 0 | FQ26: 0 | FR26: 0 | FS26: 0 | FX26: 98.1 | FY26: 48.45 | GD26: 1 | GF26: 107424221 | GG26: 2 | GH26: 1 | GI26: -2 | GJ26: 0 | GK26: 0 | GL26: =ROUND(IF(AND(BH26=3,BI26=3,FS26<>0),P26,0),2) -> 0 | GM26: =ROUND(O26+X26+Y26,2)+GX26 -> 204920.94 | GN26: =IF(OR(BI26=0,BI26=1),GM26-GX26,0) -> 204920.94 | GO26: =IF(BI26=2,GM26-GX26,0) -> 0 | GP26: =IF(BI26=4,GM26-GX26,0) -> 0 | GR26: 0 | GS26: 3 | GT26: 0 | GV26: =ROUND((GT26),6) -> 0 | GW26: 1 | GX26: =ROUND(HC26*I26,2) -> 0 | HA26: 0 | HB26: 0 | HC26: =GV26*GW26 -> 0 | HN26: Пр/812-012.0-1 | HO26: Пр/774-012.0 | HP26: Кровли | HQ26: Кровли | HS26: 0 | IK26: 0
A27: 17 | B27: 1 | C27: =ROW(SmtRes!A34) -> 34 | D27: =ROW(EtalonRes!A24) -> 24 | E27: 2 | F27: 12-01-033-01 | G27: Монтаж кровли из профилированного листа для объектов непроизводственного назначения: простой | H27: 100 м2 | I27: =ROUND(580/100,7) -> 5.8 | J27: 0 | K27: =ROUND(580/100,7) -> 5.8 | O27: =ROUND(CP27,2) -> 91694.24 | P27: =SUMIF(SmtRes!AQ20:'SmtRes'!AQ34,"=1",SmtRes!DF20:'SmtRes'!DF34) -> 2943.92 | Q27: =SUMIF(SmtRes!AQ20:'SmtRes'!AQ34,"=1",SmtRes!DG20:'SmtRes'!DG34) -> 2670.86 | R27: =SUMIF(SmtRes!AQ20:'SmtRes'!AQ34,"=1",SmtRes!DH20:'SmtRes'!DH34) -> 1183.59 | S27: =SUMIF(SmtRes!AQ20:'SmtRes'!AQ34,"=1",SmtRes!DI20:'SmtRes'!DI34) -> 84895.87 | T27: =ROUND(CU27*I27,2) -> 0 | U27: =SUMIF(SmtRes!AQ20:'SmtRes'!AQ34,"=1",SmtRes!CV20:'SmtRes'!CV34) -> 216.108 | V27: =SUMIF(SmtRes!AQ20:'SmtRes'!AQ34,"=1",SmtRes!CW20:'SmtRes'!CW34) -> 2.32 | W27: =ROUND(CX27*I27,2) -> 0 | X27: =ROUND(CY27,2) -> 84443.95 | Y27: =ROUND(CZ27,2) -> 41705.5 | AA27: 60854600 | AB27: =ROUND((AC27+AD27+AF27),6) -> 15527.352 | AC27: =ROUND((SUM(SmtRes!BQ20:'SmtRes'!BQ34)),6) -> 452.5985 | AD27: =ROUND((((SUM(SmtRes!BR20:'SmtRes'!BR34))-(SUM(SmtRes!BS20:'SmtRes'!BS34)))+AE27),6) -> 437.535 | AE27: =ROUND((SUM(SmtRes!BS20:'SmtRes'!BS34)),6) -> 204.0675 | AF27: =ROUND((SUM(SmtRes!BT20:'SmtRes'!BT34)),6) -> 14637.218 | AG27: =ROUND((AP27),6) -> 0 | AH27: =(SUM(SmtRes!BU20:'SmtRes'!BU34)) -> 37.26 | AI27: =(SUM(SmtRes!BV20:'SmtRes'!BV34)) -> 0.4 | AJ27: =(AS27) -> 0 | AK27: 13693.896 | AL27: 452.5985 | AM27: 350.028 | AN27: 163.254 | AO27: 12728.016 | AP27: 0 | AQ27: 32.4 | AR27: 0.32 | AS27: 0 | AT27: 98.1 | AU27: 48.45 | AV27: 1 | AW27: 1 | AZ27: 1 | BA27: 1 | BB27: 1 | BC27: 1 | BH27: 0 | BI27: 1 | BJ27: ГЭСН-2022, 12-01-033-01, приказ Минстроя России от 18.05.2022 г. № 378/пр | BM27: 12001 | BN27: 0 | BP27: 0 | BQ27: 2 | BR27: 0 | BS27: 1 | BT27: 1 | BU27: 1 | BV27: 1 | BW27: 1 | BX27: 1 | BZ27: 109 | CA27: 57 | CE27: 0 | CF27: 0 | CG27: 0 | CM27: 0 | CN27: Поправка: 421/пр_2020_п.58_пп.б Наименование: При отсутствии необходимых норм (единичных расценок), включенных в сборники ГЭСНр (ФЕРр, ТЕРр), сметные затраты на работы по капитальному ремонту и реконструкции объектов капитального строительства могут быть определены по сметным нормам, включенным в ГЭСН (ФЕР, ТЕР), аналогичным технологическим процессам в новом строительстве, в том числе по возведению новых конструктивных элементов | CO27: 0 | CP27: =(P27+Q27+S27+R27) -> 91694.24 | CQ27: =SUMIF(SmtRes!AQ20:'SmtRes'!AQ34,"=1",SmtRes!AA20:'SmtRes'!AA34) -> 469115.07 | CR27: =SUMIF(SmtRes!AQ20:'SmtRes'!AQ34,"=1",SmtRes!AB20:'SmtRes'!AB34) -> 3483.22 | CS27: =SUMIF(SmtRes!AQ20:'SmtRes'!AQ34,"=1",SmtRes!AC20:'SmtRes'!AC34) -> 1590.68 | CT27: =SUMIF(SmtRes!AQ20:'SmtRes'!AQ34,"=1",SmtRes!AD20:'SmtRes'!AD34) -> 392.84 | CU27: =AG27 -> 0 | CV27: =SUMIF(SmtRes!AQ20:'SmtRes'!AQ34,"=1",SmtRes!BU20:'SmtRes'!BU34) -> 37.26 | CW27: =SUMIF(SmtRes!AQ20:'SmtRes'!AQ34,"=1",SmtRes!BV20:'SmtRes'!BV34) -> 0.4 | CX27: =AJ27 -> 0 | CY27: =(((S27+R27)*AT27)/100) -> 84443.95 | CZ27: =(((S27+R27)*AU27)/100) -> 41705.498 | DB27: 2 | DE27: *1,25 | DF27: *1,25 | DG27: *1,15 | DI27: *1,15 | DJ27: *1,25 | DL27: *0,9 | DM27: *0,85 | DN27: 0 | DO27: 0 | DP27: 1 | DQ27: 1 | DU27: 1005 | DV27: 100 м2 | DW27: 100 м2 | DX27: 100 | EE27: 58905856 | EF27: 2 | EG27: Общестроительные работы | EH27: 12 | EI27: Кровли | EJ27: 1 | EK27: 12001 | EL27: Кровли | EM27: ФЕР-12 | EO27: Поправка: 421/пр_2020_п.58_пп.б | EQ27: 0 | ER27: 0 | ES27: 0 | ET27: 0 | EU27: 0 | EV27: 0 | EW27: 32.4 | EX27: 0.32 | EY27: 0 | FQ27: 0 | FR27: 0 | FS27: 0 | FX27: 98.1 | FY27: 48.45 | GD27: 1 | GF27: 107424221 | GG27: 2 | GH27: 1 | GI27: -2 | GJ27: 0 | GK27: 0 | GL27: =ROUND(IF(AND(BH27=3,BI27=3,FS27<>0),P27,0),2) -> 0 | GM27: =ROUND(O27+X27+Y27,2)+GX27 -> 217843.69 | GN27: =IF(OR(BI27=0,BI27=1),GM27-GX27,0) -> 217843.69 | GO27: =IF(BI27=2,GM27-GX27,0) -> 0 | GP27: =IF(BI27=4,GM27-GX27,0) -> 0 | GR27: 0 | GS27: 3 | GT27: 0 | GV27: =ROUND((GT27),6) -> 0 | GW27: 1 | GX27: =ROUND(HC27*I27,2) -> 0 | HA27: 0 | HB27: 0 | HC27: =GV27*GW27 -> 0 | HN27: Пр/812-012.0-1 | HO27: Пр/774-012.0 | HP27: Кровли | HQ27: Кровли | HS27: 0 | IK27: 0
A28: 18 | B28: 1 | C28: 14 | E28: 2,1 | F28: 08.3.09.02-0003 | G28: Профнастил оцинкованный с лакокрасочным или полимерным покрытием НС35-1000-0,7 | H28: м2 | I28: =I26*J28 -> 707.6 | J28: 122 | K28: 122 | O28: =ROUND(CP28,2) -> 608649.22 | P28: =ROUND(CQ28*I28,2) -> 608649.22 | Q28: =ROUND(CR28*I28,2) -> 0 | R28: =ROUND(CS28*I28,2) -> 0 | S28: =ROUND(CT28*I28,2) -> 0 | T28: =ROUND(CU28*I28,2) -> 0 | U28: =ROUND(CV28*I28,7) -> 0 | V28: =ROUND(CW28*I28,7) -> 0 | W28: =ROUND(CX28*I28,2) -> 0 | X28: =ROUND(CY28,2) -> 0 | Y28: =ROUND(CZ28,2) -> 0 | AA28: 60841590 | AB28: =ROUND((AC28+AD28+AF28),6) -> 1024 | AC28: =ROUND((ES28),6) -> 1024 | AD28: =ROUND((((ET28)-(EU28))+AE28),6) -> 0 | AE28: =ROUND((EU28),6) -> 0 | AF28: =ROUND((EV28),6) -> 0 | AG28: =ROUND((AP28),6) -> 0 | AH28: =(EW28) -> 0 | AI28: =(EX28) -> 0 | AJ28: =(AS28) -> 0 | AK28: 1024 | AL28: 1024 | AM28: 0 | AN28: 0 | AO28: 0 | AP28: 0 | AQ28: 0 | AR28: 0 | AS28: 0 | AT28: 109 | AU28: 57 | AV28: 1 | AW28: 1 | AZ28: 1 | BA28: 1 | BB28: 1 | BC28: 0.84 | BH28: 3 | BI28: 1 | BJ28: ФСБЦ-2022 доп.8, 08.3.09.02-0003, приказ Минстроя России от 14.11.2023 г. № 817/пр | BM28: 12001 | BN28: 0 | BO28: 08.3.09.02-0003 | BP28: 1 | BQ28: 2 | BR28: 0 | BS28: 1 | BT28: 1 | BU28: 1 | BV28: 1 | BW28: 1 | BX28: 1 | BZ28: 109 | CA28: 57 | CE28: 0 | CF28: 0 | CG28: 0 | CM28: 0 | CO28: 0 | CP28: =(P28+Q28+S28+R28) -> 608649.22 | CQ28: =ROUND(AL28*BC28,2) -> 860.16 | CR28: =ROUND(AM28*BB28,2) -> 0 | CS28: =ROUND(AN28*BS28,2) -> 0 | CT28: =ROUND(AO28*BA28,2) -> 0 | CU28: =AG28 -> 0 | CV28: =AH28 -> 0 | CW28: =AI28 -> 0 | CX28: =AJ28 -> 0 | CY28: =(((S28+R28)*AT28)/100) -> 0 | CZ28: =(((S28+R28)*AU28)/100) -> 0 | DN28: 0 | DO28: 0 | DP28: 1 | DQ28: 1 | DU28: 1005 | DV28: м2 | DW28: м2 | DX28: 1 | EE28: 58905856 | EF28: 2 | EG28: Общестроительные работы | EH28: 12 | EI28: Кровли | EJ28: 1 | EK28: 12001 | EL28: Кровли | EM28: ФЕР-12 | EQ28: 0 | ER28: 1024 | ES28: 1024 | ET28: 0 | EU28: 0 | EV28: 0 | EW28: 0 | EX28: 0 | FQ28: 0 | FR28: 0 | FS28: 0 | FX28: 109 | FY28: 57 | GD28: 1 | GF28: -38320244 | GG28: 2 | GH28: 1 | GI28: 2 | GJ28: 0 | GK28: 0 | GL28: =ROUND(IF(AND(BH28=3,BI28=3,FS28<>0),P28,0),2) -> 0 | GM28: =ROUND(O28+X28+Y28,2)+GX28 -> 608649.22 | GN28: =IF(OR(BI28=0,BI28=1),GM28-GX28,0) -> 608649.22 | GO28: =IF(BI28=2,GM28-GX28,0) -> 0 | GP28: =IF(BI28=4,GM28-GX28,0) -> 0 | GR28: 0 | GS28: 3 | GT28: 0 | GV28: =ROUND((GT28),6) -> 0 | GW28: 1 | GX28: =ROUND(HC28*I28,2) -> 0 | HA28: 0 | HB28: 0 | HC28: =GV28*GW28 -> 0 | HN28: Пр/812-012.0-1 | HO28: Пр/774-012.0 | HP28: Кровли | HQ28: Кровли | HS28: 0 | IK28: 0
A29: 18 | B29: 1 | C29: 29 | E29: 2,1 | F29: 08.3.09.02-0003 | G29: Профнастил оцинкованный с лакокрасочным или полимерным покрытием НС35-1000-0,7 | H29: м2 | I29: =I27*J29 -> 707.6 | J29: 122 | K29: 122 | O29: =ROUND(CP29,2) -> 601403.39 | P29: =ROUND(CQ29*I29,2) -> 601403.39 | Q29: =ROUND(CR29*I29,2) -> 0 | R29: =ROUND(CS29*I29,2) -> 0 | S29: =ROUND(CT29*I29,2) -> 0 | T29: =ROUND(CU29*I29,2) -> 0 | U29: =ROUND(CV29*I29,7) -> 0 | V29: =ROUND(CW29*I29,7) -> 0 | W29: =ROUND(CX29*I29,2) -> 0 | X29: =ROUND(CY29,2) -> 0 | Y29: =ROUND(CZ29,2) -> 0 | AA29: 60854600 | AB29: =ROUND((AC29+AD29+AF29),6) -> 1024 | AC29: =ROUND((ES29),6) -> 1024 | AD29: =ROUND((((ET29)-(EU29))+AE29),6) -> 0 | AE29: =ROUND((EU29),6) -> 0 | AF29: =ROUND((EV29),6) -> 0 | AG29: =ROUND((AP29),6) -> 0 | AH29: =(EW29) -> 0 | AI29: =(EX29) -> 0 | AJ29: =(AS29) -> 0 | AK29: 1024 | AL29: 1024 | AM29: 0 | AN29: 0 | AO29: 0 | AP29: 0 | AQ29: 0 | AR29: 0 | AS29: 0 | AT29: 109 | AU29: 57 | AV29: 1 | AW29: 1 | AZ29: 1 | BA29: 1 | BB29: 1 | BC29: 0.83 | BH29: 3 | BI29: 1 | BJ29: ФСБЦ-2022 доп.8, 08.3.09.02-0003, приказ Минстроя России от 14.11.2023 г. № 817/пр | BM29: 12001 | BN29: 0 | BO29: 08.3.09.02-0003 | BP29: 1 | BQ29: 2 | BR29: 0 | BS29: 1 | BT29: 1 | BU29: 1 | BV29: 1 | BW29: 1 | BX29: 1 | BZ29: 109 | CA29: 57 | CE29: 0 | CF29: 0 | CG29: 0 | CM29: 0 | CO29: 0 | CP29: =(P29+Q29+S29+R29) -> 601403.39 | CQ29: =ROUND(AL29*BC29,2) -> 849.92 | CR29: =ROUND(AM29*BB29,2) -> 0 | CS29: =ROUND(AN29*BS29,2) -> 0 | CT29: =ROUND(AO29*BA29,2) -> 0 | CU29: =AG29 -> 0 | CV29: =AH29 -> 0 | CW29: =AI29 -> 0 | CX29: =AJ29 -> 0 | CY29: =(((S29+R29)*AT29)/100) -> 0 | CZ29: =(((S29+R29)*AU29)/100) -> 0 | DN29: 0 | DO29: 0 | DP29: 1 | DQ29: 1 | DU29: 1005 | DV29: м2 | DW29: м2 | DX29: 1 | EE29: 58905856 | EF29: 2 | EG29: Общестроительные работы | EH29: 12 | EI29: Кровли | EJ29: 1 | EK29: 12001 | EL29: Кровли | EM29: ФЕР-12 | EQ29: 0 | ER29: 1024 | ES29: 1024 | ET29: 0 | EU29: 0 | EV29: 0 | EW29: 0 | EX29: 0 | FQ29: 0 | FR29: 0 | FS29: 0 | FX29: 109 | FY29: 57 | GD29: 1 | GF29: -38320244 | GG29: 2 | GH29: 1 | GI29: 2 | GJ29: 0 | GK29: 0 | GL29: =ROUND(IF(AND(BH29=3,BI29=3,FS29<>0),P29,0),2) -> 0 | GM29: =ROUND(O29+X29+Y29,2)+GX29 -> 601403.39 | GN29: =IF(OR(BI29=0,BI29=1),GM29-GX29,0) -> 601403.39 | GO29: =IF(BI29=2,GM29-GX29,0) -> 0 | GP29: =IF(BI29=4,GM29-GX29,0) -> 0 | GR29: 0 | GS29: 3 | GT29: 0 | GV29: =ROUND((GT29),6) -> 0 | GW29: 1 | GX29: =ROUND(HC29*I29,2) -> 0 | HA29: 0 | HB29: 0 | HC29: =GV29*GW29 -> 0 | HN29: Пр/812-012.0-1 | HO29: Пр/774-012.0 | HP29: Кровли | HQ29: Кровли | HS29: 0 | IK29: 0
A30: 18 | B30: 1 | C30: 13 | E30: 2,2 | F30: 01.7.15.14-1048 | G30: Шурупы самонарезающие стальные оцинкованные кровельные с шестигранной головкой и шайбой, наконечник сверло, диаметр 4,8 мм, длина 80 мм | H30: 100 ШТ | I30: =I26*J30 -> 5.8 | J30: 1 | K30: 1 | O30: =ROUND(CP30,2) -> 1234.3 | P30: =ROUND(CQ30*I30,2) -> 1234.3 | Q30: =ROUND(CR30*I30,2) -> 0 | R30: =ROUND(CS30*I30,2) -> 0 | S30: =ROUND(CT30*I30,2) -> 0 | T30: =ROUND(CU30*I30,2) -> 0 | U30: =ROUND(CV30*I30,7) -> 0 | V30: =ROUND(CW30*I30,7) -> 0 | W30: =ROUND(CX30*I30,2) -> 0 | X30: =ROUND(CY30,2) -> 0 | Y30: =ROUND(CZ30,2) -> 0 | AA30: 60841590 | AB30: =ROUND((AC30+AD30+AF30),6) -> 178.83 | AC30: =ROUND((ES30),6) -> 178.83 | AD30: =ROUND((((ET30)-(EU30))+AE30),6) -> 0 | AE30: =ROUND((EU30),6) -> 0 | AF30: =ROUND((EV30),6) -> 0 | AG30: =ROUND((AP30),6) -> 0 | AH30: =(EW30) -> 0 | AI30: =(EX30) -> 0 | AJ30: =(AS30) -> 0 | AK30: 178.83 | AL30: 178.83 | AM30: 0 | AN30: 0 | AO30: 0 | AP30: 0 | AQ30: 0 | AR30: 0 | AS30: 0 | AT30: 90 | AU30: 46 | AV30: 1 | AW30: 1 | AZ30: 1 | BA30: 1 | BB30: 1 | BC30: 1.19 | BH30: 3 | BI30: 1 | BJ30: ФСБЦ-2022 доп.12, 01.7.15.14-1048, приказ Минстроя России от 07.11.2024 г. № 747/пр | BM30: 58001 | BN30: 0 | BO30: 01.7.15.14-1048 | BP30: 1 | BQ30: 6 | BR30: 0 | BS30: 1 | BT30: 1 | BU30: 1 | BV30: 1 | BW30: 1 | BX30: 1 | BZ30: 90 | CA30: 46 | CE30: 0 | CF30: 0 | CG30: 0 | CM30: 0 | CO30: 0 | CP30: =(P30+Q30+S30+R30) -> 1234.3 | CQ30: =ROUND(AL30*BC30,2) -> 212.81 | CR30: =ROUND(AM30*BB30,2) -> 0 | CS30: =ROUND(AN30*BS30,2) -> 0 | CT30: =ROUND(AO30*BA30,2) -> 0 | CU30: =AG30 -> 0 | CV30: =AH30 -> 0 | CW30: =AI30 -> 0 | CX30: =AJ30 -> 0 | CY30: =(((S30+R30)*AT30)/100) -> 0 | CZ30: =(((S30+R30)*AU30)/100) -> 0 | DN30: 0 | DO30: 0 | DP30: 1 | DQ30: 1 | DU30: 1013 | DV30: 100 ШТ | DW30: 100 ШТ | DX30: 1 | EE30: 58905933 | EF30: 6 | EG30: Ремонтно-строительные работы | EH30: 92 | EI30: Крыши, кровли | EJ30: 1 | EK30: 58001 | EL30: Крыши, кровли | EM30: рФЕР-58 | EQ30: 0 | ER30: 178.83 | ES30: 178.83 | ET30: 0 | EU30: 0 | EV30: 0 | EW30: 0 | EX30: 0 | FQ30: 0 | FR30: 0 | FS30: 0 | FX30: 90 | FY30: 46 | GD30: 1 | GF30: -1342378106 | GG30: 2 | GH30: 1 | GI30: 2 | GJ30: 0 | GK30: 0 | GL30: =ROUND(IF(AND(BH30=3,BI30=3,FS30<>0),P30,0),2) -> 0 | GM30: =ROUND(O30+X30+Y30,2)+GX30 -> 1234.3 | GN30: =IF(OR(BI30=0,BI30=1),GM30-GX30,0) -> 1234.3 | GO30: =IF(BI30=2,GM30-GX30,0) -> 0 | GP30: =IF(BI30=4,GM30-GX30,0) -> 0 | GR30: 0 | GS30: 3 | GT30: 0 | GV30: =ROUND((GT30),6) -> 0 | GW30: 1 | GX30: =ROUND(HC30*I30,2) -> 0 | HA30: 0 | HB30: 0 | HC30: =GV30*GW30 -> 0 | HN30: Пр/812-092.0-1 | HO30: Пр/774-092.0 | HP30: Крыши, кровля | HQ30: Крыши, кровля | HS30: 0 | IK30: 0
A31: 18 | B31: 1 | C31: 28 | E31: 2,2 | F31: 01.7.15.14-1048 | G31: Шурупы самонарезающие стальные оцинкованные кровельные с шестигранной головкой и шайбой, наконечник сверло, диаметр 4,8 мм, длина 80 мм | H31: 100 ШТ | I31: =I27*J31 -> 5.8 | J31: 1 | K31: 1 | O31: =ROUND(CP31,2) -> 1172.06 | P31: =ROUND(CQ31*I31,2) -> 1172.06 | Q31: =ROUND(CR31*I31,2) -> 0 | R31: =ROUND(CS31*I31,2) -> 0 | S31: =ROUND(CT31*I31,2) -> 0 | T31: =ROUND(CU31*I31,2) -> 0 | U31: =ROUND(CV31*I31,7) -> 0 | V31: =ROUND(CW31*I31,7) -> 0 | W31: =ROUND(CX31*I31,2) -> 0 | X31: =ROUND(CY31,2) -> 0 | Y31: =ROUND(CZ31,2) -> 0 | AA31: 60854600 | AB31: =ROUND((AC31+AD31+AF31),6) -> 178.83 | AC31: =ROUND((ES31),6) -> 178.83 | AD31: =ROUND((((ET31)-(EU31))+AE31),6) -> 0 | AE31: =ROUND((EU31),6) -> 0 | AF31: =ROUND((EV31),6) -> 0 | AG31: =ROUND((AP31),6) -> 0 | AH31: =(EW31) -> 0 | AI31: =(EX31) -> 0 | AJ31: =(AS31) -> 0 | AK31: 178.83 | AL31: 178.83 | AM31: 0 | AN31: 0 | AO31: 0 | AP31: 0 | AQ31: 0 | AR31: 0 | AS31: 0 | AT31: 90 | AU31: 46 | AV31: 1 | AW31: 1 | AZ31: 1 | BA31: 1 | BB31: 1 | BC31: 1.13 | BH31: 3 | BI31: 1 | BJ31: ФСБЦ-2022 доп.12, 01.7.15.14-1048, приказ Минстроя России от 07.11.2024 г. № 747/пр | BM31: 58001 | BN31: 0 | BO31: 01.7.15.14-1048 | BP31: 1 | BQ31: 6 | BR31: 0 | BS31: 1 | BT31: 1 | BU31: 1 | BV31: 1 | BW31: 1 | BX31: 1 | BZ31: 90 | CA31: 46 | CE31: 0 | CF31: 0 | CG31: 0 | CM31: 0 | CO31: 0 | CP31: =(P31+Q31+S31+R31) -> 1172.06 | CQ31: =ROUND(AL31*BC31,2) -> 202.08 | CR31: =ROUND(AM31*BB31,2) -> 0 | CS31: =ROUND(AN31*BS31,2) -> 0 | CT31: =ROUND(AO31*BA31,2) -> 0 | CU31: =AG31 -> 0 | CV31: =AH31 -> 0 | CW31: =AI31 -> 0 | CX31: =AJ31 -> 0 | CY31: =(((S31+R31)*AT31)/100) -> 0 | CZ31: =(((S31+R31)*AU31)/100) -> 0 | DN31: 0 | DO31: 0 | DP31: 1 | DQ31: 1 | DU31: 1013 | DV31: 100 ШТ | DW31: 100 ШТ | DX31: 1 | EE31: 58905933 | EF31: 6 | EG31: Ремонтно-строительные работы | EH31: 92 | EI31: Крыши, кровли | EJ31: 1 | EK31: 58001 | EL31: Крыши, кровли | EM31: рФЕР-58 | EQ31: 0 | ER31: 178.83 | ES31: 178.83 | ET31: 0 | EU31: 0 | EV31: 0 | EW31: 0 | EX31: 0 | FQ31: 0 | FR31: 0 | FS31: 0 | FX31: 90 | FY31: 46 | GD31: 1 | GF31: -1342378106 | GG31: 2 | GH31: 1 | GI31: 2 | GJ31: 0 | GK31: 0 | GL31: =ROUND(IF(AND(BH31=3,BI31=3,FS31<>0),P31,0),2) -> 0 | GM31: =ROUND(O31+X31+Y31,2)+GX31 -> 1172.06 | GN31: =IF(OR(BI31=0,BI31=1),GM31-GX31,0) -> 1172.06 | GO31: =IF(BI31=2,GM31-GX31,0) -> 0 | GP31: =IF(BI31=4,GM31-GX31,0) -> 0 | GR31: 0 | GS31: 3 | GT31: 0 | GV31: =ROUND((GT31),6) -> 0 | GW31: 1 | GX31: =ROUND(HC31*I31,2) -> 0 | HA31: 0 | HB31: 0 | HC31: =GV31*GW31 -> 0 | HN31: Пр/812-092.0-1 | HO31: Пр/774-092.0 | HP31: Крыши, кровля | HQ31: Крыши, кровля | HS31: 0 | IK31: 0
A32: 18 | B32: 1 | C32: 17 | E32: 2,3 | F32: 12.1.03.02-1096 | G32: Планка карнизная из оцинкованной стали с полимерным покрытием для устройства кровли, размеры 100х69 мм | H32: м | I32: =I26*J32 -> 104 | J32: 17.931034 | K32: 17.931034 | O32: =ROUND(CP32,2) -> 32722.56 | P32: =ROUND(CQ32*I32,2) -> 32722.56 | Q32: =ROUND(CR32*I32,2) -> 0 | R32: =ROUND(CS32*I32,2) -> 0 | S32: =ROUND(CT32*I32,2) -> 0 | T32: =ROUND(CU32*I32,2) -> 0 | U32: =ROUND(CV32*I32,7) -> 0 | V32: =ROUND(CW32*I32,7) -> 0 | W32: =ROUND(CX32*I32,2) -> 0 | X32: =ROUND(CY32,2) -> 0 | Y32: =ROUND(CZ32,2) -> 0 | AA32: 60841590 | AB32: =ROUND((AC32+AD32+AF32),6) -> 283.46 | AC32: =ROUND((ES32),6) -> 283.46 | AD32: =ROUND((((ET32)-(EU32))+AE32),6) -> 0 | AE32: =ROUND((EU32),6) -> 0 | AF32: =ROUND((EV32),6) -> 0 | AG32: =ROUND((AP32),6) -> 0 | AH32: =(EW32) -> 0 | AI32: =(EX32) -> 0 | AJ32: =(AS32) -> 0 | AK32: 283.46 | AL32: 283.46 | AM32: 0 | AN32: 0 | AO32: 0 | AP32: 0 | AQ32: 0 | AR32: 0 | AS32: 0 | AT32: 109 | AU32: 57 | AV32: 1 | AW32: 1 | AZ32: 1 | BA32: 1 | BB32: 1 | BC32: 1.11 | BH32: 3 | BI32: 1 | BJ32: ФСБЦ-2022, 12.1.03.02-1096, приказ Минстроя России от 18.05.2022 г. № 378/пр | BM32: 12001 | BN32: 0 | BO32: 12.1.03.02-1096 | BP32: 1 | BQ32: 2 | BR32: 0 | BS32: 1 | BT32: 1 | BU32: 1 | BV32: 1 | BW32: 1 | BX32: 1 | BZ32: 109 | CA32: 57 | CE32: 0 | CF32: 0 | CG32: 0 | CM32: 0 | CO32: 0 | CP32: =(P32+Q32+S32+R32) -> 32722.56 | CQ32: =ROUND(AL32*BC32,2) -> 314.64 | CR32: =ROUND(AM32*BB32,2) -> 0 | CS32: =ROUND(AN32*BS32,2) -> 0 | CT32: =ROUND(AO32*BA32,2) -> 0 | CU32: =AG32 -> 0 | CV32: =AH32 -> 0 | CW32: =AI32 -> 0 | CX32: =AJ32 -> 0 | CY32: =(((S32+R32)*AT32)/100) -> 0 | CZ32: =(((S32+R32)*AU32)/100) -> 0 | DN32: 0 | DO32: 0 | DP32: 1 | DQ32: 1 | DU32: 1003 | DV32: м | DW32: м | DX32: 1 | EE32: 58905856 | EF32: 2 | EG32: Общестроительные работы | EH32: 12 | EI32: Кровли | EJ32: 1 | EK32: 12001 | EL32: Кровли | EM32: ФЕР-12 | EQ32: 0 | ER32: 283.46 | ES32: 283.46 | ET32: 0 | EU32: 0 | EV32: 0 | EW32: 0 | EX32: 0 | FQ32: 0 | FR32: 0 | FS32: 0 | FX32: 109 | FY32: 57 | GD32: 1 | GF32: 1883402082 | GG32: 2 | GH32: 1 | GI32: 2 | GJ32: 0 | GK32: 0 | GL32: =ROUND(IF(AND(BH32=3,BI32=3,FS32<>0),P32,0),2) -> 0 | GM32: =ROUND(O32+X32+Y32,2)+GX32 -> 32722.56 | GN32: =IF(OR(BI32=0,BI32=1),GM32-GX32,0) -> 32722.56 | GO32: =IF(BI32=2,GM32-GX32,0) -> 0 | GP32: =IF(BI32=4,GM32-GX32,0) -> 0 | GR32: 0 | GS32: 3 | GT32: 0 | GV32: =ROUND((GT32),6) -> 0 | GW32: 1 | GX32: =ROUND(HC32*I32,2) -> 0 | HA32: 0 | HB32: 0 | HC32: =GV32*GW32 -> 0 | HN32: Пр/812-012.0-1 | HO32: Пр/774-012.0 | HP32: Кровли | HQ32: Кровли | HS32: 0 | IK32: 0
A33: 18 | B33: 1 | C33: 32 | E33: 2,3 | F33: 12.1.03.02-1096 | G33: Планка карнизная из оцинкованной стали с полимерным покрытием для устройства кровли, размеры 100х69 мм | H33: м | I33: =I27*J33 -> 104 | J33: 17.931034 | K33: 17.931034 | O33: =ROUND(CP33,2) -> 31248.88 | P33: =ROUND(CQ33*I33,2) -> 31248.88 | Q33: =ROUND(CR33*I33,2) -> 0 | R33: =ROUND(CS33*I33,2) -> 0 | S33: =ROUND(CT33*I33,2) -> 0 | T33: =ROUND(CU33*I33,2) -> 0 | U33: =ROUND(CV33*I33,7) -> 0 | V33: =ROUND(CW33*I33,7) -> 0 | W33: =ROUND(CX33*I33,2) -> 0 | X33: =ROUND(CY33,2) -> 0 | Y33: =ROUND(CZ33,2) -> 0 | AA33: 60854600 | AB33: =ROUND((AC33+AD33+AF33),6) -> 283.46 | AC33: =ROUND((ES33),6) -> 283.46 | AD33: =ROUND((((ET33)-(EU33))+AE33),6) -> 0 | AE33: =ROUND((EU33),6) -> 0 | AF33: =ROUND((EV33),6) -> 0 | AG33: =ROUND((AP33),6) -> 0 | AH33: =(EW33) -> 0 | AI33: =(EX33) -> 0 | AJ33: =(AS33) -> 0 | AK33: 283.46 | AL33: 283.46 | AM33: 0 | AN33: 0 | AO33: 0 | AP33: 0 | AQ33: 0 | AR33: 0 | AS33: 0 | AT33: 109 | AU33: 57 | AV33: 1 | AW33: 1 | AZ33: 1 | BA33: 1 | BB33: 1 | BC33: 1.06 | BH33: 3 | BI33: 1 | BJ33: ФСБЦ-2022, 12.1.03.02-1096, приказ Минстроя России от 18.05.2022 г. № 378/пр | BM33: 12001 | BN33: 0 | BO33: 12.1.03.02-1096 | BP33: 1 | BQ33: 2 | BR33: 0 | BS33: 1 | BT33: 1 | BU33: 1 | BV33: 1 | BW33: 1 | BX33: 1 | BZ33: 109 | CA33: 57 | CE33: 0 | CF33: 0 | CG33: 0 | CM33: 0 | CO33: 0 | CP33: =(P33+Q33+S33+R33) -> 31248.88 | CQ33: =ROUND(AL33*BC33,2) -> 300.47 | CR33: =ROUND(AM33*BB33,2) -> 0 | CS33: =ROUND(AN33*BS33,2) -> 0 | CT33: =ROUND(AO33*BA33,2) -> 0 | CU33: =AG33 -> 0 | CV33: =AH33 -> 0 | CW33: =AI33 -> 0 | CX33: =AJ33 -> 0 | CY33: =(((S33+R33)*AT33)/100) -> 0 | CZ33: =(((S33+R33)*AU33)/100) -> 0 | DN33: 0 | DO33: 0 | DP33: 1 | DQ33: 1 | DU33: 1003 | DV33: м | DW33: м | DX33: 1 | EE33: 58905856 | EF33: 2 | EG33: Общестроительные работы | EH33: 12 | EI33: Кровли | EJ33: 1 | EK33: 12001 | EL33: Кровли | EM33: ФЕР-12 | EQ33: 0 | ER33: 283.46 | ES33: 283.46 | ET33: 0 | EU33: 0 | EV33: 0 | EW33: 0 | EX33: 0 | FQ33: 0 | FR33: 0 | FS33: 0 | FX33: 109 | FY33: 57 | GD33: 1 | GF33: 1883402082 | GG33: 2 | GH33: 1 | GI33: 2 | GJ33: 0 | GK33: 0 | GL33: =ROUND(IF(AND(BH33=3,BI33=3,FS33<>0),P33,0),2) -> 0 | GM33: =ROUND(O33+X33+Y33,2)+GX33 -> 31248.88 | GN33: =IF(OR(BI33=0,BI33=1),GM33-GX33,0) -> 31248.88 | GO33: =IF(BI33=2,GM33-GX33,0) -> 0 | GP33: =IF(BI33=4,GM33-GX33,0) -> 0 | GR33: 0 | GS33: 3 | GT33: 0 | GV33: =ROUND((GT33),6) -> 0 | GW33: 1 | GX33: =ROUND(HC33*I33,2) -> 0 | HA33: 0 | HB33: 0 | HC33: =GV33*GW33 -> 0 | HN33: Пр/812-012.0-1 | HO33: Пр/774-012.0 | HP33: Кровли | HQ33: Кровли | HS33: 0 | IK33: 0
A34: 18 | B34: 1 | C34: 15 | E34: 2,4 | F34: 12.1.03.02-1092 | G34: Планка ендовы верхняя из оцинкованной стали с полимерным покрытием для устройства кровли, размеры 76х76 мм | H34: м | I34: =I26*J34 -> 50 | J34: 8.6206897 | K34: 8.6206897 | O34: =ROUND(CP34,2) -> 22806.5 | P34: =ROUND(CQ34*I34,2) -> 22806.5 | Q34: =ROUND(CR34*I34,2) -> 0 | R34: =ROUND(CS34*I34,2) -> 0 | S34: =ROUND(CT34*I34,2) -> 0 | T34: =ROUND(CU34*I34,2) -> 0 | U34: =ROUND(CV34*I34,7) -> 0 | V34: =ROUND(CW34*I34,7) -> 0 | W34: =ROUND(CX34*I34,2) -> 0 | X34: =ROUND(CY34,2) -> 0 | Y34: =ROUND(CZ34,2) -> 0 | AA34: 60841590 | AB34: =ROUND((AC34+AD34+AF34),6) -> 410.93 | AC34: =ROUND((ES34),6) -> 410.93 | AD34: =ROUND((((ET34)-(EU34))+AE34),6) -> 0 | AE34: =ROUND((EU34),6) -> 0 | AF34: =ROUND((EV34),6) -> 0 | AG34: =ROUND((AP34),6) -> 0 | AH34: =(EW34) -> 0 | AI34: =(EX34) -> 0 | AJ34: =(AS34) -> 0 | AK34: 410.93 | AL34: 410.93 | AM34: 0 | AN34: 0 | AO34: 0 | AP34: 0 | AQ34: 0 | AR34: 0 | AS34: 0 | AT34: 109 | AU34: 57 | AV34: 1 | AW34: 1 | AZ34: 1 | BA34: 1 | BB34: 1 | BC34: 1.11 | BH34: 3 | BI34: 1 | BJ34: ФСБЦ-2022, 12.1.03.02-1092, приказ Минстроя России от 18.05.2022 г. № 378/пр | BM34: 12001 | BN34: 0 | BO34: 12.1.03.02-1092 | BP34: 1 | BQ34: 2 | BR34: 0 | BS34: 1 | BT34: 1 | BU34: 1 | BV34: 1 | BW34: 1 | BX34: 1 | BZ34: 109 | CA34: 57 | CE34: 0 | CF34: 0 | CG34: 0 | CM34: 0 | CO34: 0 | CP34: =(P34+Q34+S34+R34) -> 22806.5 | CQ34: =ROUND(AL34*BC34,2) -> 456.13 | CR34: =ROUND(AM34*BB34,2) -> 0 | CS34: =ROUND(AN34*BS34,2) -> 0 | CT34: =ROUND(AO34*BA34,2) -> 0 | CU34: =AG34 -> 0 | CV34: =AH34 -> 0 | CW34: =AI34 -> 0 | CX34: =AJ34 -> 0 | CY34: =(((S34+R34)*AT34)/100) -> 0 | CZ34: =(((S34+R34)*AU34)/100) -> 0 | DN34: 0 | DO34: 0 | DP34: 1 | DQ34: 1 | DU34: 1003 | DV34: м | DW34: м | DX34: 1 | EE34: 58905856 | EF34: 2 | EG34: Общестроительные работы | EH34: 12 | EI34: Кровли | EJ34: 1 | EK34: 12001 | EL34: Кровли | EM34: ФЕР-12 | EQ34: 0 | ER34: 410.93 | ES34: 410.93 | ET34: 0 | EU34: 0 | EV34: 0 | EW34: 0 | EX34: 0 | FQ34: 0 | FR34: 0 | FS34: 0 | FX34: 109 | FY34: 57 | GD34: 1 | GF34: 391820357 | GG34: 2 | GH34: 1 | GI34: 2 | GJ34: 0 | GK34: 0 | GL34: =ROUND(IF(AND(BH34=3,BI34=3,FS34<>0),P34,0),2) -> 0 | GM34: =ROUND(O34+X34+Y34,2)+GX34 -> 22806.5 | GN34: =IF(OR(BI34=0,BI34=1),GM34-GX34,0) -> 22806.5 | GO34: =IF(BI34=2,GM34-GX34,0) -> 0 | GP34: =IF(BI34=4,GM34-GX34,0) -> 0 | GR34: 0 | GS34: 3 | GT34: 0 | GV34: =ROUND((GT34),6) -> 0 | GW34: 1 | GX34: =ROUND(HC34*I34,2) -> 0 | HA34: 0 | HB34: 0 | HC34: =GV34*GW34 -> 0 | HN34: Пр/812-012.0-1 | HO34: Пр/774-012.0 | HP34: Кровли | HQ34: Кровли | HS34: 0 | IK34: 0
A35: 18 | B35: 1 | C35: 30 | E35: 2,4 | F35: 12.1.03.02-1092 | G35: Планка ендовы верхняя из оцинкованной стали с полимерным покрытием для устройства кровли, размеры 76х76 мм | H35: м | I35: =I27*J35 -> 50 | J35: 8.6206897 | K35: 8.6206897 | O35: =ROUND(CP35,2) -> 21779.5 | P35: =ROUND(CQ35*I35,2) -> 21779.5 | Q35: =ROUND(CR35*I35,2) -> 0 | R35: =ROUND(CS35*I35,2) -> 0 | S35: =ROUND(CT35*I35,2) -> 0 | T35: =ROUND(CU35*I35,2) -> 0 | U35: =ROUND(CV35*I35,7) -> 0 | V35: =ROUND(CW35*I35,7) -> 0 | W35: =ROUND(CX35*I35,2) -> 0 | X35: =ROUND(CY35,2) -> 0 | Y35: =ROUND(CZ35,2) -> 0 | AA35: 60854600 | AB35: =ROUND((AC35+AD35+AF35),6) -> 410.93 | AC35: =ROUND((ES35),6) -> 410.93 | AD35: =ROUND((((ET35)-(EU35))+AE35),6) -> 0 | AE35: =ROUND((EU35),6) -> 0 | AF35: =ROUND((EV35),6) -> 0 | AG35: =ROUND((AP35),6) -> 0 | AH35: =(EW35) -> 0 | AI35: =(EX35) -> 0 | AJ35: =(AS35) -> 0 | AK35: 410.93 | AL35: 410.93 | AM35: 0 | AN35: 0 | AO35: 0 | AP35: 0 | AQ35: 0 | AR35: 0 | AS35: 0 | AT35: 109 | AU35: 57 | AV35: 1 | AW35: 1 | AZ35: 1 | BA35: 1 | BB35: 1 | BC35: 1.06 | BH35: 3 | BI35: 1 | BJ35: ФСБЦ-2022, 12.1.03.02-1092, приказ Минстроя России от 18.05.2022 г. № 378/пр | BM35: 12001 | BN35: 0 | BO35: 12.1.03.02-1092 | BP35: 1 | BQ35: 2 | BR35: 0 | BS35: 1 | BT35: 1 | BU35: 1 | BV35: 1 | BW35: 1 | BX35: 1 | BZ35: 109 | CA35: 57 | CE35: 0 | CF35: 0 | CG35: 0 | CM35: 0 | CO35: 0 | CP35: =(P35+Q35+S35+R35) -> 21779.5 | CQ35: =ROUND(AL35*BC35,2) -> 435.59 | CR35: =ROUND(AM35*BB35,2) -> 0 | CS35: =ROUND(AN35*BS35,2) -> 0 | CT35: =ROUND(AO35*BA35,2) -> 0 | CU35: =AG35 -> 0 | CV35: =AH35 -> 0 | CW35: =AI35 -> 0 | CX35: =AJ35 -> 0 | CY35: =(((S35+R35)*AT35)/100) -> 0 | CZ35: =(((S35+R35)*AU35)/100) -> 0 | DN35: 0 | DO35: 0 | DP35: 1 | DQ35: 1 | DU35: 1003 | DV35: м | DW35: м | DX35: 1 | EE35: 58905856 | EF35: 2 | EG35: Общестроительные работы | EH35: 12 | EI35: Кровли | EJ35: 1 | EK35: 12001 | EL35: Кровли | EM35: ФЕР-12 | EQ35: 0 | ER35: 410.93 | ES35: 410.93 | ET35: 0 | EU35: 0 | EV35: 0 | EW35: 0 | EX35: 0 | FQ35: 0 | FR35: 0 | FS35: 0 | FX35: 109 | FY35: 57 | GD35: 1 | GF35: 391820357 | GG35: 2 | GH35: 1 | GI35: 2 | GJ35: 0 | GK35: 0 | GL35: =ROUND(IF(AND(BH35=3,BI35=3,FS35<>0),P35,0),2) -> 0 | GM35: =ROUND(O35+X35+Y35,2)+GX35 -> 21779.5 | GN35: =IF(OR(BI35=0,BI35=1),GM35-GX35,0) -> 21779.5 | GO35: =IF(BI35=2,GM35-GX35,0) -> 0 | GP35: =IF(BI35=4,GM35-GX35,0) -> 0 | GR35: 0 | GS35: 3 | GT35: 0 | GV35: =ROUND((GT35),6) -> 0 | GW35: 1 | GX35: =ROUND(HC35*I35,2) -> 0 | HA35: 0 | HB35: 0 | HC35: =GV35*GW35 -> 0 | HN35: Пр/812-012.0-1 | HO35: Пр/774-012.0 | HP35: Кровли | HQ35: Кровли | HS35: 0 | IK35: 0
A36: 18 | B36: 1 | C36: 16 | E36: 2,5 | F36: 12.1.03.02-1094 | G36: Планка ендовы нижняя из оцинкованной стали с полимерным покрытием для устройства кровли, размеры 298х298 мм | H36: м | I36: =I26*J36 -> 50 | J36: 8.6206897 | K36: 8.6206897 | O36: =ROUND(CP36,2) -> 29529 | P36: =ROUND(CQ36*I36,2) -> 29529 | Q36: =ROUND(CR36*I36,2) -> 0 | R36: =ROUND(CS36*I36,2) -> 0 | S36: =ROUND(CT36*I36,2) -> 0 | T36: =ROUND(CU36*I36,2) -> 0 | U36: =ROUND(CV36*I36,7) -> 0 | V36: =ROUND(CW36*I36,7) -> 0 | W36: =ROUND(CX36*I36,2) -> 0 | X36: =ROUND(CY36,2) -> 0 | Y36: =ROUND(CZ36,2) -> 0 | AA36: 60841590 | AB36: =ROUND((AC36+AD36+AF36),6) -> 532.05 | AC36: =ROUND((ES36),6) -> 532.05 | AD36: =ROUND((((ET36)-(EU36))+AE36),6) -> 0 | AE36: =ROUND((EU36),6) -> 0 | AF36: =ROUND((EV36),6) -> 0 | AG36: =ROUND((AP36),6) -> 0 | AH36: =(EW36) -> 0 | AI36: =(EX36) -> 0 | AJ36: =(AS36) -> 0 | AK36: 532.05 | AL36: 532.05 | AM36: 0 | AN36: 0 | AO36: 0 | AP36: 0 | AQ36: 0 | AR36: 0 | AS36: 0 | AT36: 109 | AU36: 57 | AV36: 1 | AW36: 1 | AZ36: 1 | BA36: 1 | BB36: 1 | BC36: 1.11 | BH36: 3 | BI36: 1 | BJ36: ФСБЦ-2022, 12.1.03.02-1094, приказ Минстроя России от 18.05.2022 г. № 378/пр | BM36: 12001 | BN36: 0 | BO36: 12.1.03.02-1094 | BP36: 1 | BQ36: 2 | BR36: 0 | BS36: 1 | BT36: 1 | BU36: 1 | BV36: 1 | BW36: 1 | BX36: 1 | BZ36: 109 | CA36: 57 | CE36: 0 | CF36: 0 | CG36: 0 | CM36: 0 | CO36: 0 | CP36: =(P36+Q36+S36+R36) -> 29529 | CQ36: =ROUND(AL36*BC36,2) -> 590.58 | CR36: =ROUND(AM36*BB36,2) -> 0 | CS36: =ROUND(AN36*BS36,2) -> 0 | CT36: =ROUND(AO36*BA36,2) -> 0 | CU36: =AG36 -> 0 | CV36: =AH36 -> 0 | CW36: =AI36 -> 0 | CX36: =AJ36 -> 0 | CY36: =(((S36+R36)*AT36)/100) -> 0 | CZ36: =(((S36+R36)*AU36)/100) -> 0 | DN36: 0 | DO36: 0 | DP36: 1 | DQ36: 1 | DU36: 1003 | DV36: м | DW36: м | DX36: 1 | EE36: 58905856 | EF36: 2 | EG36: Общестроительные работы | EH36: 12 | EI36: Кровли | EJ36: 1 | EK36: 12001 | EL36: Кровли | EM36: ФЕР-12 | EQ36: 0 | ER36: 532.05 | ES36: 532.05 | ET36: 0 | EU36: 0 | EV36: 0 | EW36: 0 | EX36: 0 | FQ36: 0 | FR36: 0 | FS36: 0 | FX36: 109 | FY36: 57 | GD36: 1 | GF36: -676676400 | GG36: 2 | GH36: 1 | GI36: 2 | GJ36: 0 | GK36: 0 | GL36: =ROUND(IF(AND(BH36=3,BI36=3,FS36<>0),P36,0),2) -> 0 | GM36: =ROUND(O36+X36+Y36,2)+GX36 -> 29529 | GN36: =IF(OR(BI36=0,BI36=1),GM36-GX36,0) -> 29529 | GO36: =IF(BI36=2,GM36-GX36,0) -> 0 | GP36: =IF(BI36=4,GM36-GX36,0) -> 0 | GR36: 0 | GS36: 3 | GT36: 0 | GV36: =ROUND((GT36),6) -> 0 | GW36: 1 | GX36: =ROUND(HC36*I36,2) -> 0 | HA36: 0 | HB36: 0 | HC36: =GV36*GW36 -> 0 | HN36: Пр/812-012.0-1 | HO36: Пр/774-012.0 | HP36: Кровли | HQ36: Кровли | HS36: 0 | IK36: 0
A37: 18 | B37: 1 | C37: 31 | E37: 2,5 | F37: 12.1.03.02-1094 | G37: Планка ендовы нижняя из оцинкованной стали с полимерным покрытием для устройства кровли, размеры 298х298 мм | H37: м | I37: =I27*J37 -> 50 | J37: 8.6206897 | K37: 8.6206897 | O37: =ROUND(CP37,2) -> 28198.5 | P37: =ROUND(CQ37*I37,2) -> 28198.5 | Q37: =ROUND(CR37*I37,2) -> 0 | R37: =ROUND(CS37*I37,2) -> 0 | S37: =ROUND(CT37*I37,2) -> 0 | T37: =ROUND(CU37*I37,2) -> 0 | U37: =ROUND(CV37*I37,7) -> 0 | V37: =ROUND(CW37*I37,7) -> 0 | W37: =ROUND(CX37*I37,2) -> 0 | X37: =ROUND(CY37,2) -> 0 | Y37: =ROUND(CZ37,2) -> 0 | AA37: 60854600 | AB37: =ROUND((AC37+AD37+AF37),6) -> 532.05 | AC37: =ROUND((ES37),6) -> 532.05 | AD37: =ROUND((((ET37)-(EU37))+AE37),6) -> 0 | AE37: =ROUND((EU37),6) -> 0 | AF37: =ROUND((EV37),6) -> 0 | AG37: =ROUND((AP37),6) -> 0 | AH37: =(EW37) -> 0 | AI37: =(EX37) -> 0 | AJ37: =(AS37) -> 0 | AK37: 532.05 | AL37: 532.05 | AM37: 0 | AN37: 0 | AO37: 0 | AP37: 0 | AQ37: 0 | AR37: 0 | AS37: 0 | AT37: 109 | AU37: 57 | AV37: 1 | AW37: 1 | AZ37: 1 | BA37: 1 | BB37: 1 | BC37: 1.06 | BH37: 3 | BI37: 1 | BJ37: ФСБЦ-2022, 12.1.03.02-1094, приказ Минстроя России от 18.05.2022 г. № 378/пр | BM37: 12001 | BN37: 0 | BO37: 12.1.03.02-1094 | BP37: 1 | BQ37: 2 | BR37: 0 | BS37: 1 | BT37: 1 | BU37: 1 | BV37: 1 | BW37: 1 | BX37: 1 | BZ37: 109 | CA37: 57 | CE37: 0 | CF37: 0 | CG37: 0 | CM37: 0 | CO37: 0 | CP37: =(P37+Q37+S37+R37) -> 28198.5 | CQ37: =ROUND(AL37*BC37,2) -> 563.97 | CR37: =ROUND(AM37*BB37,2) -> 0 | CS37: =ROUND(AN37*BS37,2) -> 0 | CT37: =ROUND(AO37*BA37,2) -> 0 | CU37: =AG37 -> 0 | CV37: =AH37 -> 0 | CW37: =AI37 -> 0 | CX37: =AJ37 -> 0 | CY37: =(((S37+R37)*AT37)/100) -> 0 | CZ37: =(((S37+R37)*AU37)/100) -> 0 | DN37: 0 | DO37: 0 | DP37: 1 | DQ37: 1 | DU37: 1003 | DV37: м | DW37: м | DX37: 1 | EE37: 58905856 | EF37: 2 | EG37: Общестроительные работы | EH37: 12 | EI37: Кровли | EJ37: 1 | EK37: 12001 | EL37: Кровли | EM37: ФЕР-12 | EQ37: 0 | ER37: 532.05 | ES37: 532.05 | ET37: 0 | EU37: 0 | EV37: 0 | EW37: 0 | EX37: 0 | FQ37: 0 | FR37: 0 | FS37: 0 | FX37: 109 | FY37: 57 | GD37: 1 | GF37: -676676400 | GG37: 2 | GH37: 1 | GI37: 2 | GJ37: 0 | GK37: 0 | GL37: =ROUND(IF(AND(BH37=3,BI37=3,FS37<>0),P37,0),2) -> 0 | GM37: =ROUND(O37+X37+Y37,2)+GX37 -> 28198.5 | GN37: =IF(OR(BI37=0,BI37=1),GM37-GX37,0) -> 28198.5 | GO37: =IF(BI37=2,GM37-GX37,0) -> 0 | GP37: =IF(BI37=4,GM37-GX37,0) -> 0 | GR37: 0 | GS37: 3 | GT37: 0 | GV37: =ROUND((GT37),6) -> 0 | GW37: 1 | GX37: =ROUND(HC37*I37,2) -> 0 | HA37: 0 | HB37: 0 | HC37: =GV37*GW37 -> 0 | HN37: Пр/812-012.0-1 | HO37: Пр/774-012.0 | HP37: Кровли | HQ37: Кровли | HS37: 0 | IK37: 0
A38: 18 | B38: 1 | C38: 19 | E38: 2,6 | F38: 12.1.03.02-1100 | G38: Планка примыкания из оцинкованной стали для устройства кровли, с полимерным покрытием, размеры 150х250 мм | H38: м | I38: =I26*J38 -> 68 | J38: 11.724138 | K38: 11.724138 | O38: =ROUND(CP38,2) -> 48384.72 | P38: =ROUND(CQ38*I38,2) -> 48384.72 | Q38: =ROUND(CR38*I38,2) -> 0 | R38: =ROUND(CS38*I38,2) -> 0 | S38: =ROUND(CT38*I38,2) -> 0 | T38: =ROUND(CU38*I38,2) -> 0 | U38: =ROUND(CV38*I38,7) -> 0 | V38: =ROUND(CW38*I38,7) -> 0 | W38: =ROUND(CX38*I38,2) -> 0 | X38: =ROUND(CY38,2) -> 0 | Y38: =ROUND(CZ38,2) -> 0 | AA38: 60841590 | AB38: =ROUND((AC38+AD38+AF38),6) -> 641.03 | AC38: =ROUND((ES38),6) -> 641.03 | AD38: =ROUND((((ET38)-(EU38))+AE38),6) -> 0 | AE38: =ROUND((EU38),6) -> 0 | AF38: =ROUND((EV38),6) -> 0 | AG38: =ROUND((AP38),6) -> 0 | AH38: =(EW38) -> 0 | AI38: =(EX38) -> 0 | AJ38: =(AS38) -> 0 | AK38: 641.03 | AL38: 641.03 | AM38: 0 | AN38: 0 | AO38: 0 | AP38: 0 | AQ38: 0 | AR38: 0 | AS38: 0 | AT38: 109 | AU38: 57 | AV38: 1 | AW38: 1 | AZ38: 1 | BA38: 1 | BB38: 1 | BC38: 1.11 | BH38: 3 | BI38: 1 | BJ38: ФСБЦ-2022, 12.1.03.02-1100, приказ Минстроя России от 18.05.2022 г. № 378/пр | BM38: 12001 | BN38: 0 | BO38: 12.1.03.02-1100 | BP38: 1 | BQ38: 2 | BR38: 0 | BS38: 1 | BT38: 1 | BU38: 1 | BV38: 1 | BW38: 1 | BX38: 1 | BZ38: 109 | CA38: 57 | CE38: 0 | CF38: 0 | CG38: 0 | CM38: 0 | CO38: 0 | CP38: =(P38+Q38+S38+R38) -> 48384.72 | CQ38: =ROUND(AL38*BC38,2) -> 711.54 | CR38: =ROUND(AM38*BB38,2) -> 0 | CS38: =ROUND(AN38*BS38,2) -> 0 | CT38: =ROUND(AO38*BA38,2) -> 0 | CU38: =AG38 -> 0 | CV38: =AH38 -> 0 | CW38: =AI38 -> 0 | CX38: =AJ38 -> 0 | CY38: =(((S38+R38)*AT38)/100) -> 0 | CZ38: =(((S38+R38)*AU38)/100) -> 0 | DN38: 0 | DO38: 0 | DP38: 1 | DQ38: 1 | DU38: 1003 | DV38: м | DW38: м | DX38: 1 | EE38: 58905856 | EF38: 2 | EG38: Общестроительные работы | EH38: 12 | EI38: Кровли | EJ38: 1 | EK38: 12001 | EL38: Кровли | EM38: ФЕР-12 | EQ38: 0 | ER38: 641.03 | ES38: 641.03 | ET38: 0 | EU38: 0 | EV38: 0 | EW38: 0 | EX38: 0 | FQ38: 0 | FR38: 0 | FS38: 0 | FX38: 109 | FY38: 57 | GD38: 1 | GF38: 1108515218 | GG38: 2 | GH38: 1 | GI38: 2 | GJ38: 0 | GK38: 0 | GL38: =ROUND(IF(AND(BH38=3,BI38=3,FS38<>0),P38,0),2) -> 0 | GM38: =ROUND(O38+X38+Y38,2)+GX38 -> 48384.72 | GN38: =IF(OR(BI38=0,BI38=1),GM38-GX38,0) -> 48384.72 | GO38: =IF(BI38=2,GM38-GX38,0) -> 0 | GP38: =IF(BI38=4,GM38-GX38,0) -> 0 | GR38: 0 | GS38: 3 | GT38: 0 | GV38: =ROUND((GT38),6) -> 0 | GW38: 1 | GX38: =ROUND(HC38*I38,2) -> 0 | HA38: 0 | HB38: 0 | HC38: =GV38*GW38 -> 0 | HN38: Пр/812-012.0-1 | HO38: Пр/774-012.0 | HP38: Кровли | HQ38: Кровли | HS38: 0 | IK38: 0
A39: 18 | B39: 1 | C39: 34 | E39: 2,6 | F39: 12.1.03.02-1100 | G39: Планка примыкания из оцинкованной стали для устройства кровли, с полимерным покрытием, размеры 150х250 мм | H39: м | I39: =I27*J39 -> 68 | J39: 11.724138 | K39: 11.724138 | O39: =ROUND(CP39,2) -> 46205.32 | P39: =ROUND(CQ39*I39,2) -> 46205.32 | Q39: =ROUND(CR39*I39,2) -> 0 | R39: =ROUND(CS39*I39,2) -> 0 | S39: =ROUND(CT39*I39,2) -> 0 | T39: =ROUND(CU39*I39,2) -> 0 | U39: =ROUND(CV39*I39,7) -> 0 | V39: =ROUND(CW39*I39,7) -> 0 | W39: =ROUND(CX39*I39,2) -> 0 | X39: =ROUND(CY39,2) -> 0 | Y39: =ROUND(CZ39,2) -> 0 | AA39: 60854600 | AB39: =ROUND((AC39+AD39+AF39),6) -> 641.03 | AC39: =ROUND((ES39),6) -> 641.03 | AD39: =ROUND((((ET39)-(EU39))+AE39),6) -> 0 | AE39: =ROUND((EU39),6) -> 0 | AF39: =ROUND((EV39),6) -> 0 | AG39: =ROUND((AP39),6) -> 0 | AH39: =(EW39) -> 0 | AI39: =(EX39) -> 0 | AJ39: =(AS39) -> 0 | AK39: 641.03 | AL39: 641.03 | AM39: 0 | AN39: 0 | AO39: 0 | AP39: 0 | AQ39: 0 | AR39: 0 | AS39: 0 | AT39: 109 | AU39: 57 | AV39: 1 | AW39: 1 | AZ39: 1 | BA39: 1 | BB39: 1 | BC39: 1.06 | BH39: 3 | BI39: 1 | BJ39: ФСБЦ-2022, 12.1.03.02-1100, приказ Минстроя России от 18.05.2022 г. № 378/пр | BM39: 12001 | BN39: 0 | BO39: 12.1.03.02-1100 | BP39: 1 | BQ39: 2 | BR39: 0 | BS39: 1 | BT39: 1 | BU39: 1 | BV39: 1 | BW39: 1 | BX39: 1 | BZ39: 109 | CA39: 57 | CE39: 0 | CF39: 0 | CG39: 0 | CM39: 0 | CO39: 0 | CP39: =(P39+Q39+S39+R39) -> 46205.32 | CQ39: =ROUND(AL39*BC39,2) -> 679.49 | CR39: =ROUND(AM39*BB39,2) -> 0 | CS39: =ROUND(AN39*BS39,2) -> 0 | CT39: =ROUND(AO39*BA39,2) -> 0 | CU39: =AG39 -> 0 | CV39: =AH39 -> 0 | CW39: =AI39 -> 0 | CX39: =AJ39 -> 0 | CY39: =(((S39+R39)*AT39)/100) -> 0 | CZ39: =(((S39+R39)*AU39)/100) -> 0 | DN39: 0 | DO39: 0 | DP39: 1 | DQ39: 1 | DU39: 1003 | DV39: м | DW39: м | DX39: 1 | EE39: 58905856 | EF39: 2 | EG39: Общестроительные работы | EH39: 12 | EI39: Кровли | EJ39: 1 | EK39: 12001 | EL39: Кровли | EM39: ФЕР-12 | EQ39: 0 | ER39: 641.03 | ES39: 641.03 | ET39: 0 | EU39: 0 | EV39: 0 | EW39: 0 | EX39: 0 | FQ39: 0 | FR39: 0 | FS39: 0 | FX39: 109 | FY39: 57 | GD39: 1 | GF39: 1108515218 | GG39: 2 | GH39: 1 | GI39: 2 | GJ39: 0 | GK39: 0 | GL39: =ROUND(IF(AND(BH39=3,BI39=3,FS39<>0),P39,0),2) -> 0 | GM39: =ROUND(O39+X39+Y39,2)+GX39 -> 46205.32 | GN39: =IF(OR(BI39=0,BI39=1),GM39-GX39,0) -> 46205.32 | GO39: =IF(BI39=2,GM39-GX39,0) -> 0 | GP39: =IF(BI39=4,GM39-GX39,0) -> 0 | GR39: 0 | GS39: 3 | GT39: 0 | GV39: =ROUND((GT39),6) -> 0 | GW39: 1 | GX39: =ROUND(HC39*I39,2) -> 0 | HA39: 0 | HB39: 0 | HC39: =GV39*GW39 -> 0 | HN39: Пр/812-012.0-1 | HO39: Пр/774-012.0 | HP39: Кровли | HQ39: Кровли | HS39: 0 | IK39: 0
A40: 18 | B40: 1 | C40: 18 | E40: 2,7 | F40: 12.1.03.02-1098 | G40: Планка конька плоского из оцинкованной стали с полимерным покрытием для устройства кровли, размеры 150х150 мм | H40: м | I40: =I26*J40 -> 42 | J40: 7.2413793 | K40: 7.2413793 | O40: =ROUND(CP40,2) -> 12264 | P40: =ROUND(CQ40*I40,2) -> 12264 | Q40: =ROUND(CR40*I40,2) -> 0 | R40: =ROUND(CS40*I40,2) -> 0 | S40: =ROUND(CT40*I40,2) -> 0 | T40: =ROUND(CU40*I40,2) -> 0 | U40: =ROUND(CV40*I40,7) -> 0 | V40: =ROUND(CW40*I40,7) -> 0 | W40: =ROUND(CX40*I40,2) -> 0 | X40: =ROUND(CY40,2) -> 0 | Y40: =ROUND(CZ40,2) -> 0 | AA40: 60841590 | AB40: =ROUND((AC40+AD40+AF40),6) -> 263.06 | AC40: =ROUND((ES40),6) -> 263.06 | AD40: =ROUND((((ET40)-(EU40))+AE40),6) -> 0 | AE40: =ROUND((EU40),6) -> 0 | AF40: =ROUND((EV40),6) -> 0 | AG40: =ROUND((AP40),6) -> 0 | AH40: =(EW40) -> 0 | AI40: =(EX40) -> 0 | AJ40: =(AS40) -> 0 | AK40: 263.06 | AL40: 263.06 | AM40: 0 | AN40: 0 | AO40: 0 | AP40: 0 | AQ40: 0 | AR40: 0 | AS40: 0 | AT40: 109 | AU40: 57 | AV40: 1 | AW40: 1 | AZ40: 1 | BA40: 1 | BB40: 1 | BC40: 1.11 | BH40: 3 | BI40: 1 | BJ40: ФСБЦ-2022, 12.1.03.02-1098, приказ Минстроя России от 18.05.2022 г. № 378/пр | BM40: 12001 | BN40: 0 | BO40: 12.1.03.02-1098 | BP40: 1 | BQ40: 2 | BR40: 0 | BS40: 1 | BT40: 1 | BU40: 1 | BV40: 1 | BW40: 1 | BX40: 1 | BZ40: 109 | CA40: 57 | CE40: 0 | CF40: 0 | CG40: 0 | CM40: 0 | CO40: 0 | CP40: =(P40+Q40+S40+R40) -> 12264 | CQ40: =ROUND(AL40*BC40,2) -> 292 | CR40: =ROUND(AM40*BB40,2) -> 0 | CS40: =ROUND(AN40*BS40,2) -> 0 | CT40: =ROUND(AO40*BA40,2) -> 0 | CU40: =AG40 -> 0 | CV40: =AH40 -> 0 | CW40: =AI40 -> 0 | CX40: =AJ40 -> 0 | CY40: =(((S40+R40)*AT40)/100) -> 0 | CZ40: =(((S40+R40)*AU40)/100) -> 0 | DN40: 0 | DO40: 0 | DP40: 1 | DQ40: 1 | DU40: 1003 | DV40: м | DW40: м | DX40: 1 | EE40: 58905856 | EF40: 2 | EG40: Общестроительные работы | EH40: 12 | EI40: Кровли | EJ40: 1 | EK40: 12001 | EL40: Кровли | EM40: ФЕР-12 | EQ40: 0 | ER40: 263.06 | ES40: 263.06 | ET40: 0 | EU40: 0 | EV40: 0 | EW40: 0 | EX40: 0 | FQ40: 0 | FR40: 0 | FS40: 0 | FX40: 109 | FY40: 57 | GD40: 1 | GF40: 49387606 | GG40: 2 | GH40: 1 | GI40: 2 | GJ40: 0 | GK40: 0 | GL40: =ROUND(IF(AND(BH40=3,BI40=3,FS40<>0),P40,0),2) -> 0 | GM40: =ROUND(O40+X40+Y40,2)+GX40 -> 12264 | GN40: =IF(OR(BI40=0,BI40=1),GM40-GX40,0) -> 12264 | GO40: =IF(BI40=2,GM40-GX40,0) -> 0 | GP40: =IF(BI40=4,GM40-GX40,0) -> 0 | GR40: 0 | GS40: 3 | GT40: 0 | GV40: =ROUND((GT40),6) -> 0 | GW40: 1 | GX40: =ROUND(HC40*I40,2) -> 0 | HA40: 0 | HB40: 0 | HC40: =GV40*GW40 -> 0 | HN40: Пр/812-012.0-1 | HO40: Пр/774-012.0 | HP40: Кровли | HQ40: Кровли | HS40: 0 | IK40: 0
A41: 18 | B41: 1 | C41: 33 | E41: 2,7 | F41: 12.1.03.02-1098 | G41: Планка конька плоского из оцинкованной стали с полимерным покрытием для устройства кровли, размеры 150х150 мм | H41: м | I41: =I27*J41 -> 42 | J41: 7.2413793 | K41: 7.2413793 | O41: =ROUND(CP41,2) -> 11711.28 | P41: =ROUND(CQ41*I41,2) -> 11711.28 | Q41: =ROUND(CR41*I41,2) -> 0 | R41: =ROUND(CS41*I41,2) -> 0 | S41: =ROUND(CT41*I41,2) -> 0 | T41: =ROUND(CU41*I41,2) -> 0 | U41: =ROUND(CV41*I41,7) -> 0 | V41: =ROUND(CW41*I41,7) -> 0 | W41: =ROUND(CX41*I41,2) -> 0 | X41: =ROUND(CY41,2) -> 0 | Y41: =ROUND(CZ41,2) -> 0 | AA41: 60854600 | AB41: =ROUND((AC41+AD41+AF41),6) -> 263.06 | AC41: =ROUND((ES41),6) -> 263.06 | AD41: =ROUND((((ET41)-(EU41))+AE41),6) -> 0 | AE41: =ROUND((EU41),6) -> 0 | AF41: =ROUND((EV41),6) -> 0 | AG41: =ROUND((AP41),6) -> 0 | AH41: =(EW41) -> 0 | AI41: =(EX41) -> 0 | AJ41: =(AS41) -> 0 | AK41: 263.06 | AL41: 263.06 | AM41: 0 | AN41: 0 | AO41: 0 | AP41: 0 | AQ41: 0 | AR41: 0 | AS41: 0 | AT41: 109 | AU41: 57 | AV41: 1 | AW41: 1 | AZ41: 1 | BA41: 1 | BB41: 1 | BC41: 1.06 | BH41: 3 | BI41: 1 | BJ41: ФСБЦ-2022, 12.1.03.02-1098, приказ Минстроя России от 18.05.2022 г. № 378/пр | BM41: 12001 | BN41: 0 | BO41: 12.1.03.02-1098 | BP41: 1 | BQ41: 2 | BR41: 0 | BS41: 1 | BT41: 1 | BU41: 1 | BV41: 1 | BW41: 1 | BX41: 1 | BZ41: 109 | CA41: 57 | CE41: 0 | CF41: 0 | CG41: 0 | CM41: 0 | CO41: 0 | CP41: =(P41+Q41+S41+R41) -> 11711.28 | CQ41: =ROUND(AL41*BC41,2) -> 278.84 | CR41: =ROUND(AM41*BB41,2) -> 0 | CS41: =ROUND(AN41*BS41,2) -> 0 | CT41: =ROUND(AO41*BA41,2) -> 0 | CU41: =AG41 -> 0 | CV41: =AH41 -> 0 | CW41: =AI41 -> 0 | CX41: =AJ41 -> 0 | CY41: =(((S41+R41)*AT41)/100) -> 0 | CZ41: =(((S41+R41)*AU41)/100) -> 0 | DN41: 0 | DO41: 0 | DP41: 1 | DQ41: 1 | DU41: 1003 | DV41: м | DW41: м | DX41: 1 | EE41: 58905856 | EF41: 2 | EG41: Общестроительные работы | EH41: 12 | EI41: Кровли | EJ41: 1 | EK41: 12001 | EL41: Кровли | EM41: ФЕР-12 | EQ41: 0 | ER41: 263.06 | ES41: 263.06 | ET41: 0 | EU41: 0 | EV41: 0 | EW41: 0 | EX41: 0 | FQ41: 0 | FR41: 0 | FS41: 0 | FX41: 109 | FY41: 57 | GD41: 1 | GF41: 49387606 | GG41: 2 | GH41: 1 | GI41: 2 | GJ41: 0 | GK41: 0 | GL41: =ROUND(IF(AND(BH41=3,BI41=3,FS41<>0),P41,0),2) -> 0 | GM41: =ROUND(O41+X41+Y41,2)+GX41 -> 11711.28 | GN41: =IF(OR(BI41=0,BI41=1),GM41-GX41,0) -> 11711.28 | GO41: =IF(BI41=2,GM41-GX41,0) -> 0 | GP41: =IF(BI41=4,GM41-GX41,0) -> 0 | GR41: 0 | GS41: 3 | GT41: 0 | GV41: =ROUND((GT41),6) -> 0 | GW41: 1 | GX41: =ROUND(HC41*I41,2) -> 0 | HA41: 0 | HB41: 0 | HC41: =GV41*GW41 -> 0 | HN41: Пр/812-012.0-1 | HO41: Пр/774-012.0 | HP41: Кровли | HQ41: Кровли | HS41: 0 | IK41: 0
A42: 17 | B42: 1 | C42: =ROW(SmtRes!A41) -> 41 | D42: =ROW(EtalonRes!A31) -> 31 | E42: 3 | F42: 58-01-018-02 | G42: Смена обрешетки с прозорами: из досок толщиной свыше 30 до 50 мм | H42: 100 м2 | I42: =ROUND(580/100,7) -> 5.8 | J42: 0 | K42: =ROUND(580/100,7) -> 5.8 | O42: =ROUND(CP42,2) -> 130276.19 | P42: =SUMIF(SmtRes!AQ35:'SmtRes'!AQ41,"=1",SmtRes!DF35:'SmtRes'!DF41) -> 1780.13 | Q42: =SUMIF(SmtRes!AQ35:'SmtRes'!AQ41,"=1",SmtRes!DG35:'SmtRes'!DG41) -> 1128.91 | R42: =SUMIF(SmtRes!AQ35:'SmtRes'!AQ41,"=1",SmtRes!DH35:'SmtRes'!DH41) -> 657.7 | S42: =SUMIF(SmtRes!AQ35:'SmtRes'!AQ41,"=1",SmtRes!DI35:'SmtRes'!DI41) -> 126709.45 | T42: =ROUND(CU42*I42,2) -> 0 | U42: =SUMIF(SmtRes!AQ35:'SmtRes'!AQ41,"=1",SmtRes!CV35:'SmtRes'!CV41) -> 377.696 | V42: =SUMIF(SmtRes!AQ35:'SmtRes'!AQ41,"=1",SmtRes!CW35:'SmtRes'!CW41) -> 1.624 | W42: =ROUND(CX42*I42,2) -> 0 | X42: =ROUND(CY42,2) -> 114630.44 | Y42: =ROUND(CZ42,2) -> 58588.89 | AA42: 60841590 | AB42: =ROUND((AC42+AD42+AF42),6) -> 22346.569 | AC42: =ROUND((SUM(SmtRes!BQ35:'SmtRes'!BQ41)),6) -> 306.91968 | AD42: =ROUND((((SUM(SmtRes!BR35:'SmtRes'!BR41))-(SUM(SmtRes!BS35:'SmtRes'!BS41)))+AE42),6) -> 193.1918 | AE42: =ROUND((SUM(SmtRes!BS35:'SmtRes'!BS41)),6) -> 113.3972 | AF42: =ROUND((SUM(SmtRes!BT35:'SmtRes'!BT41)),6) -> 21846.458 | AG42: =ROUND((AP42),6) -> 0 | AH42: =(SUM(SmtRes!BU35:'SmtRes'!BU41)) -> 65.12 | AI42: =(SUM(SmtRes!BV35:'SmtRes'!BV41)) -> 0.28 | AJ42: =(AS42) -> 0 | AK42: 22459.966 | AL42: 306.91968 | AM42: 193.1918 | AN42: 113.3972 | AO42: 21846.458 | AP42: 0 | AQ42: 65.12 | AR42: 0.28 | AS42: 0 | AT42: 90 | AU42: 46 | AV42: 1 | AW42: 1 | AZ42: 1 | BA42: 1 | BB42: 1 | BC42: 1 | BH42: 0 | BI42: 1 | BJ42: ГЭСНр-2022 доп.19, 58-01-018-02, приказ Минстроя России от 12.08.2026 г. № 527/пр | BM42: 58001 | BN42: 0 | BP42: 0 | BQ42: 6 | BR42: 0 | BS42: 1 | BT42: 1 | BU42: 1 | BV42: 1 | BW42: 1 | BX42: 1 | BZ42: 90 | CA42: 46 | CE42: 0 | CF42: 0 | CG42: 0 | CM42: 0 | CO42: 0 | CP42: =(P42+Q42+S42+R42) -> 130276.19 | CQ42: =SUMIF(SmtRes!AQ35:'SmtRes'!AQ41,"=1",SmtRes!AA35:'SmtRes'!AA41) -> 76729.92 | CR42: =SUMIF(SmtRes!AQ35:'SmtRes'!AQ41,"=1",SmtRes!AB35:'SmtRes'!AB41) -> 691.08 | CS42: =SUMIF(SmtRes!AQ35:'SmtRes'!AQ41,"=1",SmtRes!AC35:'SmtRes'!AC41) -> 404.99 | CT42: =SUMIF(SmtRes!AQ35:'SmtRes'!AQ41,"=1",SmtRes!AD35:'SmtRes'!AD41) -> 335.48 | CU42: =AG42 -> 0 | CV42: =SUMIF(SmtRes!AQ35:'SmtRes'!AQ41,"=1",SmtRes!BU35:'SmtRes'!BU41) -> 65.12 | CW42: =SUMIF(SmtRes!AQ35:'SmtRes'!AQ41,"=1",SmtRes!BV35:'SmtRes'!BV41) -> 0.28 | CX42: =AJ42 -> 0 | CY42: =(((S42+R42)*AT42)/100) -> 114630.43 | CZ42: =(((S42+R42)*AU42)/100) -> 58588.889 | DN42: 0 | DO42: 0 | DP42: 1 | DQ42: 1 | DU42: 1005 | DV42: 100 м2 | DW42: 100 м2 | DX42: 100 | EE42: 58905933 | EF42: 6 | EG42: Ремонтно-строительные работы | EH42: 92 | EI42: Крыши, кровли | EJ42: 1 | EK42: 58001 | EL42: Крыши, кровли | EM42: рФЕР-58 | EQ42: 0 | ER42: 0 | ES42: 0 | ET42: 0 | EU42: 0 | EV42: 0 | EW42: 65.12 | EX42: 0.28 | EY42: 0 | FQ42: 0 | FR42: 0 | FS42: 0 | FX42: 90 | FY42: 46 | GD42: 1 | GF42: -758403604 | GG42: 2 | GH42: 1 | GI42: -2 | GJ42: 0 | GK42: 0 | GL42: =ROUND(IF(AND(BH42=3,BI42=3,FS42<>0),P42,0),2) -> 0 | GM42: =ROUND(O42+X42+Y42,2)+GX42 -> 303495.52 | GN42: =IF(OR(BI42=0,BI42=1),GM42-GX42,0) -> 303495.52 | GO42: =IF(BI42=2,GM42-GX42,0) -> 0 | GP42: =IF(BI42=4,GM42-GX42,0) -> 0 | GR42: 0 | GS42: 3 | GT42: 0 | GV42: =ROUND((GT42),6) -> 0 | GW42: 1 | GX42: =ROUND(HC42*I42,2) -> 0 | HA42: 0 | HB42: 0 | HC42: =GV42*GW42 -> 0 | HN42: Пр/812-092.0-1 | HO42: Пр/774-092.0 | HP42: Крыши, кровля | HQ42: Крыши, кровля | HS42: 0 | IK42: 0
A43: 17 | B43: 1 | C43: =ROW(SmtRes!A48) -> 48 | D43: =ROW(EtalonRes!A38) -> 38 | E43: 3 | F43: 58-01-018-02 | G43: Смена обрешетки с прозорами: из досок толщиной свыше 30 до 50 мм | H43: 100 м2 | I43: =ROUND(580/100,7) -> 5.8 | J43: 0 | K43: =ROUND(580/100,7) -> 5.8 | O43: =ROUND(CP43,2) -> 138630.63 | P43: =SUMIF(SmtRes!AQ42:'SmtRes'!AQ48,"=1",SmtRes!DF42:'SmtRes'!DF48) -> 1842.89 | Q43: =SUMIF(SmtRes!AQ42:'SmtRes'!AQ48,"=1",SmtRes!DG42:'SmtRes'!DG48) -> 1090.92 | R43: =SUMIF(SmtRes!AQ42:'SmtRes'!AQ48,"=1",SmtRes!DH42:'SmtRes'!DH48) -> 700.72 | S43: =SUMIF(SmtRes!AQ42:'SmtRes'!AQ48,"=1",SmtRes!DI42:'SmtRes'!DI48) -> 134996.1 | T43: =ROUND(CU43*I43,2) -> 0 | U43: =SUMIF(SmtRes!AQ42:'SmtRes'!AQ48,"=1",SmtRes!CV42:'SmtRes'!CV48) -> 377.696 | V43: =SUMIF(SmtRes!AQ42:'SmtRes'!AQ48,"=1",SmtRes!CW42:'SmtRes'!CW48) -> 1.624 | W43: =ROUND(CX43*I43,2) -> 0 | X43: =ROUND(CY43,2) -> 122127.14 | Y43: =ROUND(CZ43,2) -> 62420.54 | AA43: 60854600 | AB43: =ROUND((AC43+AD43+AF43),6) -> 23742.889 | AC43: =ROUND((SUM(SmtRes!BQ42:'SmtRes'!BQ48)),6) -> 281.1848 | AD43: =ROUND((((SUM(SmtRes!BR42:'SmtRes'!BR48))-(SUM(SmtRes!BS42:'SmtRes'!BS48)))+AE43),6) -> 186.5138 | AE43: =ROUND((SUM(SmtRes!BS42:'SmtRes'!BS48)),6) -> 120.8144 | AF43: =ROUND((SUM(SmtRes!BT42:'SmtRes'!BT48)),6) -> 23275.19 | AG43: =ROUND((AP43),6) -> 0 | AH43: =(SUM(SmtRes!BU42:'SmtRes'!BU48)) -> 65.12 | AI43: =(SUM(SmtRes!BV42:'SmtRes'!BV48)) -> 0.28 | AJ43: =(AS43) -> 0 | AK43: 23863.703 | AL43: 281.1848 | AM43: 186.5138 | AN43: 120.8144 | AO43: 23275.19 | AP43: 0 | AQ43: 65.12 | AR43: 0.28 | AS43: 0 | AT43: 90 | AU43: 46 | AV43: 1 | AW43: 1 | AZ43: 1 | BA43: 1 | BB43: 1 | BC43: 1 | BH43: 0 | BI43: 1 | BJ43: ГЭСНр-2022 доп.19, 58-01-018-02, приказ Минстроя России от 12.08.2026 г. № 527/пр | BM43: 58001 | BN43: 0 | BP43: 0 | BQ43: 6 | BR43: 0 | BS43: 1 | BT43: 1 | BU43: 1 | BV43: 1 | BW43: 1 | BX43: 1 | BZ43: 90 | CA43: 46 | CE43: 0 | CF43: 0 | CG43: 0 | CM43: 0 | CO43: 0 | CP43: =(P43+Q43+S43+R43) -> 138630.63 | CQ43: =SUMIF(SmtRes!AQ42:'SmtRes'!AQ48,"=1",SmtRes!AA42:'SmtRes'!AA48) -> 79434.71 | CR43: =SUMIF(SmtRes!AQ42:'SmtRes'!AQ48,"=1",SmtRes!AB42:'SmtRes'!AB48) -> 667.56 | CS43: =SUMIF(SmtRes!AQ42:'SmtRes'!AQ48,"=1",SmtRes!AC42:'SmtRes'!AC48) -> 431.48 | CT43: =SUMIF(SmtRes!AQ42:'SmtRes'!AQ48,"=1",SmtRes!AD42:'SmtRes'!AD48) -> 357.42 | CU43: =AG43 -> 0 | CV43: =SUMIF(SmtRes!AQ42:'SmtRes'!AQ48,"=1",SmtRes!BU42:'SmtRes'!BU48) -> 65.12 | CW43: =SUMIF(SmtRes!AQ42:'SmtRes'!AQ48,"=1",SmtRes!BV42:'SmtRes'!BV48) -> 0.28 | CX43: =AJ43 -> 0 | CY43: =(((S43+R43)*AT43)/100) -> 122127.14 | CZ43: =(((S43+R43)*AU43)/100) -> 62420.537 | DN43: 0 | DO43: 0 | DP43: 1 | DQ43: 1 | DU43: 1005 | DV43: 100 м2 | DW43: 100 м2 | DX43: 100 | EE43: 58905933 | EF43: 6 | EG43: Ремонтно-строительные работы | EH43: 92 | EI43: Крыши, кровли | EJ43: 1 | EK43: 58001 | EL43: Крыши, кровли | EM43: рФЕР-58 | EQ43: 0 | ER43: 0 | ES43: 0 | ET43: 0 | EU43: 0 | EV43: 0 | EW43: 65.12 | EX43: 0.28 | EY43: 0 | FQ43: 0 | FR43: 0 | FS43: 0 | FX43: 90 | FY43: 46 | GD43: 1 | GF43: -758403604 | GG43: 2 | GH43: 1 | GI43: -2 | GJ43: 0 | GK43: 0 | GL43: =ROUND(IF(AND(BH43=3,BI43=3,FS43<>0),P43,0),2) -> 0 | GM43: =ROUND(O43+X43+Y43,2)+GX43 -> 323178.31 | GN43: =IF(OR(BI43=0,BI43=1),GM43-GX43,0) -> 323178.31 | GO43: =IF(BI43=2,GM43-GX43,0) -> 0 | GP43: =IF(BI43=4,GM43-GX43,0) -> 0 | GR43: 0 | GS43: 3 | GT43: 0 | GV43: =ROUND((GT43),6) -> 0 | GW43: 1 | GX43: =ROUND(HC43*I43,2) -> 0 | HA43: 0 | HB43: 0 | HC43: =GV43*GW43 -> 0 | HN43: Пр/812-092.0-1 | HO43: Пр/774-092.0 | HP43: Крыши, кровля | HQ43: Крыши, кровля | HS43: 0 | IK43: 0
A44: 18 | B44: 1 | C44: 40 | E44: 3,1 | F44: 11.1.03.05-0008 | G44: Доска необрезная лиственных пород (береза), естественной влажности, длина 2-6,5 м, все ширины, толщина 45 мм и более, сорт II | H44: м3 | I44: =I42*J44 -> 7.54 | J44: 1.3 | K44: 1.3 | O44: =ROUND(CP44,2) -> 213794.44 | P44: =ROUND(CQ44*I44,2) -> 213794.44 | Q44: =ROUND(CR44*I44,2) -> 0 | R44: =ROUND(CS44*I44,2) -> 0 | S44: =ROUND(CT44*I44,2) -> 0 | T44: =ROUND(CU44*I44,2) -> 0 | U44: =ROUND(CV44*I44,7) -> 0 | V44: =ROUND(CW44*I44,7) -> 0 | W44: =ROUND(CX44*I44,2) -> 0 | X44: =ROUND(CY44,2) -> 0 | Y44: =ROUND(CZ44,2) -> 0 | AA44: 60841590 | AB44: =ROUND((AC44+AD44+AF44),6) -> 19030 | AC44: =ROUND((ES44),6) -> 19030 | AD44: =ROUND((((ET44)-(EU44))+AE44),6) -> 0 | AE44: =ROUND((EU44),6) -> 0 | AF44: =ROUND((EV44),6) -> 0 | AG44: =ROUND((AP44),6) -> 0 | AH44: =(EW44) -> 0 | AI44: =(EX44) -> 0 | AJ44: =(AS44) -> 0 | AK44: 19030 | AL44: 19030 | AM44: 0 | AN44: 0 | AO44: 0 | AP44: 0 | AQ44: 0 | AR44: 0 | AS44: 0 | AT44: 90 | AU44: 46 | AV44: 1 | AW44: 1 | AZ44: 1 | BA44: 1 | BB44: 1 | BC44: 1.49 | BH44: 3 | BI44: 1 | BJ44: ФСБЦ-2022, 11.1.03.05-0008, приказ Минстроя России от 18.05.2022 г. № 378/пр | BM44: 58001 | BN44: 0 | BO44: 11.1.03.05-0008 | BP44: 1 | BQ44: 6 | BR44: 0 | BS44: 1 | BT44: 1 | BU44: 1 | BV44: 1 | BW44: 1 | BX44: 1 | BZ44: 90 | CA44: 46 | CE44: 0 | CF44: 0 | CG44: 0 | CM44: 0 | CO44: 0 | CP44: =(P44+Q44+S44+R44) -> 213794.44 | CQ44: =ROUND(AL44*BC44,2) -> 28354.7 | CR44: =ROUND(AM44*BB44,2) -> 0 | CS44: =ROUND(AN44*BS44,2) -> 0 | CT44: =ROUND(AO44*BA44,2) -> 0 | CU44: =AG44 -> 0 | CV44: =AH44 -> 0 | CW44: =AI44 -> 0 | CX44: =AJ44 -> 0 | CY44: =(((S44+R44)*AT44)/100) -> 0 | CZ44: =(((S44+R44)*AU44)/100) -> 0 | DN44: 0 | DO44: 0 | DP44: 1 | DQ44: 1 | DU44: 1007 | DV44: м3 | DW44: м3 | DX44: 1 | EE44: 58905933 | EF44: 6 | EG44: Ремонтно-строительные работы | EH44: 92 | EI44: Крыши, кровли | EJ44: 1 | EK44: 58001 | EL44: Крыши, кровли | EM44: рФЕР-58 | EQ44: 0 | ER44: 19030 | ES44: 19030 | ET44: 0 | EU44: 0 | EV44: 0 | EW44: 0 | EX44: 0 | FQ44: 0 | FR44: 0 | FS44: 0 | FX44: 90 | FY44: 46 | GD44: 1 | GF44: -886292621 | GG44: 2 | GH44: 1 | GI44: 2 | GJ44: 0 | GK44: 0 | GL44: =ROUND(IF(AND(BH44=3,BI44=3,FS44<>0),P44,0),2) -> 0 | GM44: =ROUND(O44+X44+Y44,2)+GX44 -> 213794.44 | GN44: =IF(OR(BI44=0,BI44=1),GM44-GX44,0) -> 213794.44 | GO44: =IF(BI44=2,GM44-GX44,0) -> 0 | GP44: =IF(BI44=4,GM44-GX44,0) -> 0 | GR44: 0 | GS44: 3 | GT44: 0 | GV44: =ROUND((GT44),6) -> 0 | GW44: 1 | GX44: =ROUND(HC44*I44,2) -> 0 | HA44: 0 | HB44: 0 | HC44: =GV44*GW44 -> 0 | HN44: Пр/812-092.0-1 | HO44: Пр/774-092.0 | HP44: Крыши, кровля | HQ44: Крыши, кровля | HS44: 0 | IK44: 0
A45: 18 | B45: 1 | C45: 47 | E45: 3,1 | F45: 11.1.03.05-0008 | G45: Доска необрезная лиственных пород (береза), естественной влажности, длина 2-6,5 м, все ширины, толщина 45 мм и более, сорт II | H45: м3 | I45: =I43*J45 -> 7.54 | J45: 1.3 | K45: 1.3 | O45: =ROUND(CP45,2) -> 215229.3 | P45: =ROUND(CQ45*I45,2) -> 215229.3 | Q45: =ROUND(CR45*I45,2) -> 0 | R45: =ROUND(CS45*I45,2) -> 0 | S45: =ROUND(CT45*I45,2) -> 0 | T45: =ROUND(CU45*I45,2) -> 0 | U45: =ROUND(CV45*I45,7) -> 0 | V45: =ROUND(CW45*I45,7) -> 0 | W45: =ROUND(CX45*I45,2) -> 0 | X45: =ROUND(CY45,2) -> 0 | Y45: =ROUND(CZ45,2) -> 0 | AA45: 60854600 | AB45: =ROUND((AC45+AD45+AF45),6) -> 19030 | AC45: =ROUND((ES45),6) -> 19030 | AD45: =ROUND((((ET45)-(EU45))+AE45),6) -> 0 | AE45: =ROUND((EU45),6) -> 0 | AF45: =ROUND((EV45),6) -> 0 | AG45: =ROUND((AP45),6) -> 0 | AH45: =(EW45) -> 0 | AI45: =(EX45) -> 0 | AJ45: =(AS45) -> 0 | AK45: 19030 | AL45: 19030 | AM45: 0 | AN45: 0 | AO45: 0 | AP45: 0 | AQ45: 0 | AR45: 0 | AS45: 0 | AT45: 90 | AU45: 46 | AV45: 1 | AW45: 1 | AZ45: 1 | BA45: 1 | BB45: 1 | BC45: 1.5 | BH45: 3 | BI45: 1 | BJ45: ФСБЦ-2022, 11.1.03.05-0008, приказ Минстроя России от 18.05.2022 г. № 378/пр | BM45: 58001 | BN45: 0 | BO45: 11.1.03.05-0008 | BP45: 1 | BQ45: 6 | BR45: 0 | BS45: 1 | BT45: 1 | BU45: 1 | BV45: 1 | BW45: 1 | BX45: 1 | BZ45: 90 | CA45: 46 | CE45: 0 | CF45: 0 | CG45: 0 | CM45: 0 | CO45: 0 | CP45: =(P45+Q45+S45+R45) -> 215229.3 | CQ45: =ROUND(AL45*BC45,2) -> 28545 | CR45: =ROUND(AM45*BB45,2) -> 0 | CS45: =ROUND(AN45*BS45,2) -> 0 | CT45: =ROUND(AO45*BA45,2) -> 0 | CU45: =AG45 -> 0 | CV45: =AH45 -> 0 | CW45: =AI45 -> 0 | CX45: =AJ45 -> 0 | CY45: =(((S45+R45)*AT45)/100) -> 0 | CZ45: =(((S45+R45)*AU45)/100) -> 0 | DN45: 0 | DO45: 0 | DP45: 1 | DQ45: 1 | DU45: 1007 | DV45: м3 | DW45: м3 | DX45: 1 | EE45: 58905933 | EF45: 6 | EG45: Ремонтно-строительные работы | EH45: 92 | EI45: Крыши, кровли | EJ45: 1 | EK45: 58001 | EL45: Крыши, кровли | EM45: рФЕР-58 | EQ45: 0 | ER45: 19030 | ES45: 19030 | ET45: 0 | EU45: 0 | EV45: 0 | EW45: 0 | EX45: 0 | FQ45: 0 | FR45: 0 | FS45: 0 | FX45: 90 | FY45: 46 | GD45: 1 | GF45: -886292621 | GG45: 2 | GH45: 1 | GI45: 2 | GJ45: 0 | GK45: 0 | GL45: =ROUND(IF(AND(BH45=3,BI45=3,FS45<>0),P45,0),2) -> 0 | GM45: =ROUND(O45+X45+Y45,2)+GX45 -> 215229.3 | GN45: =IF(OR(BI45=0,BI45=1),GM45-GX45,0) -> 215229.3 | GO45: =IF(BI45=2,GM45-GX45,0) -> 0 | GP45: =IF(BI45=4,GM45-GX45,0) -> 0 | GR45: 0 | GS45: 3 | GT45: 0 | GV45: =ROUND((GT45),6) -> 0 | GW45: 1 | GX45: =ROUND(HC45*I45,2) -> 0 | HA45: 0 | HB45: 0 | HC45: =GV45*GW45 -> 0 | HN45: Пр/812-092.0-1 | HO45: Пр/774-092.0 | HP45: Крыши, кровля | HQ45: Крыши, кровля | HS45: 0 | IK45: 0
A46: 18 | B46: 1 | C46: 41 | E46: 3,2 | F46: 999-9900 | G46: Строительный мусор | H46: т | I46: =I42*J46 -> 12.238 | J46: 2.11 | K46: 2.11 | O46: =ROUND(CP46,2) -> 0 | P46: =ROUND(CQ46*I46,2) -> 0 | Q46: =ROUND(CR46*I46,2) -> 0 | R46: =ROUND(CS46*I46,2) -> 0 | S46: =ROUND(CT46*I46,2) -> 0 | T46: =ROUND(CU46*I46,2) -> 0 | U46: =ROUND(CV46*I46,7) -> 0 | V46: =ROUND(CW46*I46,7) -> 0 | W46: =ROUND(CX46*I46,2) -> 0 | X46: =ROUND(CY46,2) -> 0 | Y46: =ROUND(CZ46,2) -> 0 | AA46: 60841590 | AB46: =ROUND((AC46+AD46+AF46),6) -> 0 | AC46: =ROUND((ES46),6) -> 0 | AD46: =ROUND((((ET46)-(EU46))+AE46),6) -> 0 | AE46: =ROUND((EU46),6) -> 0 | AF46: =ROUND((EV46),6) -> 0 | AG46: =ROUND((AP46),6) -> 0 | AH46: =(EW46) -> 0 | AI46: =(EX46) -> 0 | AJ46: =(AS46) -> 0 | AK46: 0 | AL46: 0 | AM46: 0 | AN46: 0 | AO46: 0 | AP46: 0 | AQ46: 0 | AR46: 0 | AS46: 0 | AT46: 90 | AU46: 46 | AV46: 1 | AW46: 1 | AZ46: 1 | BA46: 1 | BB46: 1 | BC46: 1 | BH46: 3 | BI46: 1 | BM46: 58001 | BN46: 0 | BP46: 0 | BQ46: 6 | BR46: 0 | BS46: 1 | BT46: 1 | BU46: 1 | BV46: 1 | BW46: 1 | BX46: 1 | BZ46: 90 | CA46: 46 | CE46: 0 | CF46: 0 | CG46: 0 | CM46: 0 | CO46: 0 | CP46: =(P46+Q46+S46+R46) -> 0 | CQ46: =ROUND(AL46*BC46,2) -> 0 | CR46: =ROUND(AM46*BB46,2) -> 0 | CS46: =ROUND(AN46*BS46,2) -> 0 | CT46: =ROUND(AO46*BA46,2) -> 0 | CU46: =AG46 -> 0 | CV46: =AH46 -> 0 | CW46: =AI46 -> 0 | CX46: =AJ46 -> 0 | CY46: =(((S46+R46)*AT46)/100) -> 0 | CZ46: =(((S46+R46)*AU46)/100) -> 0 | DN46: 0 | DO46: 0 | DP46: 1 | DQ46: 1 | DU46: 1009 | DV46: т | DW46: т | DX46: 1000 | EE46: 58905933 | EF46: 6 | EG46: Ремонтно-строительные работы | EH46: 92 | EI46: Крыши, кровли | EJ46: 1 | EK46: 58001 | EL46: Крыши, кровли | EM46: рФЕР-58 | EQ46: 0 | ER46: 0 | ES46: 0 | ET46: 0 | EU46: 0 | EV46: 0 | EW46: 0 | EX46: 0 | FQ46: 0 | FR46: 0 | FS46: 0 | FX46: 90 | FY46: 46 | GD46: 1 | GF46: 2102561428 | GG46: 2 | GH46: 1 | GI46: -2 | GJ46: 0 | GK46: 0 | GL46: =ROUND(IF(AND(BH46=3,BI46=3,FS46<>0),P46,0),2) -> 0 | GM46: =ROUND(O46+X46+Y46,2)+GX46 -> 0 | GN46: =IF(OR(BI46=0,BI46=1),GM46-GX46,0) -> 0 | GO46: =IF(BI46=2,GM46-GX46,0) -> 0 | GP46: =IF(BI46=4,GM46-GX46,0) -> 0 | GR46: 0 | GS46: 3 | GT46: 0 | GV46: =ROUND((GT46),6) -> 0 | GW46: 1 | GX46: =ROUND(HC46*I46,2) -> 0 | HA46: 0 | HB46: 0 | HC46: =GV46*GW46 -> 0 | HN46: Пр/812-092.0-1 | HO46: Пр/774-092.0 | HP46: Крыши, кровля | HQ46: Крыши, кровля | HS46: 0 | IK46: 0
A47: 18 | B47: 1 | C47: 48 | E47: 3,2 | F47: 999-9900 | G47: Строительный мусор | H47: т | I47: =I43*J47 -> 12.238 | J47: 2.11 | K47: 2.11 | O47: =ROUND(CP47,2) -> 0 | P47: =ROUND(CQ47*I47,2) -> 0 | Q47: =ROUND(CR47*I47,2) -> 0 | R47: =ROUND(CS47*I47,2) -> 0 | S47: =ROUND(CT47*I47,2) -> 0 | T47: =ROUND(CU47*I47,2) -> 0 | U47: =ROUND(CV47*I47,7) -> 0 | V47: =ROUND(CW47*I47,7) -> 0 | W47: =ROUND(CX47*I47,2) -> 0 | X47: =ROUND(CY47,2) -> 0 | Y47: =ROUND(CZ47,2) -> 0 | AA47: 60854600 | AB47: =ROUND((AC47+AD47+AF47),6) -> 0 | AC47: =ROUND((ES47),6) -> 0 | AD47: =ROUND((((ET47)-(EU47))+AE47),6) -> 0 | AE47: =ROUND((EU47),6) -> 0 | AF47: =ROUND((EV47),6) -> 0 | AG47: =ROUND((AP47),6) -> 0 | AH47: =(EW47) -> 0 | AI47: =(EX47) -> 0 | AJ47: =(AS47) -> 0 | AK47: 0 | AL47: 0 | AM47: 0 | AN47: 0 | AO47: 0 | AP47: 0 | AQ47: 0 | AR47: 0 | AS47: 0 | AT47: 90 | AU47: 46 | AV47: 1 | AW47: 1 | AZ47: 1 | BA47: 1 | BB47: 1 | BC47: 1 | BH47: 3 | BI47: 1 | BM47: 58001 | BN47: 0 | BP47: 0 | BQ47: 6 | BR47: 0 | BS47: 1 | BT47: 1 | BU47: 1 | BV47: 1 | BW47: 1 | BX47: 1 | BZ47: 90 | CA47: 46 | CE47: 0 | CF47: 0 | CG47: 0 | CM47: 0 | CO47: 0 | CP47: =(P47+Q47+S47+R47) -> 0 | CQ47: =ROUND(AL47*BC47,2) -> 0 | CR47: =ROUND(AM47*BB47,2) -> 0 | CS47: =ROUND(AN47*BS47,2) -> 0 | CT47: =ROUND(AO47*BA47,2) -> 0 | CU47: =AG47 -> 0 | CV47: =AH47 -> 0 | CW47: =AI47 -> 0 | CX47: =AJ47 -> 0 | CY47: =(((S47+R47)*AT47)/100) -> 0 | CZ47: =(((S47+R47)*AU47)/100) -> 0 | DN47: 0 | DO47: 0 | DP47: 1 | DQ47: 1 | DU47: 1009 | DV47: т | DW47: т | DX47: 1000 | EE47: 58905933 | EF47: 6 | EG47: Ремонтно-строительные работы | EH47: 92 | EI47: Крыши, кровли | EJ47: 1 | EK47: 58001 | EL47: Крыши, кровли | EM47: рФЕР-58 | EQ47: 0 | ER47: 0 | ES47: 0 | ET47: 0 | EU47: 0 | EV47: 0 | EW47: 0 | EX47: 0 | FQ47: 0 | FR47: 0 | FS47: 0 | FX47: 90 | FY47: 46 | GD47: 1 | GF47: 2102561428 | GG47: 2 | GH47: 1 | GI47: -2 | GJ47: 0 | GK47: 0 | GL47: =ROUND(IF(AND(BH47=3,BI47=3,FS47<>0),P47,0),2) -> 0 | GM47: =ROUND(O47+X47+Y47,2)+GX47 -> 0 | GN47: =IF(OR(BI47=0,BI47=1),GM47-GX47,0) -> 0 | GO47: =IF(BI47=2,GM47-GX47,0) -> 0 | GP47: =IF(BI47=4,GM47-GX47,0) -> 0 | GR47: 0 | GS47: 3 | GT47: 0 | GV47: =ROUND((GT47),6) -> 0 | GW47: 1 | GX47: =ROUND(HC47*I47,2) -> 0 | HA47: 0 | HB47: 0 | HC47: =GV47*GW47 -> 0 | HN47: Пр/812-092.0-1 | HO47: Пр/774-092.0 | HP47: Крыши, кровля | HQ47: Крыши, кровля | HS47: 0 | IK47: 0
A48: 17 | B48: 1 | C48: =ROW(SmtRes!A62) -> 62 | D48: =ROW(EtalonRes!A52) -> 52 | E48: 4 | F48: 10-01-010-01 | G48: Смена элементов каркаса: из брусьев | H48: м3 | I48: 2 | J48: 0 | K48: 2 | O48: =ROUND(CP48,2) -> 25511.94 | P48: =SUMIF(SmtRes!AQ49:'SmtRes'!AQ62,"=1",SmtRes!DF49:'SmtRes'!DF62) -> 8817.76 | Q48: =SUMIF(SmtRes!AQ49:'SmtRes'!AQ62,"=1",SmtRes!DG49:'SmtRes'!DG62) -> 490.14 | R48: =SUMIF(SmtRes!AQ49:'SmtRes'!AQ62,"=1",SmtRes!DH49:'SmtRes'!DH62) -> 291.59 | S48: =SUMIF(SmtRes!AQ49:'SmtRes'!AQ62,"=1",SmtRes!DI49:'SmtRes'!DI62) -> 15912.45 | T48: =ROUND(CU48*I48,2) -> 0 | U48: =SUMIF(SmtRes!AQ49:'SmtRes'!AQ62,"=1",SmtRes!CV49:'SmtRes'!CV62) -> 45 | V48: =SUMIF(SmtRes!AQ49:'SmtRes'!AQ62,"=1",SmtRes!CW49:'SmtRes'!CW62) -> 0.72 | W48: =ROUND(CX48*I48,2) -> 0 | X48: =ROUND(CY48,2) -> 17500.36 | Y48: =ROUND(CZ48,2) -> 8912.22 | AA48: 60841590 | AB48: =ROUND((AC48+AD48+AF48),6) -> 11604.665 | AC48: =ROUND((SUM(SmtRes!BQ49:'SmtRes'!BQ62)),6) -> 3403.37 | AD48: =ROUND((((SUM(SmtRes!BR49:'SmtRes'!BR62))-(SUM(SmtRes!BS49:'SmtRes'!BS62)))+AE48),6) -> 245.07 | AE48: =ROUND((SUM(SmtRes!BS49:'SmtRes'!BS62)),6) -> 145.7964 | AF48: =ROUND((SUM(SmtRes!BT49:'SmtRes'!BT62)),6) -> 7956.225 | AG48: =ROUND((AP48),6) -> 0 | AH48: =(SUM(SmtRes!BU49:'SmtRes'!BU62)) -> 22.5 | AI48: =(SUM(SmtRes!BV49:'SmtRes'!BV62)) -> 0.36 | AJ48: =(AS48) -> 0 | AK48: 11750.461 | AL48: 3403.37 | AM48: 245.07 | AN48: 145.7964 | AO48: 7956.225 | AP48: 0 | AQ48: 22.5 | AR48: 0.36 | AS48: 0 | AT48: 108 | AU48: 55 | AV48: 1 | AW48: 1 | AZ48: 1 | BA48: 1 | BB48: 1 | BC48: 1 | BH48: 0 | BI48: 1 | BJ48: ГЭСН-2022 доп.19, 10-01-010-01, приказ Минстроя России от 12.08.2026 г. № 527/пр | BM48: 10001 | BN48: 0 | BP48: 0 | BQ48: 2 | BR48: 0 | BS48: 1 | BT48: 1 | BU48: 1 | BV48: 1 | BW48: 1 | BX48: 1 | BZ48: 108 | CA48: 55 | CE48: 0 | CF48: 0 | CG48: 0 | CM48: 0 | CO48: 0 | CP48: =(P48+Q48+S48+R48) -> 25511.94 | CQ48: =SUMIF(SmtRes!AQ49:'SmtRes'!AQ62,"=1",SmtRes!AA49:'SmtRes'!AA62) -> 385334.34 | CR48: =SUMIF(SmtRes!AQ49:'SmtRes'!AQ62,"=1",SmtRes!AB49:'SmtRes'!AB62) -> 680.75 | CS48: =SUMIF(SmtRes!AQ49:'SmtRes'!AQ62,"=1",SmtRes!AC49:'SmtRes'!AC62) -> 404.99 | CT48: =SUMIF(SmtRes!AQ49:'SmtRes'!AQ62,"=1",SmtRes!AD49:'SmtRes'!AD62) -> 353.61 | CU48: =AG48 -> 0 | CV48: =SUMIF(SmtRes!AQ49:'SmtRes'!AQ62,"=1",SmtRes!BU49:'SmtRes'!BU62) -> 22.5 | CW48: =SUMIF(SmtRes!AQ49:'SmtRes'!AQ62,"=1",SmtRes!BV49:'SmtRes'!BV62) -> 0.36 | CX48: =AJ48 -> 0 | CY48: =(((S48+R48)*AT48)/100) -> 17500.363 | CZ48: =(((S48+R48)*AU48)/100) -> 8912.222 | DN48: 0 | DO48: 0 | DP48: 1 | DQ48: 1 | DU48: 1007 | DV48: м3 | DW48: м3 | DX48: 1 | EE48: 58905854 | EF48: 2 | EG48: Общестроительные работы | EH48: 10 | EI48: Деревянные конструкции | EJ48: 1 | EK48: 10001 | EL48: Деревянные конструкции | EM48: ФЕР-10 | EQ48: 0 | ER48: 0 | ES48: 0 | ET48: 0 | EU48: 0 | EV48: 0 | EW48: 22.5 | EX48: 0.36 | EY48: 0 | FQ48: 0 | FR48: 0 | FS48: 0 | FX48: 108 | FY48: 55 | GD48: 1 | GF48: 1041936881 | GG48: 2 | GH48: 1 | GI48: -2 | GJ48: 0 | GK48: 0 | GL48: =ROUND(IF(AND(BH48=3,BI48=3,FS48<>0),P48,0),2) -> 0 | GM48: =ROUND(O48+X48+Y48,2)+GX48 -> 51924.52 | GN48: =IF(OR(BI48=0,BI48=1),GM48-GX48,0) -> 51924.52 | GO48: =IF(BI48=2,GM48-GX48,0) -> 0 | GP48: =IF(BI48=4,GM48-GX48,0) -> 0 | GR48: 0 | GS48: 3 | GT48: 0 | GV48: =ROUND((GT48),6) -> 0 | GW48: 1 | GX48: =ROUND(HC48*I48,2) -> 0 | HA48: 0 | HB48: 0 | HC48: =GV48*GW48 -> 0 | HN48: Пр/812-010.0-1 | HO48: Пр/774-010.0 | HP48: Деревянные конструкции | HQ48: Деревянные конструкции | HS48: 0 | IK48: 0
A49: 17 | B49: 1 | C49: =ROW(SmtRes!A76) -> 76 | D49: =ROW(EtalonRes!A66) -> 66 | E49: 4 | F49: 10-01-010-01 | G49: Смена элементов каркаса: из брусьев | H49: м3 | I49: 2 | J49: 0 | K49: 2 | O49: =ROUND(CP49,2) -> 26609.72 | P49: =SUMIF(SmtRes!AQ63:'SmtRes'!AQ76,"=1",SmtRes!DF63:'SmtRes'!DF76) -> 8872.78 | Q49: =SUMIF(SmtRes!AQ63:'SmtRes'!AQ76,"=1",SmtRes!DG63:'SmtRes'!DG76) -> 472.97 | R49: =SUMIF(SmtRes!AQ63:'SmtRes'!AQ76,"=1",SmtRes!DH63:'SmtRes'!DH76) -> 310.67 | S49: =SUMIF(SmtRes!AQ63:'SmtRes'!AQ76,"=1",SmtRes!DI63:'SmtRes'!DI76) -> 16953.3 | T49: =ROUND(CU49*I49,2) -> 0 | U49: =SUMIF(SmtRes!AQ63:'SmtRes'!AQ76,"=1",SmtRes!CV63:'SmtRes'!CV76) -> 45 | V49: =SUMIF(SmtRes!AQ63:'SmtRes'!AQ76,"=1",SmtRes!CW63:'SmtRes'!CW76) -> 0.72 | W49: =ROUND(CX49*I49,2) -> 0 | X49: =ROUND(CY49,2) -> 18645.09 | Y49: =ROUND(CZ49,2) -> 9495.18 | AA49: 60854600 | AB49: =ROUND((AC49+AD49+AF49),6) -> 12147.662 | AC49: =ROUND((SUM(SmtRes!BQ63:'SmtRes'!BQ76)),6) -> 3434.5285 | AD49: =ROUND((((SUM(SmtRes!BR63:'SmtRes'!BR76))-(SUM(SmtRes!BS63:'SmtRes'!BS76)))+AE49),6) -> 236.484 | AE49: =ROUND((SUM(SmtRes!BS63:'SmtRes'!BS76)),6) -> 155.3328 | AF49: =ROUND((SUM(SmtRes!BT63:'SmtRes'!BT76)),6) -> 8476.65 | AG49: =ROUND((AP49),6) -> 0 | AH49: =(SUM(SmtRes!BU63:'SmtRes'!BU76)) -> 22.5 | AI49: =(SUM(SmtRes!BV63:'SmtRes'!BV76)) -> 0.36 | AJ49: =(AS49) -> 0 | AK49: 12302.995 | AL49: 3434.5285 | AM49: 236.484 | AN49: 155.3328 | AO49: 8476.65 | AP49: 0 | AQ49: 22.5 | AR49: 0.36 | AS49: 0 | AT49: 108 | AU49: 55 | AV49: 1 | AW49: 1 | AZ49: 1 | BA49: 1 | BB49: 1 | BC49: 1 | BH49: 0 | BI49: 1 | BJ49: ГЭСН-2022 доп.19, 10-01-010-01, приказ Минстроя России от 12.08.2026 г. № 527/пр | BM49: 10001 | BN49: 0 | BP49: 0 | BQ49: 2 | BR49: 0 | BS49: 1 | BT49: 1 | BU49: 1 | BV49: 1 | BW49: 1 | BX49: 1 | BZ49: 108 | CA49: 55 | CE49: 0 | CF49: 0 | CG49: 0 | CM49: 0 | CO49: 0 | CP49: =(P49+Q49+S49+R49) -> 26609.72 | CQ49: =SUMIF(SmtRes!AQ63:'SmtRes'!AQ76,"=1",SmtRes!AA63:'SmtRes'!AA76) -> 385964.69 | CR49: =SUMIF(SmtRes!AQ63:'SmtRes'!AQ76,"=1",SmtRes!AB63:'SmtRes'!AB76) -> 656.9 | CS49: =SUMIF(SmtRes!AQ63:'SmtRes'!AQ76,"=1",SmtRes!AC63:'SmtRes'!AC76) -> 431.48 | CT49: =SUMIF(SmtRes!AQ63:'SmtRes'!AQ76,"=1",SmtRes!AD63:'SmtRes'!AD76) -> 376.74 | CU49: =AG49 -> 0 | CV49: =SUMIF(SmtRes!AQ63:'SmtRes'!AQ76,"=1",SmtRes!BU63:'SmtRes'!BU76) -> 22.5 | CW49: =SUMIF(SmtRes!AQ63:'SmtRes'!AQ76,"=1",SmtRes!BV63:'SmtRes'!BV76) -> 0.36 | CX49: =AJ49 -> 0 | CY49: =(((S49+R49)*AT49)/100) -> 18645.088 | CZ49: =(((S49+R49)*AU49)/100) -> 9495.1835 | DN49: 0 | DO49: 0 | DP49: 1 | DQ49: 1 | DU49: 1007 | DV49: м3 | DW49: м3 | DX49: 1 | EE49: 58905854 | EF49: 2 | EG49: Общестроительные работы | EH49: 10 | EI49: Деревянные конструкции | EJ49: 1 | EK49: 10001 | EL49: Деревянные конструкции | EM49: ФЕР-10 | EQ49: 0 | ER49: 0 | ES49: 0 | ET49: 0 | EU49: 0 | EV49: 0 | EW49: 22.5 | EX49: 0.36 | EY49: 0 | FQ49: 0 | FR49: 0 | FS49: 0 | FX49: 108 | FY49: 55 | GD49: 1 | GF49: 1041936881 | GG49: 2 | GH49: 1 | GI49: -2 | GJ49: 0 | GK49: 0 | GL49: =ROUND(IF(AND(BH49=3,BI49=3,FS49<>0),P49,0),2) -> 0 | GM49: =ROUND(O49+X49+Y49,2)+GX49 -> 54749.99 | GN49: =IF(OR(BI49=0,BI49=1),GM49-GX49,0) -> 54749.99 | GO49: =IF(BI49=2,GM49-GX49,0) -> 0 | GP49: =IF(BI49=4,GM49-GX49,0) -> 0 | GR49: 0 | GS49: 3 | GT49: 0 | GV49: =ROUND((GT49),6) -> 0 | GW49: 1 | GX49: =ROUND(HC49*I49,2) -> 0 | HA49: 0 | HB49: 0 | HC49: =GV49*GW49 -> 0 | HN49: Пр/812-010.0-1 | HO49: Пр/774-010.0 | HP49: Деревянные конструкции | HQ49: Деревянные конструкции | HS49: 0 | IK49: 0
A50: 18 | B50: 1 | C50: 57 | E50: 4,1 | F50: 11.1.03.01-0066 | G50: Брус обрезной хвойных пород (ель, сосна), естественной влажности, длина 2-6,5 м, ширина 100 и более мм, толщина 100 и более мм, сорт II | H50: м3 | I50: =I48*J50 -> 1.86 | J50: 0.93 | K50: 0.93 | O50: =ROUND(CP50,2) -> 32527.22 | P50: =ROUND(CQ50*I50,2) -> 32527.22 | Q50: =ROUND(CR50*I50,2) -> 0 | R50: =ROUND(CS50*I50,2) -> 0 | S50: =ROUND(CT50*I50,2) -> 0 | T50: =ROUND(CU50*I50,2) -> 0 | U50: =ROUND(CV50*I50,7) -> 0 | V50: =ROUND(CW50*I50,7) -> 0 | W50: =ROUND(CX50*I50,2) -> 0 | X50: =ROUND(CY50,2) -> 0 | Y50: =ROUND(CZ50,2) -> 0 | AA50: 60841590 | AB50: =ROUND((AC50+AD50+AF50),6) -> 16655 | AC50: =ROUND((ES50),6) -> 16655 | AD50: =ROUND((((ET50)-(EU50))+AE50),6) -> 0 | AE50: =ROUND((EU50),6) -> 0 | AF50: =ROUND((EV50),6) -> 0 | AG50: =ROUND((AP50),6) -> 0 | AH50: =(EW50) -> 0 | AI50: =(EX50) -> 0 | AJ50: =(AS50) -> 0 | AK50: 16655 | AL50: 16655 | AM50: 0 | AN50: 0 | AO50: 0 | AP50: 0 | AQ50: 0 | AR50: 0 | AS50: 0 | AT50: 108 | AU50: 55 | AV50: 1 | AW50: 1 | AZ50: 1 | BA50: 1 | BB50: 1 | BC50: 1.05 | BH50: 3 | BI50: 1 | BJ50: ФСБЦ-2022, 11.1.03.01-0066, приказ Минстроя России от 18.05.2022 г. № 378/пр | BM50: 10001 | BN50: 0 | BO50: 11.1.03.01-0066 | BP50: 1 | BQ50: 2 | BR50: 0 | BS50: 1 | BT50: 1 | BU50: 1 | BV50: 1 | BW50: 1 | BX50: 1 | BZ50: 108 | CA50: 55 | CE50: 0 | CF50: 0 | CG50: 0 | CM50: 0 | CO50: 0 | CP50: =(P50+Q50+S50+R50) -> 32527.22 | CQ50: =ROUND(AL50*BC50,2) -> 17487.75 | CR50: =ROUND(AM50*BB50,2) -> 0 | CS50: =ROUND(AN50*BS50,2) -> 0 | CT50: =ROUND(AO50*BA50,2) -> 0 | CU50: =AG50 -> 0 | CV50: =AH50 -> 0 | CW50: =AI50 -> 0 | CX50: =AJ50 -> 0 | CY50: =(((S50+R50)*AT50)/100) -> 0 | CZ50: =(((S50+R50)*AU50)/100) -> 0 | DN50: 0 | DO50: 0 | DP50: 1 | DQ50: 1 | DU50: 1007 | DV50: м3 | DW50: м3 | DX50: 1 | EE50: 58905854 | EF50: 2 | EG50: Общестроительные работы | EH50: 10 | EI50: Деревянные конструкции | EJ50: 1 | EK50: 10001 | EL50: Деревянные конструкции | EM50: ФЕР-10 | EQ50: 0 | ER50: 16655 | ES50: 16655 | ET50: 0 | EU50: 0 | EV50: 0 | EW50: 0 | EX50: 0 | FQ50: 0 | FR50: 0 | FS50: 0 | FX50: 108 | FY50: 55 | GD50: 1 | GF50: 516719618 | GG50: 2 | GH50: 1 | GI50: 2 | GJ50: 0 | GK50: 0 | GL50: =ROUND(IF(AND(BH50=3,BI50=3,FS50<>0),P50,0),2) -> 0 | GM50: =ROUND(O50+X50+Y50,2)+GX50 -> 32527.22 | GN50: =IF(OR(BI50=0,BI50=1),GM50-GX50,0) -> 32527.22 | GO50: =IF(BI50=2,GM50-GX50,0) -> 0 | GP50: =IF(BI50=4,GM50-GX50,0) -> 0 | GR50: 0 | GS50: 3 | GT50: 0 | GV50: =ROUND((GT50),6) -> 0 | GW50: 1 | GX50: =ROUND(HC50*I50,2) -> 0 | HA50: 0 | HB50: 0 | HC50: =GV50*GW50 -> 0 | HN50: Пр/812-010.0-1 | HO50: Пр/774-010.0 | HP50: Деревянные конструкции | HQ50: Деревянные конструкции | HS50: 0 | IK50: 0
A51: 18 | B51: 1 | C51: 71 | E51: 4,1 | F51: 11.1.03.01-0066 | G51: Брус обрезной хвойных пород (ель, сосна), естественной влажности, длина 2-6,5 м, ширина 100 и более мм, толщина 100 и более мм, сорт II | H51: м3 | I51: =I49*J51 -> 1.86 | J51: 0.93 | K51: 0.93 | O51: =ROUND(CP51,2) -> 33456.56 | P51: =ROUND(CQ51*I51,2) -> 33456.56 | Q51: =ROUND(CR51*I51,2) -> 0 | R51: =ROUND(CS51*I51,2) -> 0 | S51: =ROUND(CT51*I51,2) -> 0 | T51: =ROUND(CU51*I51,2) -> 0 | U51: =ROUND(CV51*I51,7) -> 0 | V51: =ROUND(CW51*I51,7) -> 0 | W51: =ROUND(CX51*I51,2) -> 0 | X51: =ROUND(CY51,2) -> 0 | Y51: =ROUND(CZ51,2) -> 0 | AA51: 60854600 | AB51: =ROUND((AC51+AD51+AF51),6) -> 16655 | AC51: =ROUND((ES51),6) -> 16655 | AD51: =ROUND((((ET51)-(EU51))+AE51),6) -> 0 | AE51: =ROUND((EU51),6) -> 0 | AF51: =ROUND((EV51),6) -> 0 | AG51: =ROUND((AP51),6) -> 0 | AH51: =(EW51) -> 0 | AI51: =(EX51) -> 0 | AJ51: =(AS51) -> 0 | AK51: 16655 | AL51: 16655 | AM51: 0 | AN51: 0 | AO51: 0 | AP51: 0 | AQ51: 0 | AR51: 0 | AS51: 0 | AT51: 108 | AU51: 55 | AV51: 1 | AW51: 1 | AZ51: 1 | BA51: 1 | BB51: 1 | BC51: 1.08 | BH51: 3 | BI51: 1 | BJ51: ФСБЦ-2022, 11.1.03.01-0066, приказ Минстроя России от 18.05.2022 г. № 378/пр | BM51: 10001 | BN51: 0 | BO51: 11.1.03.01-0066 | BP51: 1 | BQ51: 2 | BR51: 0 | BS51: 1 | BT51: 1 | BU51: 1 | BV51: 1 | BW51: 1 | BX51: 1 | BZ51: 108 | CA51: 55 | CE51: 0 | CF51: 0 | CG51: 0 | CM51: 0 | CO51: 0 | CP51: =(P51+Q51+S51+R51) -> 33456.56 | CQ51: =ROUND(AL51*BC51,2) -> 17987.4 | CR51: =ROUND(AM51*BB51,2) -> 0 | CS51: =ROUND(AN51*BS51,2) -> 0 | CT51: =ROUND(AO51*BA51,2) -> 0 | CU51: =AG51 -> 0 | CV51: =AH51 -> 0 | CW51: =AI51 -> 0 | CX51: =AJ51 -> 0 | CY51: =(((S51+R51)*AT51)/100) -> 0 | CZ51: =(((S51+R51)*AU51)/100) -> 0 | DN51: 0 | DO51: 0 | DP51: 1 | DQ51: 1 | DU51: 1007 | DV51: м3 | DW51: м3 | DX51: 1 | EE51: 58905854 | EF51: 2 | EG51: Общестроительные работы | EH51: 10 | EI51: Деревянные конструкции | EJ51: 1 | EK51: 10001 | EL51: Деревянные конструкции | EM51: ФЕР-10 | EQ51: 0 | ER51: 16655 | ES51: 16655 | ET51: 0 | EU51: 0 | EV51: 0 | EW51: 0 | EX51: 0 | FQ51: 0 | FR51: 0 | FS51: 0 | FX51: 108 | FY51: 55 | GD51: 1 | GF51: 516719618 | GG51: 2 | GH51: 1 | GI51: 2 | GJ51: 0 | GK51: 0 | GL51: =ROUND(IF(AND(BH51=3,BI51=3,FS51<>0),P51,0),2) -> 0 | GM51: =ROUND(O51+X51+Y51,2)+GX51 -> 33456.56 | GN51: =IF(OR(BI51=0,BI51=1),GM51-GX51,0) -> 33456.56 | GO51: =IF(BI51=2,GM51-GX51,0) -> 0 | GP51: =IF(BI51=4,GM51-GX51,0) -> 0 | GR51: 0 | GS51: 3 | GT51: 0 | GV51: =ROUND((GT51),6) -> 0 | GW51: 1 | GX51: =ROUND(HC51*I51,2) -> 0 | HA51: 0 | HB51: 0 | HC51: =GV51*GW51 -> 0 | HN51: Пр/812-010.0-1 | HO51: Пр/774-010.0 | HP51: Деревянные конструкции | HQ51: Деревянные конструкции | HS51: 0 | IK51: 0
A52: 17 | B52: 1 | C52: =ROW(SmtRes!A85) -> 85 | D52: =ROW(EtalonRes!A74) -> 74 | E52: 5 | F52: 58-01-020-02 | G52: Смена обделок из листовой стали (поясков, сандриков, отливов, карнизов) шириной: до 0,7 м | H52: 100 м | I52: =ROUND(121.9/100,7) -> 1.219 | J52: 0 | K52: =ROUND(121.9/100,7) -> 1.219 | O52: =ROUND(CP52,2) -> 27867.66 | P52: =SUMIF(SmtRes!AQ77:'SmtRes'!AQ85,"=1",SmtRes!DF77:'SmtRes'!DF85) -> 0 | Q52: =SUMIF(SmtRes!AQ77:'SmtRes'!AQ85,"=1",SmtRes!DG77:'SmtRes'!DG85) -> 60.17 | R52: =SUMIF(SmtRes!AQ77:'SmtRes'!AQ85,"=1",SmtRes!DH77:'SmtRes'!DH85) -> 91 | S52: =SUMIF(SmtRes!AQ77:'SmtRes'!AQ85,"=1",SmtRes!DI77:'SmtRes'!DI85) -> 27716.49 | T52: =ROUND(CU52*I52,2) -> 0 | U52: =SUMIF(SmtRes!AQ77:'SmtRes'!AQ85,"=1",SmtRes!CV77:'SmtRes'!CV85) -> 77.06518 | V52: =SUMIF(SmtRes!AQ77:'SmtRes'!AQ85,"=1",SmtRes!CW77:'SmtRes'!CW85) -> 0.2438 | W52: =ROUND(CX52*I52,2) -> 0 | X52: =ROUND(CY52,2) -> 25026.74 | Y52: =ROUND(CZ52,2) -> 12791.45 | AA52: 60841590 | AB52: =ROUND((AC52+AD52+AF52),6) -> 22783.143 | AC52: =ROUND((0),6) -> 0 | AD52: =ROUND((((SUM(SmtRes!BR77:'SmtRes'!BR85))-(SUM(SmtRes!BS77:'SmtRes'!BS85)))+AE52),6) -> 46.0698 | AE52: =ROUND((SUM(SmtRes!BS77:'SmtRes'!BS85)),6) -> 74.6504 | AF52: =ROUND((SUM(SmtRes!BT77:'SmtRes'!BT85)),6) -> 22737.073 | AG52: =ROUND((AP52),6) -> 0 | AH52: =(SUM(SmtRes!BU77:'SmtRes'!BU85)) -> 63.22 | AI52: =(SUM(SmtRes!BV77:'SmtRes'!BV85)) -> 0.2 | AJ52: =(AS52) -> 0 | AK52: 22857.793 | AL52: 0 | AM52: 46.0698 | AN52: 74.6504 | AO52: 22737.073 | AP52: 0 | AQ52: 63.22 | AR52: 0.2 | AS52: 0 | AT52: 90 | AU52: 46 | AV52: 1 | AW52: 1 | AZ52: 1 | BA52: 1 | BB52: 1 | BC52: 1 | BH52: 0 | BI52: 1 | BJ52: ГЭСНр-2022, 58-01-020-02, приказ Минстроя России от 18.05.2022 г. № 378/пр | BM52: 58001 | BN52: 0 | BP52: 0 | BQ52: 6 | BR52: 0 | BS52: 1 | BT52: 1 | BU52: 1 | BV52: 1 | BW52: 1 | BX52: 1 | BZ52: 90 | CA52: 46 | CE52: 0 | CF52: 0 | CG52: 0 | CM52: 0 | CO52: 0 | CP52: =(P52+Q52+S52+R52) -> 27867.66 | CQ52: =SUMIF(SmtRes!AQ77:'SmtRes'!AQ85,"=1",SmtRes!AA77:'SmtRes'!AA85) -> 223661.49 | CR52: =SUMIF(SmtRes!AQ77:'SmtRes'!AQ85,"=1",SmtRes!AB77:'SmtRes'!AB85) -> 741.58 | CS52: =SUMIF(SmtRes!AQ77:'SmtRes'!AQ85,"=1",SmtRes!AC77:'SmtRes'!AC85) -> 764.64 | CT52: =SUMIF(SmtRes!AQ77:'SmtRes'!AQ85,"=1",SmtRes!AD77:'SmtRes'!AD85) -> 359.65 | CU52: =AG52 -> 0 | CV52: =SUMIF(SmtRes!AQ77:'SmtRes'!AQ85,"=1",SmtRes!BU77:'SmtRes'!BU85) -> 63.22 | CW52: =SUMIF(SmtRes!AQ77:'SmtRes'!AQ85,"=1",SmtRes!BV77:'SmtRes'!BV85) -> 0.2 | CX52: =AJ52 -> 0 | CY52: =(((S52+R52)*AT52)/100) -> 25026.741 | CZ52: =(((S52+R52)*AU52)/100) -> 12791.445 | DN52: 0 | DO52: 0 | DP52: 1 | DQ52: 1 | DU52: 1003 | DV52: 100 м | DW52: 100 м | DX52: 100 | EE52: 58905933 | EF52: 6 | EG52: Ремонтно-строительные работы | EH52: 92 | EI52: Крыши, кровли | EJ52: 1 | EK52: 58001 | EL52: Крыши, кровли | EM52: рФЕР-58 | EQ52: 0 | ER52: 0 | ES52: 0 | ET52: 0 | EU52: 0 | EV52: 0 | EW52: 63.22 | EX52: 0.2 | EY52: 0 | FQ52: 0 | FR52: 0 | FS52: 0 | FX52: 90 | FY52: 46 | GD52: 1 | GF52: -982638650 | GG52: 2 | GH52: 1 | GI52: -2 | GJ52: 0 | GK52: 0 | GL52: =ROUND(IF(AND(BH52=3,BI52=3,FS52<>0),P52,0),2) -> 0 | GM52: =ROUND(O52+X52+Y52,2)+GX52 -> 65685.85 | GN52: =IF(OR(BI52=0,BI52=1),GM52-GX52,0) -> 65685.85 | GO52: =IF(BI52=2,GM52-GX52,0) -> 0 | GP52: =IF(BI52=4,GM52-GX52,0) -> 0 | GR52: 0 | GS52: 3 | GT52: 0 | GV52: =ROUND((GT52),6) -> 0 | GW52: 1 | GX52: =ROUND(HC52*I52,2) -> 0 | HA52: 0 | HB52: 0 | HC52: =GV52*GW52 -> 0 | HN52: Пр/812-092.0-1 | HO52: Пр/774-092.0 | HP52: Крыши, кровля | HQ52: Крыши, кровля | HS52: 0 | IK52: 0
A53: 17 | B53: 1 | C53: =ROW(SmtRes!A94) -> 94 | D53: =ROW(EtalonRes!A82) -> 82 | E53: 5 | F53: 58-01-020-02 | G53: Смена обделок из листовой стали (поясков, сандриков, отливов, карнизов) шириной: до 0,7 м | H53: 100 м | I53: =ROUND(121.9/100,7) -> 1.219 | J53: 0 | K53: =ROUND(121.9/100,7) -> 1.219 | O53: =ROUND(CP53,2) -> 29685.54 | P53: =SUMIF(SmtRes!AQ86:'SmtRes'!AQ94,"=1",SmtRes!DF86:'SmtRes'!DF94) -> 0 | Q53: =SUMIF(SmtRes!AQ86:'SmtRes'!AQ94,"=1",SmtRes!DG86:'SmtRes'!DG94) -> 58.75 | R53: =SUMIF(SmtRes!AQ86:'SmtRes'!AQ94,"=1",SmtRes!DH86:'SmtRes'!DH94) -> 96.95 | S53: =SUMIF(SmtRes!AQ86:'SmtRes'!AQ94,"=1",SmtRes!DI86:'SmtRes'!DI94) -> 29529.84 | T53: =ROUND(CU53*I53,2) -> 0 | U53: =SUMIF(SmtRes!AQ86:'SmtRes'!AQ94,"=1",SmtRes!CV86:'SmtRes'!CV94) -> 77.06518 | V53: =SUMIF(SmtRes!AQ86:'SmtRes'!AQ94,"=1",SmtRes!CW86:'SmtRes'!CW94) -> 0.2438 | W53: =ROUND(CX53*I53,2) -> 0 | X53: =ROUND(CY53,2) -> 26664.11 | Y53: =ROUND(CZ53,2) -> 13628.32 | AA53: 60854600 | AB53: =ROUND((AC53+AD53+AF53),6) -> 24269.278 | AC53: =ROUND((0),6) -> 0 | AD53: =ROUND((((SUM(SmtRes!BR86:'SmtRes'!BR94))-(SUM(SmtRes!BS86:'SmtRes'!BS94)))+AE53),6) -> 44.6388 | AE53: =ROUND((SUM(SmtRes!BS86:'SmtRes'!BS94)),6) -> 79.534 | AF53: =ROUND((SUM(SmtRes!BT86:'SmtRes'!BT94)),6) -> 24224.64 | AG53: =ROUND((AP53),6) -> 0 | AH53: =(SUM(SmtRes!BU86:'SmtRes'!BU94)) -> 63.22 | AI53: =(SUM(SmtRes!BV86:'SmtRes'!BV94)) -> 0.2 | AJ53: =(AS53) -> 0 | AK53: 24348.812 | AL53: 0 | AM53: 44.6388 | AN53: 79.534 | AO53: 24224.64 | AP53: 0 | AQ53: 63.22 | AR53: 0.2 | AS53: 0 | AT53: 90 | AU53: 46 | AV53: 1 | AW53: 1 | AZ53: 1 | BA53: 1 | BB53: 1 | BC53: 1 | BH53: 0 | BI53: 1 | BJ53: ГЭСНр-2022, 58-01-020-02, приказ Минстроя России от 18.05.2022 г. № 378/пр | BM53: 58001 | BN53: 0 | BP53: 0 | BQ53: 6 | BR53: 0 | BS53: 1 | BT53: 1 | BU53: 1 | BV53: 1 | BW53: 1 | BX53: 1 | BZ53: 90 | CA53: 46 | CE53: 0 | CF53: 0 | CG53: 0 | CM53: 0 | CO53: 0 | CP53: =(P53+Q53+S53+R53) -> 29685.54 | CQ53: =SUMIF(SmtRes!AQ86:'SmtRes'!AQ94,"=1",SmtRes!AA86:'SmtRes'!AA94) -> 212872.56 | CR53: =SUMIF(SmtRes!AQ86:'SmtRes'!AQ94,"=1",SmtRes!AB86:'SmtRes'!AB94) -> 719.6 | CS53: =SUMIF(SmtRes!AQ86:'SmtRes'!AQ94,"=1",SmtRes!AC86:'SmtRes'!AC94) -> 814.66 | CT53: =SUMIF(SmtRes!AQ86:'SmtRes'!AQ94,"=1",SmtRes!AD86:'SmtRes'!AD94) -> 383.18 | CU53: =AG53 -> 0 | CV53: =SUMIF(SmtRes!AQ86:'SmtRes'!AQ94,"=1",SmtRes!BU86:'SmtRes'!BU94) -> 63.22 | CW53: =SUMIF(SmtRes!AQ86:'SmtRes'!AQ94,"=1",SmtRes!BV86:'SmtRes'!BV94) -> 0.2 | CX53: =AJ53 -> 0 | CY53: =(((S53+R53)*AT53)/100) -> 26664.111 | CZ53: =(((S53+R53)*AU53)/100) -> 13628.323 | DN53: 0 | DO53: 0 | DP53: 1 | DQ53: 1 | DU53: 1003 | DV53: 100 м | DW53: 100 м | DX53: 100 | EE53: 58905933 | EF53: 6 | EG53: Ремонтно-строительные работы | EH53: 92 | EI53: Крыши, кровли | EJ53: 1 | EK53: 58001 | EL53: Крыши, кровли | EM53: рФЕР-58 | EQ53: 0 | ER53: 0 | ES53: 0 | ET53: 0 | EU53: 0 | EV53: 0 | EW53: 63.22 | EX53: 0.2 | EY53: 0 | FQ53: 0 | FR53: 0 | FS53: 0 | FX53: 90 | FY53: 46 | GD53: 1 | GF53: -982638650 | GG53: 2 | GH53: 1 | GI53: -2 | GJ53: 0 | GK53: 0 | GL53: =ROUND(IF(AND(BH53=3,BI53=3,FS53<>0),P53,0),2) -> 0 | GM53: =ROUND(O53+X53+Y53,2)+GX53 -> 69977.97 | GN53: =IF(OR(BI53=0,BI53=1),GM53-GX53,0) -> 69977.97 | GO53: =IF(BI53=2,GM53-GX53,0) -> 0 | GP53: =IF(BI53=4,GM53-GX53,0) -> 0 | GR53: 0 | GS53: 3 | GT53: 0 | GV53: =ROUND((GT53),6) -> 0 | GW53: 1 | GX53: =ROUND(HC53*I53,2) -> 0 | HA53: 0 | HB53: 0 | HC53: =GV53*GW53 -> 0 | HN53: Пр/812-092.0-1 | HO53: Пр/774-092.0 | HP53: Крыши, кровля | HQ53: Крыши, кровля | HS53: 0 | IK53: 0
A54: 18 | B54: 1 | C54: 84 | E54: 5,1 | F54: 08.3.09.02-0003 | G54: Профнастил оцинкованный с лакокрасочным или полимерным покрытием Н35-1000-0,7 | H54: м2 | I54: =I52*J54 -> 182.85 | J54: 150 | K54: 150 | O54: =ROUND(CP54,2) -> 157280.26 | P54: =ROUND(CQ54*I54,2) -> 157280.26 | Q54: =ROUND(CR54*I54,2) -> 0 | R54: =ROUND(CS54*I54,2) -> 0 | S54: =ROUND(CT54*I54,2) -> 0 | T54: =ROUND(CU54*I54,2) -> 0 | U54: =ROUND(CV54*I54,7) -> 0 | V54: =ROUND(CW54*I54,7) -> 0 | W54: =ROUND(CX54*I54,2) -> 0 | X54: =ROUND(CY54,2) -> 0 | Y54: =ROUND(CZ54,2) -> 0 | AA54: 60841590 | AB54: =ROUND((AC54+AD54+AF54),6) -> 1024 | AC54: =ROUND((ES54),6) -> 1024 | AD54: =ROUND((((ET54)-(EU54))+AE54),6) -> 0 | AE54: =ROUND((EU54),6) -> 0 | AF54: =ROUND((EV54),6) -> 0 | AG54: =ROUND((AP54),6) -> 0 | AH54: =(EW54) -> 0 | AI54: =(EX54) -> 0 | AJ54: =(AS54) -> 0 | AK54: 1024 | AL54: 1024 | AM54: 0 | AN54: 0 | AO54: 0 | AP54: 0 | AQ54: 0 | AR54: 0 | AS54: 0 | AT54: 90 | AU54: 46 | AV54: 1 | AW54: 1 | AZ54: 1 | BA54: 1 | BB54: 1 | BC54: 0.84 | BH54: 3 | BI54: 1 | BJ54: ФСБЦ-2022 доп.8, 08.3.09.02-0003, приказ Минстроя России от 14.11.2023 г. № 817/пр | BM54: 58001 | BN54: 0 | BO54: 08.3.09.02-0003 | BP54: 1 | BQ54: 6 | BR54: 0 | BS54: 1 | BT54: 1 | BU54: 1 | BV54: 1 | BW54: 1 | BX54: 1 | BZ54: 90 | CA54: 46 | CE54: 0 | CF54: 0 | CG54: 0 | CM54: 0 | CO54: 0 | CP54: =(P54+Q54+S54+R54) -> 157280.26 | CQ54: =ROUND(AL54*BC54,2) -> 860.16 | CR54: =ROUND(AM54*BB54,2) -> 0 | CS54: =ROUND(AN54*BS54,2) -> 0 | CT54: =ROUND(AO54*BA54,2) -> 0 | CU54: =AG54 -> 0 | CV54: =AH54 -> 0 | CW54: =AI54 -> 0 | CX54: =AJ54 -> 0 | CY54: =(((S54+R54)*AT54)/100) -> 0 | CZ54: =(((S54+R54)*AU54)/100) -> 0 | DN54: 0 | DO54: 0 | DP54: 1 | DQ54: 1 | DU54: 1005 | DV54: м2 | DW54: м2 | DX54: 1 | EE54: 58905933 | EF54: 6 | EG54: Ремонтно-строительные работы | EH54: 92 | EI54: Крыши, кровли | EJ54: 1 | EK54: 58001 | EL54: Крыши, кровли | EM54: рФЕР-58 | EQ54: 0 | ER54: 1024 | ES54: 1024 | ET54: 0 | EU54: 0 | EV54: 0 | EW54: 0 | EX54: 0 | FQ54: 0 | FR54: 0 | FS54: 0 | FX54: 90 | FY54: 46 | GD54: 1 | GF54: 850224841 | GG54: 2 | GH54: 1 | GI54: 2 | GJ54: 0 | GK54: 0 | GL54: =ROUND(IF(AND(BH54=3,BI54=3,FS54<>0),P54,0),2) -> 0 | GM54: =ROUND(O54+X54+Y54,2)+GX54 -> 157280.26 | GN54: =IF(OR(BI54=0,BI54=1),GM54-GX54,0) -> 157280.26 | GO54: =IF(BI54=2,GM54-GX54,0) -> 0 | GP54: =IF(BI54=4,GM54-GX54,0) -> 0 | GR54: 0 | GS54: 3 | GT54: 0 | GV54: =ROUND((GT54),6) -> 0 | GW54: 1 | GX54: =ROUND(HC54*I54,2) -> 0 | HA54: 0 | HB54: 0 | HC54: =GV54*GW54 -> 0 | HN54: Пр/812-092.0-1 | HO54: Пр/774-092.0 | HP54: Крыши, кровля | HQ54: Крыши, кровля | HS54: 0 | IK54: 0
A55: 18 | B55: 1 | C55: 93 | E55: 5,1 | F55: 08.3.09.02-0003 | G55: Профнастил оцинкованный с лакокрасочным или полимерным покрытием Н35-1000-0,7 | H55: м2 | I55: =I53*J55 -> 182.85 | J55: 150 | K55: 150 | O55: =ROUND(CP55,2) -> 155407.87 | P55: =ROUND(CQ55*I55,2) -> 155407.87 | Q55: =ROUND(CR55*I55,2) -> 0 | R55: =ROUND(CS55*I55,2) -> 0 | S55: =ROUND(CT55*I55,2) -> 0 | T55: =ROUND(CU55*I55,2) -> 0 | U55: =ROUND(CV55*I55,7) -> 0 | V55: =ROUND(CW55*I55,7) -> 0 | W55: =ROUND(CX55*I55,2) -> 0 | X55: =ROUND(CY55,2) -> 0 | Y55: =ROUND(CZ55,2) -> 0 | AA55: 60854600 | AB55: =ROUND((AC55+AD55+AF55),6) -> 1024 | AC55: =ROUND((ES55),6) -> 1024 | AD55: =ROUND((((ET55)-(EU55))+AE55),6) -> 0 | AE55: =ROUND((EU55),6) -> 0 | AF55: =ROUND((EV55),6) -> 0 | AG55: =ROUND((AP55),6) -> 0 | AH55: =(EW55) -> 0 | AI55: =(EX55) -> 0 | AJ55: =(AS55) -> 0 | AK55: 1024 | AL55: 1024 | AM55: 0 | AN55: 0 | AO55: 0 | AP55: 0 | AQ55: 0 | AR55: 0 | AS55: 0 | AT55: 90 | AU55: 46 | AV55: 1 | AW55: 1 | AZ55: 1 | BA55: 1 | BB55: 1 | BC55: 0.83 | BH55: 3 | BI55: 1 | BJ55: ФСБЦ-2022 доп.8, 08.3.09.02-0003, приказ Минстроя России от 14.11.2023 г. № 817/пр | BM55: 58001 | BN55: 0 | BO55: 08.3.09.02-0003 | BP55: 1 | BQ55: 6 | BR55: 0 | BS55: 1 | BT55: 1 | BU55: 1 | BV55: 1 | BW55: 1 | BX55: 1 | BZ55: 90 | CA55: 46 | CE55: 0 | CF55: 0 | CG55: 0 | CM55: 0 | CO55: 0 | CP55: =(P55+Q55+S55+R55) -> 155407.87 | CQ55: =ROUND(AL55*BC55,2) -> 849.92 | CR55: =ROUND(AM55*BB55,2) -> 0 | CS55: =ROUND(AN55*BS55,2) -> 0 | CT55: =ROUND(AO55*BA55,2) -> 0 | CU55: =AG55 -> 0 | CV55: =AH55 -> 0 | CW55: =AI55 -> 0 | CX55: =AJ55 -> 0 | CY55: =(((S55+R55)*AT55)/100) -> 0 | CZ55: =(((S55+R55)*AU55)/100) -> 0 | DN55: 0 | DO55: 0 | DP55: 1 | DQ55: 1 | DU55: 1005 | DV55: м2 | DW55: м2 | DX55: 1 | EE55: 58905933 | EF55: 6 | EG55: Ремонтно-строительные работы | EH55: 92 | EI55: Крыши, кровли | EJ55: 1 | EK55: 58001 | EL55: Крыши, кровли | EM55: рФЕР-58 | EQ55: 0 | ER55: 1024 | ES55: 1024 | ET55: 0 | EU55: 0 | EV55: 0 | EW55: 0 | EX55: 0 | FQ55: 0 | FR55: 0 | FS55: 0 | FX55: 90 | FY55: 46 | GD55: 1 | GF55: 850224841 | GG55: 2 | GH55: 1 | GI55: 2 | GJ55: 0 | GK55: 0 | GL55: =ROUND(IF(AND(BH55=3,BI55=3,FS55<>0),P55,0),2) -> 0 | GM55: =ROUND(O55+X55+Y55,2)+GX55 -> 155407.87 | GN55: =IF(OR(BI55=0,BI55=1),GM55-GX55,0) -> 155407.87 | GO55: =IF(BI55=2,GM55-GX55,0) -> 0 | GP55: =IF(BI55=4,GM55-GX55,0) -> 0 | GR55: 0 | GS55: 3 | GT55: 0 | GV55: =ROUND((GT55),6) -> 0 | GW55: 1 | GX55: =ROUND(HC55*I55,2) -> 0 | HA55: 0 | HB55: 0 | HC55: =GV55*GW55 -> 0 | HN55: Пр/812-092.0-1 | HO55: Пр/774-092.0 | HP55: Крыши, кровля | HQ55: Крыши, кровля | HS55: 0 | IK55: 0
A56: 18 | B56: 1 | C56: 82 | E56: 5,2 | F56: 01.7.15.14-1048 | G56: Шурупы самонарезающие стальные оцинкованные кровельные с шестигранной головкой и шайбой, наконечник сверло, диаметр 4,8 мм, длина 80 мм | H56: 100 ШТ | I56: =I52*J56 -> 2 | J56: 1.6406891 | K56: 1.6406891 | O56: =ROUND(CP56,2) -> 425.62 | P56: =ROUND(CQ56*I56,2) -> 425.62 | Q56: =ROUND(CR56*I56,2) -> 0 | R56: =ROUND(CS56*I56,2) -> 0 | S56: =ROUND(CT56*I56,2) -> 0 | T56: =ROUND(CU56*I56,2) -> 0 | U56: =ROUND(CV56*I56,7) -> 0 | V56: =ROUND(CW56*I56,7) -> 0 | W56: =ROUND(CX56*I56,2) -> 0 | X56: =ROUND(CY56,2) -> 0 | Y56: =ROUND(CZ56,2) -> 0 | AA56: 60841590 | AB56: =ROUND((AC56+AD56+AF56),6) -> 178.83 | AC56: =ROUND((ES56),6) -> 178.83 | AD56: =ROUND((((ET56)-(EU56))+AE56),6) -> 0 | AE56: =ROUND((EU56),6) -> 0 | AF56: =ROUND((EV56),6) -> 0 | AG56: =ROUND((AP56),6) -> 0 | AH56: =(EW56) -> 0 | AI56: =(EX56) -> 0 | AJ56: =(AS56) -> 0 | AK56: 178.83 | AL56: 178.83 | AM56: 0 | AN56: 0 | AO56: 0 | AP56: 0 | AQ56: 0 | AR56: 0 | AS56: 0 | AT56: 90 | AU56: 46 | AV56: 1 | AW56: 1 | AZ56: 1 | BA56: 1 | BB56: 1 | BC56: 1.19 | BH56: 3 | BI56: 1 | BJ56: ФСБЦ-2022 доп.12, 01.7.15.14-1048, приказ Минстроя России от 07.11.2024 г. № 747/пр | BM56: 58001 | BN56: 0 | BO56: 01.7.15.14-1048 | BP56: 1 | BQ56: 6 | BR56: 0 | BS56: 1 | BT56: 1 | BU56: 1 | BV56: 1 | BW56: 1 | BX56: 1 | BZ56: 90 | CA56: 46 | CE56: 0 | CF56: 0 | CG56: 0 | CM56: 0 | CO56: 0 | CP56: =(P56+Q56+S56+R56) -> 425.62 | CQ56: =ROUND(AL56*BC56,2) -> 212.81 | CR56: =ROUND(AM56*BB56,2) -> 0 | CS56: =ROUND(AN56*BS56,2) -> 0 | CT56: =ROUND(AO56*BA56,2) -> 0 | CU56: =AG56 -> 0 | CV56: =AH56 -> 0 | CW56: =AI56 -> 0 | CX56: =AJ56 -> 0 | CY56: =(((S56+R56)*AT56)/100) -> 0 | CZ56: =(((S56+R56)*AU56)/100) -> 0 | DN56: 0 | DO56: 0 | DP56: 1 | DQ56: 1 | DU56: 1013 | DV56: 100 ШТ | DW56: 100 ШТ | DX56: 1 | EE56: 58905933 | EF56: 6 | EG56: Ремонтно-строительные работы | EH56: 92 | EI56: Крыши, кровли | EJ56: 1 | EK56: 58001 | EL56: Крыши, кровли | EM56: рФЕР-58 | EQ56: 0 | ER56: 178.83 | ES56: 178.83 | ET56: 0 | EU56: 0 | EV56: 0 | EW56: 0 | EX56: 0 | FQ56: 0 | FR56: 0 | FS56: 0 | FX56: 90 | FY56: 46 | GD56: 1 | GF56: -1342378106 | GG56: 2 | GH56: 1 | GI56: 2 | GJ56: 0 | GK56: 0 | GL56: =ROUND(IF(AND(BH56=3,BI56=3,FS56<>0),P56,0),2) -> 0 | GM56: =ROUND(O56+X56+Y56,2)+GX56 -> 425.62 | GN56: =IF(OR(BI56=0,BI56=1),GM56-GX56,0) -> 425.62 | GO56: =IF(BI56=2,GM56-GX56,0) -> 0 | GP56: =IF(BI56=4,GM56-GX56,0) -> 0 | GR56: 0 | GS56: 3 | GT56: 0 | GV56: =ROUND((GT56),6) -> 0 | GW56: 1 | GX56: =ROUND(HC56*I56,2) -> 0 | HA56: 0 | HB56: 0 | HC56: =GV56*GW56 -> 0 | HN56: Пр/812-092.0-1 | HO56: Пр/774-092.0 | HP56: Крыши, кровля | HQ56: Крыши, кровля | HS56: 0 | IK56: 0
A57: 18 | B57: 1 | C57: 91 | E57: 5,2 | F57: 01.7.15.14-1048 | G57: Шурупы самонарезающие стальные оцинкованные кровельные с шестигранной головкой и шайбой, наконечник сверло, диаметр 4,8 мм, длина 80 мм | H57: 100 ШТ | I57: =I53*J57 -> 2 | J57: 1.6406891 | K57: 1.6406891 | O57: =ROUND(CP57,2) -> 404.16 | P57: =ROUND(CQ57*I57,2) -> 404.16 | Q57: =ROUND(CR57*I57,2) -> 0 | R57: =ROUND(CS57*I57,2) -> 0 | S57: =ROUND(CT57*I57,2) -> 0 | T57: =ROUND(CU57*I57,2) -> 0 | U57: =ROUND(CV57*I57,7) -> 0 | V57: =ROUND(CW57*I57,7) -> 0 | W57: =ROUND(CX57*I57,2) -> 0 | X57: =ROUND(CY57,2) -> 0 | Y57: =ROUND(CZ57,2) -> 0 | AA57: 60854600 | AB57: =ROUND((AC57+AD57+AF57),6) -> 178.83 | AC57: =ROUND((ES57),6) -> 178.83 | AD57: =ROUND((((ET57)-(EU57))+AE57),6) -> 0 | AE57: =ROUND((EU57),6) -> 0 | AF57: =ROUND((EV57),6) -> 0 | AG57: =ROUND((AP57),6) -> 0 | AH57: =(EW57) -> 0 | AI57: =(EX57) -> 0 | AJ57: =(AS57) -> 0 | AK57: 178.83 | AL57: 178.83 | AM57: 0 | AN57: 0 | AO57: 0 | AP57: 0 | AQ57: 0 | AR57: 0 | AS57: 0 | AT57: 90 | AU57: 46 | AV57: 1 | AW57: 1 | AZ57: 1 | BA57: 1 | BB57: 1 | BC57: 1.13 | BH57: 3 | BI57: 1 | BJ57: ФСБЦ-2022 доп.12, 01.7.15.14-1048, приказ Минстроя России от 07.11.2024 г. № 747/пр | BM57: 58001 | BN57: 0 | BO57: 01.7.15.14-1048 | BP57: 1 | BQ57: 6 | BR57: 0 | BS57: 1 | BT57: 1 | BU57: 1 | BV57: 1 | BW57: 1 | BX57: 1 | BZ57: 90 | CA57: 46 | CE57: 0 | CF57: 0 | CG57: 0 | CM57: 0 | CO57: 0 | CP57: =(P57+Q57+S57+R57) -> 404.16 | CQ57: =ROUND(AL57*BC57,2) -> 202.08 | CR57: =ROUND(AM57*BB57,2) -> 0 | CS57: =ROUND(AN57*BS57,2) -> 0 | CT57: =ROUND(AO57*BA57,2) -> 0 | CU57: =AG57 -> 0 | CV57: =AH57 -> 0 | CW57: =AI57 -> 0 | CX57: =AJ57 -> 0 | CY57: =(((S57+R57)*AT57)/100) -> 0 | CZ57: =(((S57+R57)*AU57)/100) -> 0 | DN57: 0 | DO57: 0 | DP57: 1 | DQ57: 1 | DU57: 1013 | DV57: 100 ШТ | DW57: 100 ШТ | DX57: 1 | EE57: 58905933 | EF57: 6 | EG57: Ремонтно-строительные работы | EH57: 92 | EI57: Крыши, кровли | EJ57: 1 | EK57: 58001 | EL57: Крыши, кровли | EM57: рФЕР-58 | EQ57: 0 | ER57: 178.83 | ES57: 178.83 | ET57: 0 | EU57: 0 | EV57: 0 | EW57: 0 | EX57: 0 | FQ57: 0 | FR57: 0 | FS57: 0 | FX57: 90 | FY57: 46 | GD57: 1 | GF57: -1342378106 | GG57: 2 | GH57: 1 | GI57: 2 | GJ57: 0 | GK57: 0 | GL57: =ROUND(IF(AND(BH57=3,BI57=3,FS57<>0),P57,0),2) -> 0 | GM57: =ROUND(O57+X57+Y57,2)+GX57 -> 404.16 | GN57: =IF(OR(BI57=0,BI57=1),GM57-GX57,0) -> 404.16 | GO57: =IF(BI57=2,GM57-GX57,0) -> 0 | GP57: =IF(BI57=4,GM57-GX57,0) -> 0 | GR57: 0 | GS57: 3 | GT57: 0 | GV57: =ROUND((GT57),6) -> 0 | GW57: 1 | GX57: =ROUND(HC57*I57,2) -> 0 | HA57: 0 | HB57: 0 | HC57: =GV57*GW57 -> 0 | HN57: Пр/812-092.0-1 | HO57: Пр/774-092.0 | HP57: Крыши, кровля | HQ57: Крыши, кровля | HS57: 0 | IK57: 0
A58: 18 | B58: 1 | C58: 85 | E58: 5,3 | F58: 999-9900 | G58: Строительный мусор | H58: т | I58: =I52*J58 -> 0.40227 | J58: 0.33 | K58: 0.33 | O58: =ROUND(CP58,2) -> 0 | P58: =ROUND(CQ58*I58,2) -> 0 | Q58: =ROUND(CR58*I58,2) -> 0 | R58: =ROUND(CS58*I58,2) -> 0 | S58: =ROUND(CT58*I58,2) -> 0 | T58: =ROUND(CU58*I58,2) -> 0 | U58: =ROUND(CV58*I58,7) -> 0 | V58: =ROUND(CW58*I58,7) -> 0 | W58: =ROUND(CX58*I58,2) -> 0 | X58: =ROUND(CY58,2) -> 0 | Y58: =ROUND(CZ58,2) -> 0 | AA58: 60841590 | AB58: =ROUND((AC58+AD58+AF58),6) -> 0 | AC58: =ROUND((ES58),6) -> 0 | AD58: =ROUND((((ET58)-(EU58))+AE58),6) -> 0 | AE58: =ROUND((EU58),6) -> 0 | AF58: =ROUND((EV58),6) -> 0 | AG58: =ROUND((AP58),6) -> 0 | AH58: =(EW58) -> 0 | AI58: =(EX58) -> 0 | AJ58: =(AS58) -> 0 | AK58: 0 | AL58: 0 | AM58: 0 | AN58: 0 | AO58: 0 | AP58: 0 | AQ58: 0 | AR58: 0 | AS58: 0 | AT58: 90 | AU58: 46 | AV58: 1 | AW58: 1 | AZ58: 1 | BA58: 1 | BB58: 1 | BC58: 1 | BH58: 3 | BI58: 1 | BM58: 58001 | BN58: 0 | BP58: 0 | BQ58: 6 | BR58: 0 | BS58: 1 | BT58: 1 | BU58: 1 | BV58: 1 | BW58: 1 | BX58: 1 | BZ58: 90 | CA58: 46 | CE58: 0 | CF58: 0 | CG58: 0 | CM58: 0 | CO58: 0 | CP58: =(P58+Q58+S58+R58) -> 0 | CQ58: =ROUND(AL58*BC58,2) -> 0 | CR58: =ROUND(AM58*BB58,2) -> 0 | CS58: =ROUND(AN58*BS58,2) -> 0 | CT58: =ROUND(AO58*BA58,2) -> 0 | CU58: =AG58 -> 0 | CV58: =AH58 -> 0 | CW58: =AI58 -> 0 | CX58: =AJ58 -> 0 | CY58: =(((S58+R58)*AT58)/100) -> 0 | CZ58: =(((S58+R58)*AU58)/100) -> 0 | DN58: 0 | DO58: 0 | DP58: 1 | DQ58: 1 | DU58: 1009 | DV58: т | DW58: т | DX58: 1000 | EE58: 58905933 | EF58: 6 | EG58: Ремонтно-строительные работы | EH58: 92 | EI58: Крыши, кровли | EJ58: 1 | EK58: 58001 | EL58: Крыши, кровли | EM58: рФЕР-58 | EQ58: 0 | ER58: 0 | ES58: 0 | ET58: 0 | EU58: 0 | EV58: 0 | EW58: 0 | EX58: 0 | FQ58: 0 | FR58: 0 | FS58: 0 | FX58: 90 | FY58: 46 | GD58: 1 | GF58: 2102561428 | GG58: 2 | GH58: 1 | GI58: -2 | GJ58: 0 | GK58: 0 | GL58: =ROUND(IF(AND(BH58=3,BI58=3,FS58<>0),P58,0),2) -> 0 | GM58: =ROUND(O58+X58+Y58,2)+GX58 -> 0 | GN58: =IF(OR(BI58=0,BI58=1),GM58-GX58,0) -> 0 | GO58: =IF(BI58=2,GM58-GX58,0) -> 0 | GP58: =IF(BI58=4,GM58-GX58,0) -> 0 | GR58: 0 | GS58: 3 | GT58: 0 | GV58: =ROUND((GT58),6) -> 0 | GW58: 1 | GX58: =ROUND(HC58*I58,2) -> 0 | HA58: 0 | HB58: 0 | HC58: =GV58*GW58 -> 0 | HN58: Пр/812-092.0-1 | HO58: Пр/774-092.0 | HP58: Крыши, кровля | HQ58: Крыши, кровля | HS58: 0 | IK58: 0
A59: 18 | B59: 1 | C59: 94 | E59: 5,3 | F59: 999-9900 | G59: Строительный мусор | H59: т | I59: =I53*J59 -> 0.40227 | J59: 0.33 | K59: 0.33 | O59: =ROUND(CP59,2) -> 0 | P59: =ROUND(CQ59*I59,2) -> 0 | Q59: =ROUND(CR59*I59,2) -> 0 | R59: =ROUND(CS59*I59,2) -> 0 | S59: =ROUND(CT59*I59,2) -> 0 | T59: =ROUND(CU59*I59,2) -> 0 | U59: =ROUND(CV59*I59,7) -> 0 | V59: =ROUND(CW59*I59,7) -> 0 | W59: =ROUND(CX59*I59,2) -> 0 | X59: =ROUND(CY59,2) -> 0 | Y59: =ROUND(CZ59,2) -> 0 | AA59: 60854600 | AB59: =ROUND((AC59+AD59+AF59),6) -> 0 | AC59: =ROUND((ES59),6) -> 0 | AD59: =ROUND((((ET59)-(EU59))+AE59),6) -> 0 | AE59: =ROUND((EU59),6) -> 0 | AF59: =ROUND((EV59),6) -> 0 | AG59: =ROUND((AP59),6) -> 0 | AH59: =(EW59) -> 0 | AI59: =(EX59) -> 0 | AJ59: =(AS59) -> 0 | AK59: 0 | AL59: 0 | AM59: 0 | AN59: 0 | AO59: 0 | AP59: 0 | AQ59: 0 | AR59: 0 | AS59: 0 | AT59: 90 | AU59: 46 | AV59: 1 | AW59: 1 | AZ59: 1 | BA59: 1 | BB59: 1 | BC59: 1 | BH59: 3 | BI59: 1 | BM59: 58001 | BN59: 0 | BP59: 0 | BQ59: 6 | BR59: 0 | BS59: 1 | BT59: 1 | BU59: 1 | BV59: 1 | BW59: 1 | BX59: 1 | BZ59: 90 | CA59: 46 | CE59: 0 | CF59: 0 | CG59: 0 | CM59: 0 | CO59: 0 | CP59: =(P59+Q59+S59+R59) -> 0 | CQ59: =ROUND(AL59*BC59,2) -> 0 | CR59: =ROUND(AM59*BB59,2) -> 0 | CS59: =ROUND(AN59*BS59,2) -> 0 | CT59: =ROUND(AO59*BA59,2) -> 0 | CU59: =AG59 -> 0 | CV59: =AH59 -> 0 | CW59: =AI59 -> 0 | CX59: =AJ59 -> 0 | CY59: =(((S59+R59)*AT59)/100) -> 0 | CZ59: =(((S59+R59)*AU59)/100) -> 0 | DN59: 0 | DO59: 0 | DP59: 1 | DQ59: 1 | DU59: 1009 | DV59: т | DW59: т | DX59: 1000 | EE59: 58905933 | EF59: 6 | EG59: Ремонтно-строительные работы | EH59: 92 | EI59: Крыши, кровли | EJ59: 1 | EK59: 58001 | EL59: Крыши, кровли | EM59: рФЕР-58 | EQ59: 0 | ER59: 0 | ES59: 0 | ET59: 0 | EU59: 0 | EV59: 0 | EW59: 0 | EX59: 0 | FQ59: 0 | FR59: 0 | FS59: 0 | FX59: 90 | FY59: 46 | GD59: 1 | GF59: 2102561428 | GG59: 2 | GH59: 1 | GI59: -2 | GJ59: 0 | GK59: 0 | GL59: =ROUND(IF(AND(BH59=3,BI59=3,FS59<>0),P59,0),2) -> 0 | GM59: =ROUND(O59+X59+Y59,2)+GX59 -> 0 | GN59: =IF(OR(BI59=0,BI59=1),GM59-GX59,0) -> 0 | GO59: =IF(BI59=2,GM59-GX59,0) -> 0 | GP59: =IF(BI59=4,GM59-GX59,0) -> 0 | GR59: 0 | GS59: 3 | GT59: 0 | GV59: =ROUND((GT59),6) -> 0 | GW59: 1 | GX59: =ROUND(HC59*I59,2) -> 0 | HA59: 0 | HB59: 0 | HC59: =GV59*GW59 -> 0 | HN59: Пр/812-092.0-1 | HO59: Пр/774-092.0 | HP59: Крыши, кровля | HQ59: Крыши, кровля | HS59: 0 | IK59: 0
A60: 17 | B60: 1 | C60: =ROW(SmtRes!A103) -> 103 | D60: =ROW(EtalonRes!A91) -> 91 | E60: 6 | F60: 12-01-037-04 | G60: Смена подкровельной пленочной гидроизоляции | H60: 100 м2 | I60: =ROUND(680/100,7) -> 6.8 | J60: 0 | K60: =ROUND(680/100,7) -> 6.8 | O60: =ROUND(CP60,2) -> 264057.18 | P60: =SUMIF(SmtRes!AQ95:'SmtRes'!AQ103,"=1",SmtRes!DF95:'SmtRes'!DF103) -> 105975.93 | Q60: =SUMIF(SmtRes!AQ95:'SmtRes'!AQ103,"=1",SmtRes!DG95:'SmtRes'!DG103) -> 191.32 | R60: =SUMIF(SmtRes!AQ95:'SmtRes'!AQ103,"=1",SmtRes!DH95:'SmtRes'!DH103) -> 91.33 | S60: =SUMIF(SmtRes!AQ95:'SmtRes'!AQ103,"=1",SmtRes!DI95:'SmtRes'!DI103) -> 157798.6 | T60: =ROUND(CU60*I60,2) -> 0 | U60: =SUMIF(SmtRes!AQ95:'SmtRes'!AQ103,"=1",SmtRes!CV95:'SmtRes'!CV103) -> 412.7396 | V60: =SUMIF(SmtRes!AQ95:'SmtRes'!AQ103,"=1",SmtRes!CW95:'SmtRes'!CW103) -> 0.204 | W60: =ROUND(CX60*I60,2) -> 0 | X60: =ROUND(CY60,2) -> 154890.02 | Y60: =ROUND(CZ60,2) -> 76497.67 | AA60: 60841590 | AB60: =ROUND((AC60+AD60+AF60),6) -> 35776.074 | AC60: =ROUND((SUM(SmtRes!BQ95:'SmtRes'!BQ103)),6) -> 12542.368 | AD60: =ROUND((((SUM(SmtRes!BR95:'SmtRes'!BR103))-(SUM(SmtRes!BS95:'SmtRes'!BS103)))+AE60),6) -> 28.0289 | AE60: =ROUND((SUM(SmtRes!BS95:'SmtRes'!BS103)),6) -> 13.4303 | AF60: =ROUND((SUM(SmtRes!BT95:'SmtRes'!BT103)),6) -> 23205.677 | AG60: =ROUND((AP60),6) -> 0 | AH60: =(SUM(SmtRes!BU95:'SmtRes'!BU103)) -> 60.697 | AI60: =(SUM(SmtRes!BV95:'SmtRes'!BV103)) -> 0.03 | AJ60: =(AS60) -> 0 | AK60: 32754.385 | AL60: 12542.368 | AM60: 22.42312 | AN60: 10.74424 | AO60: 20178.85 | AP60: 0 | AQ60: 52.78 | AR60: 0.024 | AS60: 0 | AT60: 98.1 | AU60: 48.45 | AV60: 1 | AW60: 1 | AZ60: 1 | BA60: 1 | BB60: 1 | BC60: 1 | BH60: 0 | BI60: 1 | BJ60: ГЭСН-2022 доп.17, 12-01-037-04, приказ Минстроя России от 17.02.2026 г. № 91/пр | BM60: 12001 | BN60: 0 | BP60: 0 | BQ60: 2 | BR60: 0 | BS60: 1 | BT60: 1 | BU60: 1 | BV60: 1 | BW60: 1 | BX60: 1 | BZ60: 109 | CA60: 57 | CE60: 0 | CF60: 0 | CG60: 0 | CM60: 0 | CN60: Поправка: 421/пр_2020_п.58_пп.б Наименование: При отсутствии необходимых норм (единичных расценок), включенных в сборники ГЭСНр (ФЕРр, ТЕРр), сметные затраты на работы по капитальному ремонту и реконструкции объектов капитального строительства могут быть определены по сметным нормам, включенным в ГЭСН (ФЕР, ТЕР), аналогичным технологическим процессам в новом строительстве, в том числе по возведению новых конструктивных элементов | CO60: 0 | CP60: =(P60+Q60+S60+R60) -> 264057.18 | CQ60: =SUMIF(SmtRes!AQ95:'SmtRes'!AQ103,"=1",SmtRes!AA95:'SmtRes'!AA103) -> 263665.88 | CR60: =SUMIF(SmtRes!AQ95:'SmtRes'!AQ103,"=1",SmtRes!AB95:'SmtRes'!AB103) -> 2445.1 | CS60: =SUMIF(SmtRes!AQ95:'SmtRes'!AQ103,"=1",SmtRes!AC95:'SmtRes'!AC103) -> 1308.65 | CT60: =SUMIF(SmtRes!AQ95:'SmtRes'!AQ103,"=1",SmtRes!AD95:'SmtRes'!AD103) -> 382.32 | CU60: =AG60 -> 0 | CV60: =SUMIF(SmtRes!AQ95:'SmtRes'!AQ103,"=1",SmtRes!BU95:'SmtRes'!BU103) -> 60.697 | CW60: =SUMIF(SmtRes!AQ95:'SmtRes'!AQ103,"=1",SmtRes!BV95:'SmtRes'!BV103) -> 0.03 | CX60: =AJ60 -> 0 | CY60: =(((S60+R60)*AT60)/100) -> 154890.02 | CZ60: =(((S60+R60)*AU60)/100) -> 76497.671 | DB60: 3 | DE60: *1,25 | DF60: *1,25 | DG60: *1,15 | DI60: *1,15 | DJ60: *1,25 | DL60: *0,9 | DM60: *0,85 | DN60: 0 | DO60: 0 | DP60: 1 | DQ60: 1 | DU60: 1005 | DV60: 100 м2 | DW60: 100 м2 | DX60: 100 | EE60: 58905856 | EF60: 2 | EG60: Общестроительные работы | EH60: 12 | EI60: Кровли | EJ60: 1 | EK60: 12001 | EL60: Кровли | EM60: ФЕР-12 | EO60: Поправка: 421/пр_2020_п.58_пп.б | EQ60: 0 | ER60: 0 | ES60: 0 | ET60: 0 | EU60: 0 | EV60: 0 | EW60: 52.78 | EX60: 0.02 | EY60: 0 | FQ60: 0 | FR60: 0 | FS60: 0 | FX60: 98.1 | FY60: 48.45 | GD60: 1 | GF60: 1663416961 | GG60: 2 | GH60: 1 | GI60: -2 | GJ60: 0 | GK60: 0 | GL60: =ROUND(IF(AND(BH60=3,BI60=3,FS60<>0),P60,0),2) -> 0 | GM60: =ROUND(O60+X60+Y60,2)+GX60 -> 495444.87 | GN60: =IF(OR(BI60=0,BI60=1),GM60-GX60,0) -> 495444.87 | GO60: =IF(BI60=2,GM60-GX60,0) -> 0 | GP60: =IF(BI60=4,GM60-GX60,0) -> 0 | GR60: 0 | GS60: 3 | GT60: 0 | GV60: =ROUND((GT60),6) -> 0 | GW60: 1 | GX60: =ROUND(HC60*I60,2) -> 0 | HA60: 0 | HB60: 0 | HC60: =GV60*GW60 -> 0 | HN60: Пр/812-012.0-1 | HO60: Пр/774-012.0 | HP60: Кровли | HQ60: Кровли | HS60: 0 | IK60: 0
A61: 17 | B61: 1 | C61: =ROW(SmtRes!A112) -> 112 | D61: =ROW(EtalonRes!A100) -> 100 | E61: 6 | F61: 12-01-037-04 | G61: Смена подкровельной пленочной гидроизоляции | H61: 100 м2 | I61: =ROUND(680/100,7) -> 6.8 | J61: 0 | K61: =ROUND(680/100,7) -> 6.8 | O61: =ROUND(CP61,2) -> 264945.33 | P61: =SUMIF(SmtRes!AQ104:'SmtRes'!AQ112,"=1",SmtRes!DF104:'SmtRes'!DF112) -> 106851.15 | Q61: =SUMIF(SmtRes!AQ104:'SmtRes'!AQ112,"=1",SmtRes!DG104:'SmtRes'!DG112) -> 198.27 | R61: =SUMIF(SmtRes!AQ104:'SmtRes'!AQ112,"=1",SmtRes!DH104:'SmtRes'!DH112) -> 97.31 | S61: =SUMIF(SmtRes!AQ104:'SmtRes'!AQ112,"=1",SmtRes!DI104:'SmtRes'!DI112) -> 157798.6 | T61: =ROUND(CU61*I61,2) -> 0 | U61: =SUMIF(SmtRes!AQ104:'SmtRes'!AQ112,"=1",SmtRes!CV104:'SmtRes'!CV112) -> 412.7396 | V61: =SUMIF(SmtRes!AQ104:'SmtRes'!AQ112,"=1",SmtRes!CW104:'SmtRes'!CW112) -> 0.204 | W61: =ROUND(CX61*I61,2) -> 0 | X61: =ROUND(CY61,2) -> 154895.89 | Y61: =ROUND(CZ61,2) -> 76500.57 | AA61: 60854600 | AB61: =ROUND((AC61+AD61+AF61),6) -> 35777.086 | AC61: =ROUND((SUM(SmtRes!BQ104:'SmtRes'!BQ112)),6) -> 12542.368 | AD61: =ROUND((((SUM(SmtRes!BR104:'SmtRes'!BR112))-(SUM(SmtRes!BS104:'SmtRes'!BS112)))+AE61),6) -> 29.0405 | AE61: =ROUND((SUM(SmtRes!BS104:'SmtRes'!BS112)),6) -> 14.308875 | AF61: =ROUND((SUM(SmtRes!BT104:'SmtRes'!BT112)),6) -> 23205.677 | AG61: =ROUND((AP61),6) -> 0 | AH61: =(SUM(SmtRes!BU104:'SmtRes'!BU112)) -> 60.697 | AI61: =(SUM(SmtRes!BV104:'SmtRes'!BV112)) -> 0.03 | AJ61: =(AS61) -> 0 | AK61: 32755.897 | AL61: 12542.368 | AM61: 23.2324 | AN61: 11.4471 | AO61: 20178.85 | AP61: 0 | AQ61: 52.78 | AR61: 0.024 | AS61: 0 | AT61: 98.1 | AU61: 48.45 | AV61: 1 | AW61: 1 | AZ61: 1 | BA61: 1 | BB61: 1 | BC61: 1 | BH61: 0 | BI61: 1 | BJ61: ГЭСН-2022 доп.17, 12-01-037-04, приказ Минстроя России от 17.02.2026 г. № 91/пр | BM61: 12001 | BN61: 0 | BP61: 0 | BQ61: 2 | BR61: 0 | BS61: 1 | BT61: 1 | BU61: 1 | BV61: 1 | BW61: 1 | BX61: 1 | BZ61: 109 | CA61: 57 | CE61: 0 | CF61: 0 | CG61: 0 | CM61: 0 | CN61: Поправка: 421/пр_2020_п.58_пп.б Наименование: При отсутствии необходимых норм (единичных расценок), включенных в сборники ГЭСНр (ФЕРр, ТЕРр), сметные затраты на работы по капитальному ремонту и реконструкции объектов капитального строительства могут быть определены по сметным нормам, включенным в ГЭСН (ФЕР, ТЕР), аналогичным технологическим процессам в новом строительстве, в том числе по возведению новых конструктивных элементов | CO61: 0 | CP61: =(P61+Q61+S61+R61) -> 264945.33 | CQ61: =SUMIF(SmtRes!AQ104:'SmtRes'!AQ112,"=1",SmtRes!AA104:'SmtRes'!AA112) -> 250383.25 | CR61: =SUMIF(SmtRes!AQ104:'SmtRes'!AQ112,"=1",SmtRes!AB104:'SmtRes'!AB112) -> 2539.03 | CS61: =SUMIF(SmtRes!AQ104:'SmtRes'!AQ112,"=1",SmtRes!AC104:'SmtRes'!AC112) -> 1394.26 | CT61: =SUMIF(SmtRes!AQ104:'SmtRes'!AQ112,"=1",SmtRes!AD104:'SmtRes'!AD112) -> 382.32 | CU61: =AG61 -> 0 | CV61: =SUMIF(SmtRes!AQ104:'SmtRes'!AQ112,"=1",SmtRes!BU104:'SmtRes'!BU112) -> 60.697 | CW61: =SUMIF(SmtRes!AQ104:'SmtRes'!AQ112,"=1",SmtRes!BV104:'SmtRes'!BV112) -> 0.03 | CX61: =AJ61 -> 0 | CY61: =(((S61+R61)*AT61)/100) -> 154895.89 | CZ61: =(((S61+R61)*AU61)/100) -> 76500.568 | DB61: 4 | DE61: *1,25 | DF61: *1,25 | DG61: *1,15 | DI61: *1,15 | DJ61: *1,25 | DL61: *0,9 | DM61: *0,85 | DN61: 0 | DO61: 0 | DP61: 1 | DQ61: 1 | DU61: 1005 | DV61: 100 м2 | DW61: 100 м2 | DX61: 100 | EE61: 58905856 | EF61: 2 | EG61: Общестроительные работы | EH61: 12 | EI61: Кровли | EJ61: 1 | EK61: 12001 | EL61: Кровли | EM61: ФЕР-12 | EO61: Поправка: 421/пр_2020_п.58_пп.б | EQ61: 0 | ER61: 0 | ES61: 0 | ET61: 0 | EU61: 0 | EV61: 0 | EW61: 52.78 | EX61: 0.02 | EY61: 0 | FQ61: 0 | FR61: 0 | FS61: 0 | FX61: 98.1 | FY61: 48.45 | GD61: 1 | GF61: 1663416961 | GG61: 2 | GH61: 1 | GI61: -2 | GJ61: 0 | GK61: 0 | GL61: =ROUND(IF(AND(BH61=3,BI61=3,FS61<>0),P61,0),2) -> 0 | GM61: =ROUND(O61+X61+Y61,2)+GX61 -> 496341.79 | GN61: =IF(OR(BI61=0,BI61=1),GM61-GX61,0) -> 496341.79 | GO61: =IF(BI61=2,GM61-GX61,0) -> 0 | GP61: =IF(BI61=4,GM61-GX61,0) -> 0 | GR61: 0 | GS61: 0 | GT61: 0 | GV61: =ROUND((GT61),6) -> 0 | GW61: 1 | GX61: =ROUND(HC61*I61,2) -> 0 | HA61: 0 | HB61: 0 | HC61: =GV61*GW61 -> 0 | HN61: Пр/812-012.0-1 | HO61: Пр/774-012.0 | HP61: Кровли | HQ61: Кровли | HS61: 0 | IK61: 0
A62: 17 | B62: 1 | C62: =ROW(SmtRes!A119) -> 119 | D62: =ROW(EtalonRes!A107) -> 107 | E62: 7 | F62: 53-01-026-03 | G62: Ремонт разрушенной части поверхности толщиной слоя 10 мм бетонных и железобетонных конструкций | H62: м2 | I62: 10 | J62: 0 | K62: 10 | O62: =ROUND(CP62,2) -> 7621.48 | P62: =SUMIF(SmtRes!AQ113:'SmtRes'!AQ119,"=1",SmtRes!DF113:'SmtRes'!DF119) -> 83.8 | Q62: =SUMIF(SmtRes!AQ113:'SmtRes'!AQ119,"=1",SmtRes!DG113:'SmtRes'!DG119) -> 136.46 | R62: =SUMIF(SmtRes!AQ113:'SmtRes'!AQ119,"=1",SmtRes!DH113:'SmtRes'!DH119) -> 81 | S62: =SUMIF(SmtRes!AQ113:'SmtRes'!AQ119,"=1",SmtRes!DI113:'SmtRes'!DI119) -> 7320.22 | T62: =ROUND(CU62*I62,2) -> 0 | U62: =SUMIF(SmtRes!AQ113:'SmtRes'!AQ119,"=1",SmtRes!CV113:'SmtRes'!CV119) -> 20.1 | V62: =SUMIF(SmtRes!AQ113:'SmtRes'!AQ119,"=1",SmtRes!CW113:'SmtRes'!CW119) -> 0.2 | W62: =ROUND(CX62*I62,2) -> 0 | X62: =ROUND(CY62,2) -> 6809.12 | Y62: =ROUND(CZ62,2) -> 3848.63 | AA62: 60841590 | AB62: =ROUND((AC62+AD62+AF62),6) -> 754.0628 | AC62: =ROUND((SUM(SmtRes!BQ113:'SmtRes'!BQ119)),6) -> 8.406824 | AD62: =ROUND((((SUM(SmtRes!BR113:'SmtRes'!BR119))-(SUM(SmtRes!BS113:'SmtRes'!BS119)))+AE62),6) -> 13.63408 | AE62: =ROUND((SUM(SmtRes!BS113:'SmtRes'!BS119)),6) -> 8.0998 | AF62: =ROUND((SUM(SmtRes!BT113:'SmtRes'!BT119)),6) -> 732.0219 | AG62: =ROUND((AP62),6) -> 0 | AH62: =(SUM(SmtRes!BU113:'SmtRes'!BU119)) -> 2.01 | AI62: =(SUM(SmtRes!BV113:'SmtRes'!BV119)) -> 0.02 | AJ62: =(AS62) -> 0 | AK62: 762.1626 | AL62: 8.406824 | AM62: 13.63408 | AN62: 8.0998 | AO62: 732.0219 | AP62: 0 | AQ62: 2.01 | AR62: 0.02 | AS62: 0 | AT62: 92 | AU62: 52 | AV62: 1 | AW62: 1 | AZ62: 1 | BA62: 1 | BB62: 1 | BC62: 1 | BH62: 0 | BI62: 1 | BJ62: ГЭСНр-2022, 53-01-026-03, приказ Минстроя России от 18.05.2022 г. № 378/пр | BM62: 53001 | BN62: 0 | BP62: 0 | BQ62: 6 | BR62: 0 | BS62: 1 | BT62: 1 | BU62: 1 | BV62: 1 | BW62: 1 | BX62: 1 | BZ62: 92 | CA62: 52 | CE62: 0 | CF62: 0 | CG62: 0 | CM62: 0 | CO62: 0 | CP62: =(P62+Q62+S62+R62) -> 7621.48 | CQ62: =SUMIF(SmtRes!AQ113:'SmtRes'!AQ119,"=1",SmtRes!AA113:'SmtRes'!AA119) -> 37.35 | CR62: =SUMIF(SmtRes!AQ113:'SmtRes'!AQ119,"=1",SmtRes!AB113:'SmtRes'!AB119) -> 690.93 | CS62: =SUMIF(SmtRes!AQ113:'SmtRes'!AQ119,"=1",SmtRes!AC113:'SmtRes'!AC119) -> 404.99 | CT62: =SUMIF(SmtRes!AQ113:'SmtRes'!AQ119,"=1",SmtRes!AD113:'SmtRes'!AD119) -> 364.19 | CU62: =AG62 -> 0 | CV62: =SUMIF(SmtRes!AQ113:'SmtRes'!AQ119,"=1",SmtRes!BU113:'SmtRes'!BU119) -> 2.01 | CW62: =SUMIF(SmtRes!AQ113:'SmtRes'!AQ119,"=1",SmtRes!BV113:'SmtRes'!BV119) -> 0.02 | CX62: =AJ62 -> 0 | CY62: =(((S62+R62)*AT62)/100) -> 6809.1224 | CZ62: =(((S62+R62)*AU62)/100) -> 3848.6344 | DN62: 0 | DO62: 0 | DP62: 1 | DQ62: 1 | DU62: 1005 | DV62: м2 | DW62: м2 | DX62: 1 | EE62: 58905928 | EF62: 6 | EG62: Ремонтно-строительные работы | EH62: 87 | EI62: Стены | EJ62: 1 | EK62: 53001 | EL62: Стены | EM62: рФЕР-53 | EQ62: 0 | ER62: 0 | ES62: 0 | ET62: 0 | EU62: 0 | EV62: 0 | EW62: 2.01 | EX62: 0.02 | EY62: 0 | FQ62: 0 | FR62: 0 | FS62: 0 | FX62: 92 | FY62: 52 | GD62: 1 | GF62: 1585527876 | GG62: 2 | GH62: 1 | GI62: -2 | GJ62: 0 | GK62: 0 | GL62: =ROUND(IF(AND(BH62=3,BI62=3,FS62<>0),P62,0),2) -> 0 | GM62: =ROUND(O62+X62+Y62,2)+GX62 -> 18279.23 | GN62: =IF(OR(BI62=0,BI62=1),GM62-GX62,0) -> 18279.23 | GO62: =IF(BI62=2,GM62-GX62,0) -> 0 | GP62: =IF(BI62=4,GM62-GX62,0) -> 0 | GR62: 0 | GS62: 3 | GT62: 0 | GV62: =ROUND((GT62),6) -> 0 | GW62: 1 | GX62: =ROUND(HC62*I62,2) -> 0 | HA62: 0 | HB62: 0 | HC62: =GV62*GW62 -> 0 | HN62: Пр/812-087.0-1 | HO62: Пр/774-087.0 | HP62: Стены | HQ62: Стены | HS62: 0 | IK62: 0
A63: 17 | B63: 1 | C63: =ROW(SmtRes!A126) -> 126 | D63: =ROW(EtalonRes!A114) -> 114 | E63: 7 | F63: 53-01-026-03 | G63: Ремонт разрушенной части поверхности толщиной слоя 10 мм бетонных и железобетонных конструкций | H63: м2 | I63: 10 | J63: 0 | K63: 10 | O63: =ROUND(CP63,2) -> 8102.29 | P63: =SUMIF(SmtRes!AQ120:'SmtRes'!AQ126,"=1",SmtRes!DF120:'SmtRes'!DF126) -> 85.3 | Q63: =SUMIF(SmtRes!AQ120:'SmtRes'!AQ126,"=1",SmtRes!DG120:'SmtRes'!DG126) -> 131.69 | R63: =SUMIF(SmtRes!AQ120:'SmtRes'!AQ126,"=1",SmtRes!DH120:'SmtRes'!DH126) -> 86.3 | S63: =SUMIF(SmtRes!AQ120:'SmtRes'!AQ126,"=1",SmtRes!DI120:'SmtRes'!DI126) -> 7799 | T63: =ROUND(CU63*I63,2) -> 0 | U63: =SUMIF(SmtRes!AQ120:'SmtRes'!AQ126,"=1",SmtRes!CV120:'SmtRes'!CV126) -> 20.1 | V63: =SUMIF(SmtRes!AQ120:'SmtRes'!AQ126,"=1",SmtRes!CW120:'SmtRes'!CW126) -> 0.2 | W63: =ROUND(CX63*I63,2) -> 0 | X63: =ROUND(CY63,2) -> 7254.48 | Y63: =ROUND(CZ63,2) -> 4100.36 | AA63: 60854600 | AB63: =ROUND((AC63+AD63+AF63),6) -> 801.62577 | AC63: =ROUND((SUM(SmtRes!BQ120:'SmtRes'!BQ126)),6) -> 8.556624 | AD63: =ROUND((((SUM(SmtRes!BR120:'SmtRes'!BR126))-(SUM(SmtRes!BS120:'SmtRes'!BS126)))+AE63),6) -> 13.16905 | AE63: =ROUND((SUM(SmtRes!BS120:'SmtRes'!BS126)),6) -> 8.6296 | AF63: =ROUND((SUM(SmtRes!BT120:'SmtRes'!BT126)),6) -> 779.9001 | AG63: =ROUND((AP63),6) -> 0 | AH63: =(SUM(SmtRes!BU120:'SmtRes'!BU126)) -> 2.01 | AI63: =(SUM(SmtRes!BV120:'SmtRes'!BV126)) -> 0.02 | AJ63: =(AS63) -> 0 | AK63: 810.25537 | AL63: 8.556624 | AM63: 13.16905 | AN63: 8.6296 | AO63: 779.9001 | AP63: 0 | AQ63: 2.01 | AR63: 0.02 | AS63: 0 | AT63: 92 | AU63: 52 | AV63: 1 | AW63: 1 | AZ63: 1 | BA63: 1 | BB63: 1 | BC63: 1 | BH63: 0 | BI63: 1 | BJ63: ГЭСНр-2022, 53-01-026-03, приказ Минстроя России от 18.05.2022 г. № 378/пр | BM63: 53001 | BN63: 0 | BP63: 0 | BQ63: 6 | BR63: 0 | BS63: 1 | BT63: 1 | BU63: 1 | BV63: 1 | BW63: 1 | BX63: 1 | BZ63: 92 | CA63: 52 | CE63: 0 | CF63: 0 | CG63: 0 | CM63: 0 | CO63: 0 | CP63: =(P63+Q63+S63+R63) -> 8102.29 | CQ63: =SUMIF(SmtRes!AQ120:'SmtRes'!AQ126,"=1",SmtRes!AA120:'SmtRes'!AA126) -> 37.49 | CR63: =SUMIF(SmtRes!AQ120:'SmtRes'!AQ126,"=1",SmtRes!AB120:'SmtRes'!AB126) -> 667.25 | CS63: =SUMIF(SmtRes!AQ120:'SmtRes'!AQ126,"=1",SmtRes!AC120:'SmtRes'!AC126) -> 431.48 | CT63: =SUMIF(SmtRes!AQ120:'SmtRes'!AQ126,"=1",SmtRes!AD120:'SmtRes'!AD126) -> 388.01 | CU63: =AG63 -> 0 | CV63: =SUMIF(SmtRes!AQ120:'SmtRes'!AQ126,"=1",SmtRes!BU120:'SmtRes'!BU126) -> 2.01 | CW63: =SUMIF(SmtRes!AQ120:'SmtRes'!AQ126,"=1",SmtRes!BV120:'SmtRes'!BV126) -> 0.02 | CX63: =AJ63 -> 0 | CY63: =(((S63+R63)*AT63)/100) -> 7254.476 | CZ63: =(((S63+R63)*AU63)/100) -> 4100.356 | DN63: 0 | DO63: 0 | DP63: 1 | DQ63: 1 | DU63: 1005 | DV63: м2 | DW63: м2 | DX63: 1 | EE63: 58905928 | EF63: 6 | EG63: Ремонтно-строительные работы | EH63: 87 | EI63: Стены | EJ63: 1 | EK63: 53001 | EL63: Стены | EM63: рФЕР-53 | EQ63: 0 | ER63: 0 | ES63: 0 | ET63: 0 | EU63: 0 | EV63: 0 | EW63: 2.01 | EX63: 0.02 | EY63: 0 | FQ63: 0 | FR63: 0 | FS63: 0 | FX63: 92 | FY63: 52 | GD63: 1 | GF63: 1585527876 | GG63: 2 | GH63: 1 | GI63: -2 | GJ63: 0 | GK63: 0 | GL63: =ROUND(IF(AND(BH63=3,BI63=3,FS63<>0),P63,0),2) -> 0 | GM63: =ROUND(O63+X63+Y63,2)+GX63 -> 19457.13 | GN63: =IF(OR(BI63=0,BI63=1),GM63-GX63,0) -> 19457.13 | GO63: =IF(BI63=2,GM63-GX63,0) -> 0 | GP63: =IF(BI63=4,GM63-GX63,0) -> 0 | GR63: 0 | GS63: 3 | GT63: 0 | GV63: =ROUND((GT63),6) -> 0 | GW63: 1 | GX63: =ROUND(HC63*I63,2) -> 0 | HA63: 0 | HB63: 0 | HC63: =GV63*GW63 -> 0 | HN63: Пр/812-087.0-1 | HO63: Пр/774-087.0 | HP63: Стены | HQ63: Стены | HS63: 0 | IK63: 0
A64: 18 | B64: 1 | C64: 119 | E64: 7,1 | F64: 04.3.02.09-0932 | G64: Смеси сухие гидроизоляционные тампонажные на цементной основе с содержанием кварцевого песка для устранения активных протечек бетонных и железобетонных конструкций, срок схватывания 3 мин, класс В10 (М150), F200, W6-W14, расход 1900 кг/м3 | H64: кг | I64: =I62*J64 -> 233.2 | J64: 23.32 | K64: 23.32 | O64: =ROUND(CP64,2) -> 63910.79 | P64: =ROUND(CQ64*I64,2) -> 63910.79 | Q64: =ROUND(CR64*I64,2) -> 0 | R64: =ROUND(CS64*I64,2) -> 0 | S64: =ROUND(CT64*I64,2) -> 0 | T64: =ROUND(CU64*I64,2) -> 0 | U64: =ROUND(CV64*I64,7) -> 0 | V64: =ROUND(CW64*I64,7) -> 0 | W64: =ROUND(CX64*I64,2) -> 0 | X64: =ROUND(CY64,2) -> 0 | Y64: =ROUND(CZ64,2) -> 0 | AA64: 60841590 | AB64: =ROUND((AC64+AD64+AF64),6) -> 136.35 | AC64: =ROUND((ES64),6) -> 136.35 | AD64: =ROUND((((ET64)-(EU64))+AE64),6) -> 0 | AE64: =ROUND((EU64),6) -> 0 | AF64: =ROUND((EV64),6) -> 0 | AG64: =ROUND((AP64),6) -> 0 | AH64: =(EW64) -> 0 | AI64: =(EX64) -> 0 | AJ64: =(AS64) -> 0 | AK64: 136.35 | AL64: 136.35 | AM64: 0 | AN64: 0 | AO64: 0 | AP64: 0 | AQ64: 0 | AR64: 0 | AS64: 0 | AT64: 92 | AU64: 52 | AV64: 1 | AW64: 1 | AZ64: 1 | BA64: 1 | BB64: 1 | BC64: 2.01 | BH64: 3 | BI64: 1 | BJ64: ФСБЦ-2022 доп.3, 04.3.02.09-0932, приказ Минстроя России от 26.10.2022 г. № 905/пр | BM64: 53001 | BN64: 0 | BO64: 04.3.02.09-0932 | BP64: 1 | BQ64: 6 | BR64: 0 | BS64: 1 | BT64: 1 | BU64: 1 | BV64: 1 | BW64: 1 | BX64: 1 | BZ64: 92 | CA64: 52 | CE64: 0 | CF64: 0 | CG64: 0 | CM64: 0 | CO64: 0 | CP64: =(P64+Q64+S64+R64) -> 63910.79 | CQ64: =ROUND(AL64*BC64,2) -> 274.06 | CR64: =ROUND(AM64*BB64,2) -> 0 | CS64: =ROUND(AN64*BS64,2) -> 0 | CT64: =ROUND(AO64*BA64,2) -> 0 | CU64: =AG64 -> 0 | CV64: =AH64 -> 0 | CW64: =AI64 -> 0 | CX64: =AJ64 -> 0 | CY64: =(((S64+R64)*AT64)/100) -> 0 | CZ64: =(((S64+R64)*AU64)/100) -> 0 | DN64: 0 | DO64: 0 | DP64: 1 | DQ64: 1 | DU64: 1009 | DV64: кг | DW64: кг | DX64: 1 | EE64: 58905928 | EF64: 6 | EG64: Ремонтно-строительные работы | EH64: 87 | EI64: Стены | EJ64: 1 | EK64: 53001 | EL64: Стены | EM64: рФЕР-53 | EQ64: 0 | ER64: 136.35 | ES64: 136.35 | ET64: 0 | EU64: 0 | EV64: 0 | EW64: 0 | EX64: 0 | FQ64: 0 | FR64: 0 | FS64: 0 | FX64: 92 | FY64: 52 | GD64: 1 | GF64: -844312473 | GG64: 2 | GH64: 1 | GI64: 2 | GJ64: 0 | GK64: 0 | GL64: =ROUND(IF(AND(BH64=3,BI64=3,FS64<>0),P64,0),2) -> 0 | GM64: =ROUND(O64+X64+Y64,2)+GX64 -> 63910.79 | GN64: =IF(OR(BI64=0,BI64=1),GM64-GX64,0) -> 63910.79 | GO64: =IF(BI64=2,GM64-GX64,0) -> 0 | GP64: =IF(BI64=4,GM64-GX64,0) -> 0 | GR64: 0 | GS64: 3 | GT64: 0 | GV64: =ROUND((GT64),6) -> 0 | GW64: 1 | GX64: =ROUND(HC64*I64,2) -> 0 | HA64: 0 | HB64: 0 | HC64: =GV64*GW64 -> 0 | HN64: Пр/812-087.0-1 | HO64: Пр/774-087.0 | HP64: Стены | HQ64: Стены | HS64: 0 | IK64: 0
A65: 18 | B65: 1 | C65: 126 | E65: 7,1 | F65: 04.3.02.09-0932 | G65: Смеси сухие гидроизоляционные тампонажные на цементной основе с содержанием кварцевого песка для устранения активных протечек бетонных и железобетонных конструкций, срок схватывания 3 мин, класс В10 (М150), F200, W6-W14, расход 1900 кг/м3 | H65: кг | I65: =I63*J65 -> 233.2 | J65: 23.32 | K65: 23.32 | O65: =ROUND(CP65,2) -> 64230.28 | P65: =ROUND(CQ65*I65,2) -> 64230.28 | Q65: =ROUND(CR65*I65,2) -> 0 | R65: =ROUND(CS65*I65,2) -> 0 | S65: =ROUND(CT65*I65,2) -> 0 | T65: =ROUND(CU65*I65,2) -> 0 | U65: =ROUND(CV65*I65,7) -> 0 | V65: =ROUND(CW65*I65,7) -> 0 | W65: =ROUND(CX65*I65,2) -> 0 | X65: =ROUND(CY65,2) -> 0 | Y65: =ROUND(CZ65,2) -> 0 | AA65: 60854600 | AB65: =ROUND((AC65+AD65+AF65),6) -> 136.35 | AC65: =ROUND((ES65),6) -> 136.35 | AD65: =ROUND((((ET65)-(EU65))+AE65),6) -> 0 | AE65: =ROUND((EU65),6) -> 0 | AF65: =ROUND((EV65),6) -> 0 | AG65: =ROUND((AP65),6) -> 0 | AH65: =(EW65) -> 0 | AI65: =(EX65) -> 0 | AJ65: =(AS65) -> 0 | AK65: 136.35 | AL65: 136.35 | AM65: 0 | AN65: 0 | AO65: 0 | AP65: 0 | AQ65: 0 | AR65: 0 | AS65: 0 | AT65: 92 | AU65: 52 | AV65: 1 | AW65: 1 | AZ65: 1 | BA65: 1 | BB65: 1 | BC65: 2.02 | BH65: 3 | BI65: 1 | BJ65: ФСБЦ-2022 доп.3, 04.3.02.09-0932, приказ Минстроя России от 26.10.2022 г. № 905/пр | BM65: 53001 | BN65: 0 | BO65: 04.3.02.09-0932 | BP65: 1 | BQ65: 6 | BR65: 0 | BS65: 1 | BT65: 1 | BU65: 1 | BV65: 1 | BW65: 1 | BX65: 1 | BZ65: 92 | CA65: 52 | CE65: 0 | CF65: 0 | CG65: 0 | CM65: 0 | CO65: 0 | CP65: =(P65+Q65+S65+R65) -> 64230.28 | CQ65: =ROUND(AL65*BC65,2) -> 275.43 | CR65: =ROUND(AM65*BB65,2) -> 0 | CS65: =ROUND(AN65*BS65,2) -> 0 | CT65: =ROUND(AO65*BA65,2) -> 0 | CU65: =AG65 -> 0 | CV65: =AH65 -> 0 | CW65: =AI65 -> 0 | CX65: =AJ65 -> 0 | CY65: =(((S65+R65)*AT65)/100) -> 0 | CZ65: =(((S65+R65)*AU65)/100) -> 0 | DN65: 0 | DO65: 0 | DP65: 1 | DQ65: 1 | DU65: 1009 | DV65: кг | DW65: кг | DX65: 1 | EE65: 58905928 | EF65: 6 | EG65: Ремонтно-строительные работы | EH65: 87 | EI65: Стены | EJ65: 1 | EK65: 53001 | EL65: Стены | EM65: рФЕР-53 | EQ65: 0 | ER65: 136.35 | ES65: 136.35 | ET65: 0 | EU65: 0 | EV65: 0 | EW65: 0 | EX65: 0 | FQ65: 0 | FR65: 0 | FS65: 0 | FX65: 92 | FY65: 52 | GD65: 1 | GF65: -844312473 | GG65: 2 | GH65: 1 | GI65: 2 | GJ65: 0 | GK65: 0 | GL65: =ROUND(IF(AND(BH65=3,BI65=3,FS65<>0),P65,0),2) -> 0 | GM65: =ROUND(O65+X65+Y65,2)+GX65 -> 64230.28 | GN65: =IF(OR(BI65=0,BI65=1),GM65-GX65,0) -> 64230.28 | GO65: =IF(BI65=2,GM65-GX65,0) -> 0 | GP65: =IF(BI65=4,GM65-GX65,0) -> 0 | GR65: 0 | GS65: 3 | GT65: 0 | GV65: =ROUND((GT65),6) -> 0 | GW65: 1 | GX65: =ROUND(HC65*I65,2) -> 0 | HA65: 0 | HB65: 0 | HC65: =GV65*GW65 -> 0 | HN65: Пр/812-087.0-1 | HO65: Пр/774-087.0 | HP65: Стены | HQ65: Стены | HS65: 0 | IK65: 0
A66: 17 | B66: 1 | C66: =ROW(SmtRes!A134) -> 134 | D66: =ROW(EtalonRes!A122) -> 122 | E66: 8 | F66: 53-01-015-01 | G66: Ремонт кирпичной кладки парапетов отдельными местами | H66: м3 | I66: 1.5 | J66: 0 | K66: 1.5 | O66: =ROUND(CP66,2) -> 21109.75 | P66: =SUMIF(SmtRes!AQ127:'SmtRes'!AQ134,"=1",SmtRes!DF127:'SmtRes'!DF134) -> 2316.23 | Q66: =SUMIF(SmtRes!AQ127:'SmtRes'!AQ134,"=1",SmtRes!DG127:'SmtRes'!DG134) -> 536.97 | R66: =SUMIF(SmtRes!AQ127:'SmtRes'!AQ134,"=1",SmtRes!DH127:'SmtRes'!DH134) -> 287.28 | S66: =SUMIF(SmtRes!AQ127:'SmtRes'!AQ134,"=1",SmtRes!DI127:'SmtRes'!DI134) -> 17969.27 | T66: =ROUND(CU66*I66,2) -> 0 | U66: =SUMIF(SmtRes!AQ127:'SmtRes'!AQ134,"=1",SmtRes!CV127:'SmtRes'!CV134) -> 53.085 | V66: =SUMIF(SmtRes!AQ127:'SmtRes'!AQ134,"=1",SmtRes!CW127:'SmtRes'!CW134) -> 0.645 | W66: =ROUND(CX66*I66,2) -> 0 | X66: =ROUND(CY66,2) -> 16796.03 | Y66: =ROUND(CZ66,2) -> 9493.41 | AA66: 60841590 | AB66: =ROUND((AC66+AD66+AF66),6) -> 13310.14 | AC66: =ROUND((SUM(SmtRes!BQ127:'SmtRes'!BQ134)),6) -> 978.0551 | AD66: =ROUND((((SUM(SmtRes!BR127:'SmtRes'!BR134))-(SUM(SmtRes!BS127:'SmtRes'!BS134)))+AE66),6) -> 352.5696 | AE66: =ROUND((SUM(SmtRes!BS127:'SmtRes'!BS134)),6) -> 191.5215 | AF66: =ROUND((SUM(SmtRes!BT127:'SmtRes'!BT134)),6) -> 11979.515 | AG66: =ROUND((AP66),6) -> 0 | AH66: =(SUM(SmtRes!BU127:'SmtRes'!BU134)) -> 35.39 | AI66: =(SUM(SmtRes!BV127:'SmtRes'!BV134)) -> 0.43 | AJ66: =(AS66) -> 0 | AK66: 13501.661 | AL66: 978.0551 | AM66: 352.5696 | AN66: 191.5215 | AO66: 11979.515 | AP66: 0 | AQ66: 35.39 | AR66: 0.43 | AS66: 0 | AT66: 92 | AU66: 52 | AV66: 1 | AW66: 1 | AZ66: 1 | BA66: 1 | BB66: 1 | BC66: 1 | BH66: 0 | BI66: 1 | BJ66: ГЭСНр-2022, 53-01-015-01, приказ Минстроя России от 18.05.2022 г. № 378/пр | BM66: 53001 | BN66: 0 | BP66: 0 | BQ66: 6 | BR66: 0 | BS66: 1 | BT66: 1 | BU66: 1 | BV66: 1 | BW66: 1 | BX66: 1 | BZ66: 92 | CA66: 52 | CE66: 0 | CF66: 0 | CG66: 0 | CM66: 0 | CO66: 0 | CP66: =(P66+Q66+S66+R66) -> 21109.75 | CQ66: =SUMIF(SmtRes!AQ127:'SmtRes'!AQ134,"=1",SmtRes!AA127:'SmtRes'!AA134) -> 6127.84 | CR66: =SUMIF(SmtRes!AQ127:'SmtRes'!AQ134,"=1",SmtRes!AB127:'SmtRes'!AB134) -> 1780.76 | CS66: =SUMIF(SmtRes!AQ127:'SmtRes'!AQ134,"=1",SmtRes!AC127:'SmtRes'!AC134) -> 903.66 | CT66: =SUMIF(SmtRes!AQ127:'SmtRes'!AQ134,"=1",SmtRes!AD127:'SmtRes'!AD134) -> 338.5 | CU66: =AG66 -> 0 | CV66: =SUMIF(SmtRes!AQ127:'SmtRes'!AQ134,"=1",SmtRes!BU127:'SmtRes'!BU134) -> 35.39 | CW66: =SUMIF(SmtRes!AQ127:'SmtRes'!AQ134,"=1",SmtRes!BV127:'SmtRes'!BV134) -> 0.43 | CX66: =AJ66 -> 0 | CY66: =(((S66+R66)*AT66)/100) -> 16796.026 | CZ66: =(((S66+R66)*AU66)/100) -> 9493.406 | DN66: 0 | DO66: 0 | DP66: 1 | DQ66: 1 | DU66: 1007 | DV66: м3 | DW66: м3 | DX66: 1 | EE66: 58905928 | EF66: 6 | EG66: Ремонтно-строительные работы | EH66: 87 | EI66: Стены | EJ66: 1 | EK66: 53001 | EL66: Стены | EM66: рФЕР-53 | EQ66: 0 | ER66: 0 | ES66: 0 | ET66: 0 | EU66: 0 | EV66: 0 | EW66: 35.39 | EX66: 0.43 | EY66: 0 | FQ66: 0 | FR66: 0 | FS66: 0 | FX66: 92 | FY66: 52 | GD66: 1 | GF66: -1723458035 | GG66: 2 | GH66: 1 | GI66: -2 | GJ66: 0 | GK66: 0 | GL66: =ROUND(IF(AND(BH66=3,BI66=3,FS66<>0),P66,0),2) -> 0 | GM66: =ROUND(O66+X66+Y66,2)+GX66 -> 47399.19 | GN66: =IF(OR(BI66=0,BI66=1),GM66-GX66,0) -> 47399.19 | GO66: =IF(BI66=2,GM66-GX66,0) -> 0 | GP66: =IF(BI66=4,GM66-GX66,0) -> 0 | GR66: 0 | GS66: 3 | GT66: 0 | GV66: =ROUND((GT66),6) -> 0 | GW66: 1 | GX66: =ROUND(HC66*I66,2) -> 0 | HA66: 0 | HB66: 0 | HC66: =GV66*GW66 -> 0 | HN66: Пр/812-087.0-1 | HO66: Пр/774-087.0 | HP66: Стены | HQ66: Стены | HS66: 0 | IK66: 0
A67: 17 | B67: 1 | C67: =ROW(SmtRes!A142) -> 142 | D67: =ROW(EtalonRes!A130) -> 130 | E67: 8 | F67: 53-01-015-01 | G67: Ремонт кирпичной кладки парапетов отдельными местами | H67: м3 | I67: 1.5 | J67: 0 | K67: 1.5 | O67: =ROUND(CP67,2) -> 22236.89 | P67: =SUMIF(SmtRes!AQ135:'SmtRes'!AQ142,"=1",SmtRes!DF135:'SmtRes'!DF142) -> 2213.7 | Q67: =SUMIF(SmtRes!AQ135:'SmtRes'!AQ142,"=1",SmtRes!DG135:'SmtRes'!DG142) -> 572.54 | R67: =SUMIF(SmtRes!AQ135:'SmtRes'!AQ142,"=1",SmtRes!DH135:'SmtRes'!DH142) -> 306.08 | S67: =SUMIF(SmtRes!AQ135:'SmtRes'!AQ142,"=1",SmtRes!DI135:'SmtRes'!DI142) -> 19144.57 | T67: =ROUND(CU67*I67,2) -> 0 | U67: =SUMIF(SmtRes!AQ135:'SmtRes'!AQ142,"=1",SmtRes!CV135:'SmtRes'!CV142) -> 53.085 | V67: =SUMIF(SmtRes!AQ135:'SmtRes'!AQ142,"=1",SmtRes!CW135:'SmtRes'!CW142) -> 0.645 | W67: =ROUND(CX67*I67,2) -> 0 | X67: =ROUND(CY67,2) -> 17894.6 | Y67: =ROUND(CZ67,2) -> 10114.34 | AA67: 60854600 | AB67: =ROUND((AC67+AD67+AF67),6) -> 14116.958 | AC67: =ROUND((SUM(SmtRes!BQ135:'SmtRes'!BQ142)),6) -> 978.0551 | AD67: =ROUND((((SUM(SmtRes!BR135:'SmtRes'!BR142))-(SUM(SmtRes!BS135:'SmtRes'!BS142)))+AE67),6) -> 375.8536 | AE67: =ROUND((SUM(SmtRes!BS135:'SmtRes'!BS142)),6) -> 204.0514 | AF67: =ROUND((SUM(SmtRes!BT135:'SmtRes'!BT142)),6) -> 12763.05 | AG67: =ROUND((AP67),6) -> 0 | AH67: =(SUM(SmtRes!BU135:'SmtRes'!BU142)) -> 35.39 | AI67: =(SUM(SmtRes!BV135:'SmtRes'!BV142)) -> 0.43 | AJ67: =(AS67) -> 0 | AK67: 14321.01 | AL67: 978.0551 | AM67: 375.8536 | AN67: 204.0514 | AO67: 12763.05 | AP67: 0 | AQ67: 35.39 | AR67: 0.43 | AS67: 0 | AT67: 92 | AU67: 52 | AV67: 1 | AW67: 1 | AZ67: 1 | BA67: 1 | BB67: 1 | BC67: 1 | BH67: 0 | BI67: 1 | BJ67: ГЭСНр-2022, 53-01-015-01, приказ Минстроя России от 18.05.2022 г. № 378/пр | BM67: 53001 | BN67: 0 | BP67: 0 | BQ67: 6 | BR67: 0 | BS67: 1 | BT67: 1 | BU67: 1 | BV67: 1 | BW67: 1 | BX67: 1 | BZ67: 92 | CA67: 52 | CE67: 0 | CF67: 0 | CG67: 0 | CM67: 0 | CO67: 0 | CP67: =(P67+Q67+S67+R67) -> 22236.89 | CQ67: =SUMIF(SmtRes!AQ135:'SmtRes'!AQ142,"=1",SmtRes!AA135:'SmtRes'!AA142) -> 5857.67 | CR67: =SUMIF(SmtRes!AQ135:'SmtRes'!AQ142,"=1",SmtRes!AB135:'SmtRes'!AB142) -> 1899.05 | CS67: =SUMIF(SmtRes!AQ135:'SmtRes'!AQ142,"=1",SmtRes!AC135:'SmtRes'!AC142) -> 962.78 | CT67: =SUMIF(SmtRes!AQ135:'SmtRes'!AQ142,"=1",SmtRes!AD135:'SmtRes'!AD142) -> 360.64 | CU67: =AG67 -> 0 | CV67: =SUMIF(SmtRes!AQ135:'SmtRes'!AQ142,"=1",SmtRes!BU135:'SmtRes'!BU142) -> 35.39 | CW67: =SUMIF(SmtRes!AQ135:'SmtRes'!AQ142,"=1",SmtRes!BV135:'SmtRes'!BV142) -> 0.43 | CX67: =AJ67 -> 0 | CY67: =(((S67+R67)*AT67)/100) -> 17894.598 | CZ67: =(((S67+R67)*AU67)/100) -> 10114.338 | DN67: 0 | DO67: 0 | DP67: 1 | DQ67: 1 | DU67: 1007 | DV67: м3 | DW67: м3 | DX67: 1 | EE67: 58905928 | EF67: 6 | EG67: Ремонтно-строительные работы | EH67: 87 | EI67: Стены | EJ67: 1 | EK67: 53001 | EL67: Стены | EM67: рФЕР-53 | EQ67: 0 | ER67: 0 | ES67: 0 | ET67: 0 | EU67: 0 | EV67: 0 | EW67: 35.39 | EX67: 0.43 | EY67: 0 | FQ67: 0 | FR67: 0 | FS67: 0 | FX67: 92 | FY67: 52 | GD67: 1 | GF67: -1723458035 | GG67: 2 | GH67: 1 | GI67: -2 | GJ67: 0 | GK67: 0 | GL67: =ROUND(IF(AND(BH67=3,BI67=3,FS67<>0),P67,0),2) -> 0 | GM67: =ROUND(O67+X67+Y67,2)+GX67 -> 50245.83 | GN67: =IF(OR(BI67=0,BI67=1),GM67-GX67,0) -> 50245.83 | GO67: =IF(BI67=2,GM67-GX67,0) -> 0 | GP67: =IF(BI67=4,GM67-GX67,0) -> 0 | GR67: 0 | GS67: 3 | GT67: 0 | GV67: =ROUND((GT67),6) -> 0 | GW67: 1 | GX67: =ROUND(HC67*I67,2) -> 0 | HA67: 0 | HB67: 0 | HC67: =GV67*GW67 -> 0 | HN67: Пр/812-087.0-1 | HO67: Пр/774-087.0 | HP67: Стены | HQ67: Стены | HS67: 0 | IK67: 0
A68: 18 | B68: 1 | C68: 133 | E68: 8,1 | F68: 06.1.01.05-0019 | G68: Кирпич керамический лицевой полнотелый одинарный, размеры 250х120х65 мм, марка М200 | H68: 1000 ШТ | I68: =I66*J68 -> 0.603 | J68: 0.402 | K68: 0.402 | O68: =ROUND(CP68,2) -> 16753.75 | P68: =ROUND(CQ68*I68,2) -> 16753.75 | Q68: =ROUND(CR68*I68,2) -> 0 | R68: =ROUND(CS68*I68,2) -> 0 | S68: =ROUND(CT68*I68,2) -> 0 | T68: =ROUND(CU68*I68,2) -> 0 | U68: =ROUND(CV68*I68,7) -> 0 | V68: =ROUND(CW68*I68,7) -> 0 | W68: =ROUND(CX68*I68,2) -> 0 | X68: =ROUND(CY68,2) -> 0 | Y68: =ROUND(CZ68,2) -> 0 | AA68: 60841590 | AB68: =ROUND((AC68+AD68+AF68),6) -> 20580.74 | AC68: =ROUND((ES68),6) -> 20580.74 | AD68: =ROUND((((ET68)-(EU68))+AE68),6) -> 0 | AE68: =ROUND((EU68),6) -> 0 | AF68: =ROUND((EV68),6) -> 0 | AG68: =ROUND((AP68),6) -> 0 | AH68: =(EW68) -> 0 | AI68: =(EX68) -> 0 | AJ68: =(AS68) -> 0 | AK68: 20580.74 | AL68: 20580.74 | AM68: 0 | AN68: 0 | AO68: 0 | AP68: 0 | AQ68: 0 | AR68: 0 | AS68: 0 | AT68: 92 | AU68: 52 | AV68: 1 | AW68: 1 | AZ68: 1 | BA68: 1 | BB68: 1 | BC68: 1.35 | BH68: 3 | BI68: 1 | BJ68: ФСБЦ-2022 доп.14, 06.1.01.05-0019, приказ Минстроя России от 19.05.2025 г. № 299/пр | BM68: 53001 | BN68: 0 | BO68: 06.1.01.05-0019 | BP68: 1 | BQ68: 6 | BR68: 0 | BS68: 1 | BT68: 1 | BU68: 1 | BV68: 1 | BW68: 1 | BX68: 1 | BZ68: 92 | CA68: 52 | CE68: 0 | CF68: 0 | CG68: 0 | CM68: 0 | CO68: 0 | CP68: =(P68+Q68+S68+R68) -> 16753.75 | CQ68: =ROUND(AL68*BC68,2) -> 27784 | CR68: =ROUND(AM68*BB68,2) -> 0 | CS68: =ROUND(AN68*BS68,2) -> 0 | CT68: =ROUND(AO68*BA68,2) -> 0 | CU68: =AG68 -> 0 | CV68: =AH68 -> 0 | CW68: =AI68 -> 0 | CX68: =AJ68 -> 0 | CY68: =(((S68+R68)*AT68)/100) -> 0 | CZ68: =(((S68+R68)*AU68)/100) -> 0 | DN68: 0 | DO68: 0 | DP68: 1 | DQ68: 1 | DU68: 1013 | DV68: 1000 ШТ | DW68: 1000 ШТ | DX68: 1 | EE68: 58905928 | EF68: 6 | EG68: Ремонтно-строительные работы | EH68: 87 | EI68: Стены | EJ68: 1 | EK68: 53001 | EL68: Стены | EM68: рФЕР-53 | EQ68: 0 | ER68: 20580.74 | ES68: 20580.74 | ET68: 0 | EU68: 0 | EV68: 0 | EW68: 0 | EX68: 0 | FQ68: 0 | FR68: 0 | FS68: 0 | FX68: 92 | FY68: 52 | GD68: 1 | GF68: 1361521432 | GG68: 2 | GH68: 1 | GI68: 2 | GJ68: 0 | GK68: 0 | GL68: =ROUND(IF(AND(BH68=3,BI68=3,FS68<>0),P68,0),2) -> 0 | GM68: =ROUND(O68+X68+Y68,2)+GX68 -> 16753.75 | GN68: =IF(OR(BI68=0,BI68=1),GM68-GX68,0) -> 16753.75 | GO68: =IF(BI68=2,GM68-GX68,0) -> 0 | GP68: =IF(BI68=4,GM68-GX68,0) -> 0 | GR68: 0 | GS68: 3 | GT68: 0 | GV68: =ROUND((GT68),6) -> 0 | GW68: 1 | GX68: =ROUND(HC68*I68,2) -> 0 | HA68: 0 | HB68: 0 | HC68: =GV68*GW68 -> 0 | HN68: Пр/812-087.0-1 | HO68: Пр/774-087.0 | HP68: Стены | HQ68: Стены | HS68: 0 | IK68: 0
A69: 18 | B69: 1 | C69: 141 | E69: 8,1 | F69: 06.1.01.05-0019 | G69: Кирпич керамический лицевой полнотелый одинарный, размеры 250х120х65 мм, марка М200 | H69: 1000 ШТ | I69: =I67*J69 -> 0.603 | J69: 0.402 | K69: 0.402 | O69: =ROUND(CP69,2) -> 17994.77 | P69: =ROUND(CQ69*I69,2) -> 17994.77 | Q69: =ROUND(CR69*I69,2) -> 0 | R69: =ROUND(CS69*I69,2) -> 0 | S69: =ROUND(CT69*I69,2) -> 0 | T69: =ROUND(CU69*I69,2) -> 0 | U69: =ROUND(CV69*I69,7) -> 0 | V69: =ROUND(CW69*I69,7) -> 0 | W69: =ROUND(CX69*I69,2) -> 0 | X69: =ROUND(CY69,2) -> 0 | Y69: =ROUND(CZ69,2) -> 0 | AA69: 60854600 | AB69: =ROUND((AC69+AD69+AF69),6) -> 20580.74 | AC69: =ROUND((ES69),6) -> 20580.74 | AD69: =ROUND((((ET69)-(EU69))+AE69),6) -> 0 | AE69: =ROUND((EU69),6) -> 0 | AF69: =ROUND((EV69),6) -> 0 | AG69: =ROUND((AP69),6) -> 0 | AH69: =(EW69) -> 0 | AI69: =(EX69) -> 0 | AJ69: =(AS69) -> 0 | AK69: 20580.74 | AL69: 20580.74 | AM69: 0 | AN69: 0 | AO69: 0 | AP69: 0 | AQ69: 0 | AR69: 0 | AS69: 0 | AT69: 92 | AU69: 52 | AV69: 1 | AW69: 1 | AZ69: 1 | BA69: 1 | BB69: 1 | BC69: 1.45 | BH69: 3 | BI69: 1 | BJ69: ФСБЦ-2022 доп.14, 06.1.01.05-0019, приказ Минстроя России от 19.05.2025 г. № 299/пр | BM69: 53001 | BN69: 0 | BO69: 06.1.01.05-0019 | BP69: 1 | BQ69: 6 | BR69: 0 | BS69: 1 | BT69: 1 | BU69: 1 | BV69: 1 | BW69: 1 | BX69: 1 | BZ69: 92 | CA69: 52 | CE69: 0 | CF69: 0 | CG69: 0 | CM69: 0 | CO69: 0 | CP69: =(P69+Q69+S69+R69) -> 17994.77 | CQ69: =ROUND(AL69*BC69,2) -> 29842.07 | CR69: =ROUND(AM69*BB69,2) -> 0 | CS69: =ROUND(AN69*BS69,2) -> 0 | CT69: =ROUND(AO69*BA69,2) -> 0 | CU69: =AG69 -> 0 | CV69: =AH69 -> 0 | CW69: =AI69 -> 0 | CX69: =AJ69 -> 0 | CY69: =(((S69+R69)*AT69)/100) -> 0 | CZ69: =(((S69+R69)*AU69)/100) -> 0 | DN69: 0 | DO69: 0 | DP69: 1 | DQ69: 1 | DU69: 1013 | DV69: 1000 ШТ | DW69: 1000 ШТ | DX69: 1 | EE69: 58905928 | EF69: 6 | EG69: Ремонтно-строительные работы | EH69: 87 | EI69: Стены | EJ69: 1 | EK69: 53001 | EL69: Стены | EM69: рФЕР-53 | EQ69: 0 | ER69: 20580.74 | ES69: 20580.74 | ET69: 0 | EU69: 0 | EV69: 0 | EW69: 0 | EX69: 0 | FQ69: 0 | FR69: 0 | FS69: 0 | FX69: 92 | FY69: 52 | GD69: 1 | GF69: 1361521432 | GG69: 2 | GH69: 1 | GI69: 2 | GJ69: 0 | GK69: 0 | GL69: =ROUND(IF(AND(BH69=3,BI69=3,FS69<>0),P69,0),2) -> 0 | GM69: =ROUND(O69+X69+Y69,2)+GX69 -> 17994.77 | GN69: =IF(OR(BI69=0,BI69=1),GM69-GX69,0) -> 17994.77 | GO69: =IF(BI69=2,GM69-GX69,0) -> 0 | GP69: =IF(BI69=4,GM69-GX69,0) -> 0 | GR69: 0 | GS69: 3 | GT69: 0 | GV69: =ROUND((GT69),6) -> 0 | GW69: 1 | GX69: =ROUND(HC69*I69,2) -> 0 | HA69: 0 | HB69: 0 | HC69: =GV69*GW69 -> 0 | HN69: Пр/812-087.0-1 | HO69: Пр/774-087.0 | HP69: Стены | HQ69: Стены | HS69: 0 | IK69: 0
A70: 18 | B70: 1 | C70: 134 | E70: 8,2 | F70: 999-9900 | G70: Строительный мусор | H70: т | I70: =I66*J70 -> 0.345 | J70: 0.23 | K70: 0.23 | O70: =ROUND(CP70,2) -> 0 | P70: =ROUND(CQ70*I70,2) -> 0 | Q70: =ROUND(CR70*I70,2) -> 0 | R70: =ROUND(CS70*I70,2) -> 0 | S70: =ROUND(CT70*I70,2) -> 0 | T70: =ROUND(CU70*I70,2) -> 0 | U70: =ROUND(CV70*I70,7) -> 0 | V70: =ROUND(CW70*I70,7) -> 0 | W70: =ROUND(CX70*I70,2) -> 0 | X70: =ROUND(CY70,2) -> 0 | Y70: =ROUND(CZ70,2) -> 0 | AA70: 60841590 | AB70: =ROUND((AC70+AD70+AF70),6) -> 0 | AC70: =ROUND((ES70),6) -> 0 | AD70: =ROUND((((ET70)-(EU70))+AE70),6) -> 0 | AE70: =ROUND((EU70),6) -> 0 | AF70: =ROUND((EV70),6) -> 0 | AG70: =ROUND((AP70),6) -> 0 | AH70: =(EW70) -> 0 | AI70: =(EX70) -> 0 | AJ70: =(AS70) -> 0 | AK70: 0 | AL70: 0 | AM70: 0 | AN70: 0 | AO70: 0 | AP70: 0 | AQ70: 0 | AR70: 0 | AS70: 0 | AT70: 92 | AU70: 52 | AV70: 1 | AW70: 1 | AZ70: 1 | BA70: 1 | BB70: 1 | BC70: 1 | BH70: 3 | BI70: 1 | BM70: 53001 | BN70: 0 | BP70: 0 | BQ70: 6 | BR70: 0 | BS70: 1 | BT70: 1 | BU70: 1 | BV70: 1 | BW70: 1 | BX70: 1 | BZ70: 92 | CA70: 52 | CE70: 0 | CF70: 0 | CG70: 0 | CM70: 0 | CO70: 0 | CP70: =(P70+Q70+S70+R70) -> 0 | CQ70: =ROUND(AL70*BC70,2) -> 0 | CR70: =ROUND(AM70*BB70,2) -> 0 | CS70: =ROUND(AN70*BS70,2) -> 0 | CT70: =ROUND(AO70*BA70,2) -> 0 | CU70: =AG70 -> 0 | CV70: =AH70 -> 0 | CW70: =AI70 -> 0 | CX70: =AJ70 -> 0 | CY70: =(((S70+R70)*AT70)/100) -> 0 | CZ70: =(((S70+R70)*AU70)/100) -> 0 | DN70: 0 | DO70: 0 | DP70: 1 | DQ70: 1 | DU70: 1009 | DV70: т | DW70: т | DX70: 1000 | EE70: 58905928 | EF70: 6 | EG70: Ремонтно-строительные работы | EH70: 87 | EI70: Стены | EJ70: 1 | EK70: 53001 | EL70: Стены | EM70: рФЕР-53 | EQ70: 0 | ER70: 0 | ES70: 0 | ET70: 0 | EU70: 0 | EV70: 0 | EW70: 0 | EX70: 0 | FQ70: 0 | FR70: 0 | FS70: 0 | FX70: 92 | FY70: 52 | GD70: 1 | GF70: 2102561428 | GG70: 2 | GH70: 1 | GI70: -2 | GJ70: 0 | GK70: 0 | GL70: =ROUND(IF(AND(BH70=3,BI70=3,FS70<>0),P70,0),2) -> 0 | GM70: =ROUND(O70+X70+Y70,2)+GX70 -> 0 | GN70: =IF(OR(BI70=0,BI70=1),GM70-GX70,0) -> 0 | GO70: =IF(BI70=2,GM70-GX70,0) -> 0 | GP70: =IF(BI70=4,GM70-GX70,0) -> 0 | GR70: 0 | GS70: 3 | GT70: 0 | GV70: =ROUND((GT70),6) -> 0 | GW70: 1 | GX70: =ROUND(HC70*I70,2) -> 0 | HA70: 0 | HB70: 0 | HC70: =GV70*GW70 -> 0 | HN70: Пр/812-087.0-1 | HO70: Пр/774-087.0 | HP70: Стены | HQ70: Стены | HS70: 0 | IK70: 0
A71: 18 | B71: 1 | C71: 142 | E71: 8,2 | F71: 999-9900 | G71: Строительный мусор | H71: т | I71: =I67*J71 -> 0.345 | J71: 0.23 | K71: 0.23 | O71: =ROUND(CP71,2) -> 0 | P71: =ROUND(CQ71*I71,2) -> 0 | Q71: =ROUND(CR71*I71,2) -> 0 | R71: =ROUND(CS71*I71,2) -> 0 | S71: =ROUND(CT71*I71,2) -> 0 | T71: =ROUND(CU71*I71,2) -> 0 | U71: =ROUND(CV71*I71,7) -> 0 | V71: =ROUND(CW71*I71,7) -> 0 | W71: =ROUND(CX71*I71,2) -> 0 | X71: =ROUND(CY71,2) -> 0 | Y71: =ROUND(CZ71,2) -> 0 | AA71: 60854600 | AB71: =ROUND((AC71+AD71+AF71),6) -> 0 | AC71: =ROUND((ES71),6) -> 0 | AD71: =ROUND((((ET71)-(EU71))+AE71),6) -> 0 | AE71: =ROUND((EU71),6) -> 0 | AF71: =ROUND((EV71),6) -> 0 | AG71: =ROUND((AP71),6) -> 0 | AH71: =(EW71) -> 0 | AI71: =(EX71) -> 0 | AJ71: =(AS71) -> 0 | AK71: 0 | AL71: 0 | AM71: 0 | AN71: 0 | AO71: 0 | AP71: 0 | AQ71: 0 | AR71: 0 | AS71: 0 | AT71: 92 | AU71: 52 | AV71: 1 | AW71: 1 | AZ71: 1 | BA71: 1 | BB71: 1 | BC71: 1 | BH71: 3 | BI71: 1 | BM71: 53001 | BN71: 0 | BP71: 0 | BQ71: 6 | BR71: 0 | BS71: 1 | BT71: 1 | BU71: 1 | BV71: 1 | BW71: 1 | BX71: 1 | BZ71: 92 | CA71: 52 | CE71: 0 | CF71: 0 | CG71: 0 | CM71: 0 | CO71: 0 | CP71: =(P71+Q71+S71+R71) -> 0 | CQ71: =ROUND(AL71*BC71,2) -> 0 | CR71: =ROUND(AM71*BB71,2) -> 0 | CS71: =ROUND(AN71*BS71,2) -> 0 | CT71: =ROUND(AO71*BA71,2) -> 0 | CU71: =AG71 -> 0 | CV71: =AH71 -> 0 | CW71: =AI71 -> 0 | CX71: =AJ71 -> 0 | CY71: =(((S71+R71)*AT71)/100) -> 0 | CZ71: =(((S71+R71)*AU71)/100) -> 0 | DN71: 0 | DO71: 0 | DP71: 1 | DQ71: 1 | DU71: 1009 | DV71: т | DW71: т | DX71: 1000 | EE71: 58905928 | EF71: 6 | EG71: Ремонтно-строительные работы | EH71: 87 | EI71: Стены | EJ71: 1 | EK71: 53001 | EL71: Стены | EM71: рФЕР-53 | EQ71: 0 | ER71: 0 | ES71: 0 | ET71: 0 | EU71: 0 | EV71: 0 | EW71: 0 | EX71: 0 | FQ71: 0 | FR71: 0 | FS71: 0 | FX71: 92 | FY71: 52 | GD71: 1 | GF71: 2102561428 | GG71: 2 | GH71: 1 | GI71: -2 | GJ71: 0 | GK71: 0 | GL71: =ROUND(IF(AND(BH71=3,BI71=3,FS71<>0),P71,0),2) -> 0 | GM71: =ROUND(O71+X71+Y71,2)+GX71 -> 0 | GN71: =IF(OR(BI71=0,BI71=1),GM71-GX71,0) -> 0 | GO71: =IF(BI71=2,GM71-GX71,0) -> 0 | GP71: =IF(BI71=4,GM71-GX71,0) -> 0 | GR71: 0 | GS71: 3 | GT71: 0 | GV71: =ROUND((GT71),6) -> 0 | GW71: 1 | GX71: =ROUND(HC71*I71,2) -> 0 | HA71: 0 | HB71: 0 | HC71: =GV71*GW71 -> 0 | HN71: Пр/812-087.0-1 | HO71: Пр/774-087.0 | HP71: Стены | HQ71: Стены | HS71: 0 | IK71: 0
A72: 17 | B72: 1 | C72: =ROW(SmtRes!A154) -> 154 | D72: =ROW(EtalonRes!A139) -> 139 | E72: 9 | F72: 58-01-019-05 | G72: Смена мелких покрытий из листовой стали в кровлях металлических: настенных желобов | H72: 100 м | I72: =ROUND(120/100,7) -> 1.2 | J72: 0 | K72: =ROUND(120/100,7) -> 1.2 | O72: =ROUND(CP72,2) -> 24989.76 | P72: =SUMIF(SmtRes!AQ143:'SmtRes'!AQ154,"=1",SmtRes!DF143:'SmtRes'!DF154) -> 0 | Q72: =SUMIF(SmtRes!AQ143:'SmtRes'!AQ154,"=1",SmtRes!DG143:'SmtRes'!DG154) -> 50.34 | R72: =SUMIF(SmtRes!AQ143:'SmtRes'!AQ154,"=1",SmtRes!DH143:'SmtRes'!DH154) -> 80.41 | S72: =SUMIF(SmtRes!AQ143:'SmtRes'!AQ154,"=1",SmtRes!DI143:'SmtRes'!DI154) -> 24859.01 | T72: =ROUND(CU72*I72,2) -> 0 | U72: =SUMIF(SmtRes!AQ143:'SmtRes'!AQ154,"=1",SmtRes!CV143:'SmtRes'!CV154) -> 69.12 | V72: =SUMIF(SmtRes!AQ143:'SmtRes'!AQ154,"=1",SmtRes!CW143:'SmtRes'!CW154) -> 0.216 | W72: =ROUND(CX72*I72,2) -> 0 | X72: =ROUND(CY72,2) -> 22445.48 | Y72: =ROUND(CZ72,2) -> 11472.13 | AA72: 60841590 | AB72: =ROUND((AC72+AD72+AF72),6) -> 20754.729 | AC72: =ROUND((0),6) -> 0 | AD72: =ROUND((((SUM(SmtRes!BR143:'SmtRes'!BR154))-(SUM(SmtRes!BS143:'SmtRes'!BS154)))+AE72),6) -> 38.8891 | AE72: =ROUND((SUM(SmtRes!BS143:'SmtRes'!BS154)),6) -> 67.004 | AF72: =ROUND((SUM(SmtRes!BT143:'SmtRes'!BT154)),6) -> 20715.84 | AG72: =ROUND((AP72),6) -> 0 | AH72: =(SUM(SmtRes!BU143:'SmtRes'!BU154)) -> 57.6 | AI72: =(SUM(SmtRes!BV143:'SmtRes'!BV154)) -> 0.18 | AJ72: =(AS72) -> 0 | AK72: 20821.733 | AL72: 0 | AM72: 38.8891 | AN72: 67.004 | AO72: 20715.84 | AP72: 0 | AQ72: 57.6 | AR72: 0.18 | AS72: 0 | AT72: 90 | AU72: 46 | AV72: 1 | AW72: 1 | AZ72: 1 | BA72: 1 | BB72: 1 | BC72: 1 | BH72: 0 | BI72: 1 | BJ72: ГЭСНр-2022, 58-01-019-05, приказ Минстроя России от 18.05.2022 г. № 378/пр | BM72: 58001 | BN72: 0 | BP72: 0 | BQ72: 6 | BR72: 0 | BS72: 1 | BT72: 1 | BU72: 1 | BV72: 1 | BW72: 1 | BX72: 1 | BZ72: 90 | CA72: 46 | CE72: 0 | CF72: 0 | CG72: 0 | CM72: 0 | CO72: 0 | CP72: =(P72+Q72+S72+R72) -> 24989.76 | CQ72: =SUMIF(SmtRes!AQ143:'SmtRes'!AQ154,"=1",SmtRes!AA143:'SmtRes'!AA154) -> 299683.01 | CR72: =SUMIF(SmtRes!AQ143:'SmtRes'!AQ154,"=1",SmtRes!AB143:'SmtRes'!AB154) -> 741.58 | CS72: =SUMIF(SmtRes!AQ143:'SmtRes'!AQ154,"=1",SmtRes!AC143:'SmtRes'!AC154) -> 764.64 | CT72: =SUMIF(SmtRes!AQ143:'SmtRes'!AQ154,"=1",SmtRes!AD143:'SmtRes'!AD154) -> 359.65 | CU72: =AG72 -> 0 | CV72: =SUMIF(SmtRes!AQ143:'SmtRes'!AQ154,"=1",SmtRes!BU143:'SmtRes'!BU154) -> 57.6 | CW72: =SUMIF(SmtRes!AQ143:'SmtRes'!AQ154,"=1",SmtRes!BV143:'SmtRes'!BV154) -> 0.18 | CX72: =AJ72 -> 0 | CY72: =(((S72+R72)*AT72)/100) -> 22445.478 | CZ72: =(((S72+R72)*AU72)/100) -> 11472.133 | DN72: 0 | DO72: 0 | DP72: 1 | DQ72: 1 | DU72: 1003 | DV72: 100 м | DW72: 100 м | DX72: 100 | EE72: 58905933 | EF72: 6 | EG72: Ремонтно-строительные работы | EH72: 92 | EI72: Крыши, кровли | EJ72: 1 | EK72: 58001 | EL72: Крыши, кровли | EM72: рФЕР-58 | EQ72: 0 | ER72: 0 | ES72: 0 | ET72: 0 | EU72: 0 | EV72: 0 | EW72: 57.6 | EX72: 0.18 | EY72: 0 | FQ72: 0 | FR72: 0 | FS72: 0 | FX72: 90 | FY72: 46 | GD72: 1 | GF72: -165969269 | GG72: 2 | GH72: 1 | GI72: -2 | GJ72: 0 | GK72: 0 | GL72: =ROUND(IF(AND(BH72=3,BI72=3,FS72<>0),P72,0),2) -> 0 | GM72: =ROUND(O72+X72+Y72,2)+GX72 -> 58907.37 | GN72: =IF(OR(BI72=0,BI72=1),GM72-GX72,0) -> 58907.37 | GO72: =IF(BI72=2,GM72-GX72,0) -> 0 | GP72: =IF(BI72=4,GM72-GX72,0) -> 0 | GR72: 0 | GS72: 3 | GT72: 0 | GV72: =ROUND((GT72),6) -> 0 | GW72: 1 | GX72: =ROUND(HC72*I72,2) -> 0 | HA72: 0 | HB72: 0 | HC72: =GV72*GW72 -> 0 | HN72: Пр/812-092.0-1 | HO72: Пр/774-092.0 | HP72: Крыши, кровля | HQ72: Крыши, кровля | HS72: 0 | IK72: 0
A73: 17 | B73: 1 | C73: =ROW(SmtRes!A166) -> 166 | D73: =ROW(EtalonRes!A148) -> 148 | E73: 9 | F73: 58-01-019-05 | G73: Смена мелких покрытий из листовой стали в кровлях металлических: настенных желобов | H73: 100 м | I73: =ROUND(120/100,7) -> 1.2 | J73: 0 | K73: =ROUND(120/100,7) -> 1.2 | O73: =ROUND(CP73,2) -> 26620.26 | P73: =SUMIF(SmtRes!AQ155:'SmtRes'!AQ166,"=1",SmtRes!DF155:'SmtRes'!DF166) -> 0 | Q73: =SUMIF(SmtRes!AQ155:'SmtRes'!AQ166,"=1",SmtRes!DG155:'SmtRes'!DG166) -> 49.19 | R73: =SUMIF(SmtRes!AQ155:'SmtRes'!AQ166,"=1",SmtRes!DH155:'SmtRes'!DH166) -> 85.67 | S73: =SUMIF(SmtRes!AQ155:'SmtRes'!AQ166,"=1",SmtRes!DI155:'SmtRes'!DI166) -> 26485.4 | T73: =ROUND(CU73*I73,2) -> 0 | U73: =SUMIF(SmtRes!AQ155:'SmtRes'!AQ166,"=1",SmtRes!CV155:'SmtRes'!CV166) -> 69.12 | V73: =SUMIF(SmtRes!AQ155:'SmtRes'!AQ166,"=1",SmtRes!CW155:'SmtRes'!CW166) -> 0.216 | W73: =ROUND(CX73*I73,2) -> 0 | X73: =ROUND(CY73,2) -> 23913.96 | Y73: =ROUND(CZ73,2) -> 12222.69 | AA73: 60854600 | AB73: =ROUND((AC73+AD73+AF73),6) -> 22108.865 | AC73: =ROUND((0),6) -> 0 | AD73: =ROUND((((SUM(SmtRes!BR155:'SmtRes'!BR166))-(SUM(SmtRes!BS155:'SmtRes'!BS166)))+AE73),6) -> 37.6966 | AE73: =ROUND((SUM(SmtRes!BS155:'SmtRes'!BS166)),6) -> 71.3874 | AF73: =ROUND((SUM(SmtRes!BT155:'SmtRes'!BT166)),6) -> 22071.168 | AG73: =ROUND((AP73),6) -> 0 | AH73: =(SUM(SmtRes!BU155:'SmtRes'!BU166)) -> 57.6 | AI73: =(SUM(SmtRes!BV155:'SmtRes'!BV166)) -> 0.18 | AJ73: =(AS73) -> 0 | AK73: 22180.252 | AL73: 0 | AM73: 37.6966 | AN73: 71.3874 | AO73: 22071.168 | AP73: 0 | AQ73: 57.6 | AR73: 0.18 | AS73: 0 | AT73: 90 | AU73: 46 | AV73: 1 | AW73: 1 | AZ73: 1 | BA73: 1 | BB73: 1 | BC73: 1 | BH73: 0 | BI73: 1 | BJ73: ГЭСНр-2022, 58-01-019-05, приказ Минстроя России от 18.05.2022 г. № 378/пр | BM73: 58001 | BN73: 0 | BP73: 0 | BQ73: 6 | BR73: 0 | BS73: 1 | BT73: 1 | BU73: 1 | BV73: 1 | BW73: 1 | BX73: 1 | BZ73: 90 | CA73: 46 | CE73: 0 | CF73: 0 | CG73: 0 | CM73: 0 | CO73: 0 | CP73: =(P73+Q73+S73+R73) -> 26620.26 | CQ73: =SUMIF(SmtRes!AQ155:'SmtRes'!AQ166,"=1",SmtRes!AA155:'SmtRes'!AA166) -> 287776.12 | CR73: =SUMIF(SmtRes!AQ155:'SmtRes'!AQ166,"=1",SmtRes!AB155:'SmtRes'!AB166) -> 719.6 | CS73: =SUMIF(SmtRes!AQ155:'SmtRes'!AQ166,"=1",SmtRes!AC155:'SmtRes'!AC166) -> 814.66 | CT73: =SUMIF(SmtRes!AQ155:'SmtRes'!AQ166,"=1",SmtRes!AD155:'SmtRes'!AD166) -> 383.18 | CU73: =AG73 -> 0 | CV73: =SUMIF(SmtRes!AQ155:'SmtRes'!AQ166,"=1",SmtRes!BU155:'SmtRes'!BU166) -> 57.6 | CW73: =SUMIF(SmtRes!AQ155:'SmtRes'!AQ166,"=1",SmtRes!BV155:'SmtRes'!BV166) -> 0.18 | CX73: =AJ73 -> 0 | CY73: =(((S73+R73)*AT73)/100) -> 23913.963 | CZ73: =(((S73+R73)*AU73)/100) -> 12222.692 | DN73: 0 | DO73: 0 | DP73: 1 | DQ73: 1 | DU73: 1003 | DV73: 100 м | DW73: 100 м | DX73: 100 | EE73: 58905933 | EF73: 6 | EG73: Ремонтно-строительные работы | EH73: 92 | EI73: Крыши, кровли | EJ73: 1 | EK73: 58001 | EL73: Крыши, кровли | EM73: рФЕР-58 | EQ73: 0 | ER73: 0 | ES73: 0 | ET73: 0 | EU73: 0 | EV73: 0 | EW73: 57.6 | EX73: 0.18 | EY73: 0 | FQ73: 0 | FR73: 0 | FS73: 0 | FX73: 90 | FY73: 46 | GD73: 1 | GF73: -165969269 | GG73: 2 | GH73: 1 | GI73: -2 | GJ73: 0 | GK73: 0 | GL73: =ROUND(IF(AND(BH73=3,BI73=3,FS73<>0),P73,0),2) -> 0 | GM73: =ROUND(O73+X73+Y73,2)+GX73 -> 62756.91 | GN73: =IF(OR(BI73=0,BI73=1),GM73-GX73,0) -> 62756.91 | GO73: =IF(BI73=2,GM73-GX73,0) -> 0 | GP73: =IF(BI73=4,GM73-GX73,0) -> 0 | GR73: 0 | GS73: 3 | GT73: 0 | GV73: =ROUND((GT73),6) -> 0 | GW73: 1 | GX73: =ROUND(HC73*I73,2) -> 0 | HA73: 0 | HB73: 0 | HC73: =GV73*GW73 -> 0 | HN73: Пр/812-092.0-1 | HO73: Пр/774-092.0 | HP73: Крыши, кровля | HQ73: Крыши, кровля | HS73: 0 | IK73: 0
A74: 18 | B74: 1 | C74: 150 | E74: 9,1 | F74: 12.1.01.05-0014 | G74: Кронштейн желоба металлический для водосточных систем, покрытие полиэстер, диаметр желоба 185 мм, длина кронштейна 350 мм | H74: ШТ | I74: =I72*J74 -> 240 | J74: 200 | K74: 200 | O74: =ROUND(CP74,2) -> 29620.8 | P74: =ROUND(CQ74*I74,2) -> 29620.8 | Q74: =ROUND(CR74*I74,2) -> 0 | R74: =ROUND(CS74*I74,2) -> 0 | S74: =ROUND(CT74*I74,2) -> 0 | T74: =ROUND(CU74*I74,2) -> 0 | U74: =ROUND(CV74*I74,7) -> 0 | V74: =ROUND(CW74*I74,7) -> 0 | W74: =ROUND(CX74*I74,2) -> 0 | X74: =ROUND(CY74,2) -> 0 | Y74: =ROUND(CZ74,2) -> 0 | AA74: 60841590 | AB74: =ROUND((AC74+AD74+AF74),6) -> 116.43 | AC74: =ROUND((ES74),6) -> 116.43 | AD74: =ROUND((((ET74)-(EU74))+AE74),6) -> 0 | AE74: =ROUND((EU74),6) -> 0 | AF74: =ROUND((EV74),6) -> 0 | AG74: =ROUND((AP74),6) -> 0 | AH74: =(EW74) -> 0 | AI74: =(EX74) -> 0 | AJ74: =(AS74) -> 0 | AK74: 116.43 | AL74: 116.43 | AM74: 0 | AN74: 0 | AO74: 0 | AP74: 0 | AQ74: 0 | AR74: 0 | AS74: 0 | AT74: 90 | AU74: 46 | AV74: 1 | AW74: 1 | AZ74: 1 | BA74: 1 | BB74: 1 | BC74: 1.06 | BH74: 3 | BI74: 1 | BJ74: ФСБЦ-2022 доп.14, 12.1.01.05-0014, приказ Минстроя России от 19.05.2025 г. № 299/пр | BM74: 58001 | BN74: 0 | BO74: 12.1.01.05-0014 | BP74: 1 | BQ74: 6 | BR74: 0 | BS74: 1 | BT74: 1 | BU74: 1 | BV74: 1 | BW74: 1 | BX74: 1 | BZ74: 90 | CA74: 46 | CE74: 0 | CF74: 0 | CG74: 0 | CM74: 0 | CO74: 0 | CP74: =(P74+Q74+S74+R74) -> 29620.8 | CQ74: =ROUND(AL74*BC74,2) -> 123.42 | CR74: =ROUND(AM74*BB74,2) -> 0 | CS74: =ROUND(AN74*BS74,2) -> 0 | CT74: =ROUND(AO74*BA74,2) -> 0 | CU74: =AG74 -> 0 | CV74: =AH74 -> 0 | CW74: =AI74 -> 0 | CX74: =AJ74 -> 0 | CY74: =(((S74+R74)*AT74)/100) -> 0 | CZ74: =(((S74+R74)*AU74)/100) -> 0 | DN74: 0 | DO74: 0 | DP74: 1 | DQ74: 1 | DU74: 1013 | DV74: ШТ | DW74: ШТ | DX74: 1 | EE74: 58905933 | EF74: 6 | EG74: Ремонтно-строительные работы | EH74: 92 | EI74: Крыши, кровли | EJ74: 1 | EK74: 58001 | EL74: Крыши, кровли | EM74: рФЕР-58 | EQ74: 0 | ER74: 116.43 | ES74: 116.43 | ET74: 0 | EU74: 0 | EV74: 0 | EW74: 0 | EX74: 0 | FQ74: 0 | FR74: 0 | FS74: 0 | FX74: 90 | FY74: 46 | GD74: 1 | GF74: 742845043 | GG74: 2 | GH74: 1 | GI74: 2 | GJ74: 0 | GK74: 0 | GL74: =ROUND(IF(AND(BH74=3,BI74=3,FS74<>0),P74,0),2) -> 0 | GM74: =ROUND(O74+X74+Y74,2)+GX74 -> 29620.8 | GN74: =IF(OR(BI74=0,BI74=1),GM74-GX74,0) -> 29620.8 | GO74: =IF(BI74=2,GM74-GX74,0) -> 0 | GP74: =IF(BI74=4,GM74-GX74,0) -> 0 | GR74: 0 | GS74: 3 | GT74: 0 | GV74: =ROUND((GT74),6) -> 0 | GW74: 1 | GX74: =ROUND(HC74*I74,2) -> 0 | HA74: 0 | HB74: 0 | HC74: =GV74*GW74 -> 0 | HN74: Пр/812-092.0-1 | HO74: Пр/774-092.0 | HP74: Крыши, кровля | HQ74: Крыши, кровля | HS74: 0 | IK74: 0
A75: 18 | B75: 1 | C75: 162 | E75: 9,1 | F75: 12.1.01.05-0014 | G75: Кронштейн желоба металлический для водосточных систем, покрытие полиэстер, диаметр желоба 185 мм, длина кронштейна 350 мм | H75: ШТ | I75: =I73*J75 -> 240 | J75: 200 | K75: 200 | O75: =ROUND(CP75,2) -> 29061.6 | P75: =ROUND(CQ75*I75,2) -> 29061.6 | Q75: =ROUND(CR75*I75,2) -> 0 | R75: =ROUND(CS75*I75,2) -> 0 | S75: =ROUND(CT75*I75,2) -> 0 | T75: =ROUND(CU75*I75,2) -> 0 | U75: =ROUND(CV75*I75,7) -> 0 | V75: =ROUND(CW75*I75,7) -> 0 | W75: =ROUND(CX75*I75,2) -> 0 | X75: =ROUND(CY75,2) -> 0 | Y75: =ROUND(CZ75,2) -> 0 | AA75: 60854600 | AB75: =ROUND((AC75+AD75+AF75),6) -> 116.43 | AC75: =ROUND((ES75),6) -> 116.43 | AD75: =ROUND((((ET75)-(EU75))+AE75),6) -> 0 | AE75: =ROUND((EU75),6) -> 0 | AF75: =ROUND((EV75),6) -> 0 | AG75: =ROUND((AP75),6) -> 0 | AH75: =(EW75) -> 0 | AI75: =(EX75) -> 0 | AJ75: =(AS75) -> 0 | AK75: 116.43 | AL75: 116.43 | AM75: 0 | AN75: 0 | AO75: 0 | AP75: 0 | AQ75: 0 | AR75: 0 | AS75: 0 | AT75: 90 | AU75: 46 | AV75: 1 | AW75: 1 | AZ75: 1 | BA75: 1 | BB75: 1 | BC75: 1.04 | BH75: 3 | BI75: 1 | BJ75: ФСБЦ-2022 доп.14, 12.1.01.05-0014, приказ Минстроя России от 19.05.2025 г. № 299/пр | BM75: 58001 | BN75: 0 | BO75: 12.1.01.05-0014 | BP75: 1 | BQ75: 6 | BR75: 0 | BS75: 1 | BT75: 1 | BU75: 1 | BV75: 1 | BW75: 1 | BX75: 1 | BZ75: 90 | CA75: 46 | CE75: 0 | CF75: 0 | CG75: 0 | CM75: 0 | CO75: 0 | CP75: =(P75+Q75+S75+R75) -> 29061.6 | CQ75: =ROUND(AL75*BC75,2) -> 121.09 | CR75: =ROUND(AM75*BB75,2) -> 0 | CS75: =ROUND(AN75*BS75,2) -> 0 | CT75: =ROUND(AO75*BA75,2) -> 0 | CU75: =AG75 -> 0 | CV75: =AH75 -> 0 | CW75: =AI75 -> 0 | CX75: =AJ75 -> 0 | CY75: =(((S75+R75)*AT75)/100) -> 0 | CZ75: =(((S75+R75)*AU75)/100) -> 0 | DN75: 0 | DO75: 0 | DP75: 1 | DQ75: 1 | DU75: 1013 | DV75: ШТ | DW75: ШТ | DX75: 1 | EE75: 58905933 | EF75: 6 | EG75: Ремонтно-строительные работы | EH75: 92 | EI75: Крыши, кровли | EJ75: 1 | EK75: 58001 | EL75: Крыши, кровли | EM75: рФЕР-58 | EQ75: 0 | ER75: 116.43 | ES75: 116.43 | ET75: 0 | EU75: 0 | EV75: 0 | EW75: 0 | EX75: 0 | FQ75: 0 | FR75: 0 | FS75: 0 | FX75: 90 | FY75: 46 | GD75: 1 | GF75: 742845043 | GG75: 2 | GH75: 1 | GI75: 2 | GJ75: 0 | GK75: 0 | GL75: =ROUND(IF(AND(BH75=3,BI75=3,FS75<>0),P75,0),2) -> 0 | GM75: =ROUND(O75+X75+Y75,2)+GX75 -> 29061.6 | GN75: =IF(OR(BI75=0,BI75=1),GM75-GX75,0) -> 29061.6 | GO75: =IF(BI75=2,GM75-GX75,0) -> 0 | GP75: =IF(BI75=4,GM75-GX75,0) -> 0 | GR75: 0 | GS75: 3 | GT75: 0 | GV75: =ROUND((GT75),6) -> 0 | GW75: 1 | GX75: =ROUND(HC75*I75,2) -> 0 | HA75: 0 | HB75: 0 | HC75: =GV75*GW75 -> 0 | HN75: Пр/812-092.0-1 | HO75: Пр/774-092.0 | HP75: Крыши, кровля | HQ75: Крыши, кровля | HS75: 0 | IK75: 0
A76: 18 | B76: 1 | C76: 151 | E76: 9,2 | F76: 12.1.01.05-0036 | G76: Желоб металлический для водосточных систем, покрытие полиэстер, диаметр желоба 185 мм, длина 3000 мм | H76: ШТ | I76: =I72*J76 -> 40 | J76: 33.333333 | K76: 33.333333 | O76: =ROUND(CP76,2) -> 36905.2 | P76: =ROUND(CQ76*I76,2) -> 36905.2 | Q76: =ROUND(CR76*I76,2) -> 0 | R76: =ROUND(CS76*I76,2) -> 0 | S76: =ROUND(CT76*I76,2) -> 0 | T76: =ROUND(CU76*I76,2) -> 0 | U76: =ROUND(CV76*I76,7) -> 0 | V76: =ROUND(CW76*I76,7) -> 0 | W76: =ROUND(CX76*I76,2) -> 0 | X76: =ROUND(CY76,2) -> 0 | Y76: =ROUND(CZ76,2) -> 0 | AA76: 60841590 | AB76: =ROUND((AC76+AD76+AF76),6) -> 870.41 | AC76: =ROUND((ES76),6) -> 870.41 | AD76: =ROUND((((ET76)-(EU76))+AE76),6) -> 0 | AE76: =ROUND((EU76),6) -> 0 | AF76: =ROUND((EV76),6) -> 0 | AG76: =ROUND((AP76),6) -> 0 | AH76: =(EW76) -> 0 | AI76: =(EX76) -> 0 | AJ76: =(AS76) -> 0 | AK76: 870.41 | AL76: 870.41 | AM76: 0 | AN76: 0 | AO76: 0 | AP76: 0 | AQ76: 0 | AR76: 0 | AS76: 0 | AT76: 90 | AU76: 46 | AV76: 1 | AW76: 1 | AZ76: 1 | BA76: 1 | BB76: 1 | BC76: 1.06 | BH76: 3 | BI76: 1 | BJ76: ФСБЦ-2022 доп.14, 12.1.01.05-0036, приказ Минстроя России от 19.05.2025 г. № 299/пр | BM76: 58001 | BN76: 0 | BO76: 12.1.01.05-0036 | BP76: 1 | BQ76: 6 | BR76: 0 | BS76: 1 | BT76: 1 | BU76: 1 | BV76: 1 | BW76: 1 | BX76: 1 | BZ76: 90 | CA76: 46 | CE76: 0 | CF76: 0 | CG76: 0 | CM76: 0 | CO76: 0 | CP76: =(P76+Q76+S76+R76) -> 36905.2 | CQ76: =ROUND(AL76*BC76,2) -> 922.63 | CR76: =ROUND(AM76*BB76,2) -> 0 | CS76: =ROUND(AN76*BS76,2) -> 0 | CT76: =ROUND(AO76*BA76,2) -> 0 | CU76: =AG76 -> 0 | CV76: =AH76 -> 0 | CW76: =AI76 -> 0 | CX76: =AJ76 -> 0 | CY76: =(((S76+R76)*AT76)/100) -> 0 | CZ76: =(((S76+R76)*AU76)/100) -> 0 | DN76: 0 | DO76: 0 | DP76: 1 | DQ76: 1 | DU76: 1013 | DV76: ШТ | DW76: ШТ | DX76: 1 | EE76: 58905933 | EF76: 6 | EG76: Ремонтно-строительные работы | EH76: 92 | EI76: Крыши, кровли | EJ76: 1 | EK76: 58001 | EL76: Крыши, кровли | EM76: рФЕР-58 | EQ76: 0 | ER76: 870.41 | ES76: 870.41 | ET76: 0 | EU76: 0 | EV76: 0 | EW76: 0 | EX76: 0 | FQ76: 0 | FR76: 0 | FS76: 0 | FX76: 90 | FY76: 46 | GD76: 1 | GF76: 53291801 | GG76: 2 | GH76: 1 | GI76: 2 | GJ76: 0 | GK76: 0 | GL76: =ROUND(IF(AND(BH76=3,BI76=3,FS76<>0),P76,0),2) -> 0 | GM76: =ROUND(O76+X76+Y76,2)+GX76 -> 36905.2 | GN76: =IF(OR(BI76=0,BI76=1),GM76-GX76,0) -> 36905.2 | GO76: =IF(BI76=2,GM76-GX76,0) -> 0 | GP76: =IF(BI76=4,GM76-GX76,0) -> 0 | GR76: 0 | GS76: 3 | GT76: 0 | GV76: =ROUND((GT76),6) -> 0 | GW76: 1 | GX76: =ROUND(HC76*I76,2) -> 0 | HA76: 0 | HB76: 0 | HC76: =GV76*GW76 -> 0 | HN76: Пр/812-092.0-1 | HO76: Пр/774-092.0 | HP76: Крыши, кровля | HQ76: Крыши, кровля | HS76: 0 | IK76: 0
A77: 18 | B77: 1 | C77: 163 | E77: 9,2 | F77: 12.1.01.05-0036 | G77: Желоб металлический для водосточных систем, покрытие полиэстер, диаметр желоба 185 мм, длина 3000 мм | H77: ШТ | I77: =I73*J77 -> 40 | J77: 33.333333 | K77: 33.333333 | O77: =ROUND(CP77,2) -> 36209.2 | P77: =ROUND(CQ77*I77,2) -> 36209.2 | Q77: =ROUND(CR77*I77,2) -> 0 | R77: =ROUND(CS77*I77,2) -> 0 | S77: =ROUND(CT77*I77,2) -> 0 | T77: =ROUND(CU77*I77,2) -> 0 | U77: =ROUND(CV77*I77,7) -> 0 | V77: =ROUND(CW77*I77,7) -> 0 | W77: =ROUND(CX77*I77,2) -> 0 | X77: =ROUND(CY77,2) -> 0 | Y77: =ROUND(CZ77,2) -> 0 | AA77: 60854600 | AB77: =ROUND((AC77+AD77+AF77),6) -> 870.41 | AC77: =ROUND((ES77),6) -> 870.41 | AD77: =ROUND((((ET77)-(EU77))+AE77),6) -> 0 | AE77: =ROUND((EU77),6) -> 0 | AF77: =ROUND((EV77),6) -> 0 | AG77: =ROUND((AP77),6) -> 0 | AH77: =(EW77) -> 0 | AI77: =(EX77) -> 0 | AJ77: =(AS77) -> 0 | AK77: 870.41 | AL77: 870.41 | AM77: 0 | AN77: 0 | AO77: 0 | AP77: 0 | AQ77: 0 | AR77: 0 | AS77: 0 | AT77: 90 | AU77: 46 | AV77: 1 | AW77: 1 | AZ77: 1 | BA77: 1 | BB77: 1 | BC77: 1.04 | BH77: 3 | BI77: 1 | BJ77: ФСБЦ-2022 доп.14, 12.1.01.05-0036, приказ Минстроя России от 19.05.2025 г. № 299/пр | BM77: 58001 | BN77: 0 | BO77: 12.1.01.05-0036 | BP77: 1 | BQ77: 6 | BR77: 0 | BS77: 1 | BT77: 1 | BU77: 1 | BV77: 1 | BW77: 1 | BX77: 1 | BZ77: 90 | CA77: 46 | CE77: 0 | CF77: 0 | CG77: 0 | CM77: 0 | CO77: 0 | CP77: =(P77+Q77+S77+R77) -> 36209.2 | CQ77: =ROUND(AL77*BC77,2) -> 905.23 | CR77: =ROUND(AM77*BB77,2) -> 0 | CS77: =ROUND(AN77*BS77,2) -> 0 | CT77: =ROUND(AO77*BA77,2) -> 0 | CU77: =AG77 -> 0 | CV77: =AH77 -> 0 | CW77: =AI77 -> 0 | CX77: =AJ77 -> 0 | CY77: =(((S77+R77)*AT77)/100) -> 0 | CZ77: =(((S77+R77)*AU77)/100) -> 0 | DN77: 0 | DO77: 0 | DP77: 1 | DQ77: 1 | DU77: 1013 | DV77: ШТ | DW77: ШТ | DX77: 1 | EE77: 58905933 | EF77: 6 | EG77: Ремонтно-строительные работы | EH77: 92 | EI77: Крыши, кровли | EJ77: 1 | EK77: 58001 | EL77: Крыши, кровли | EM77: рФЕР-58 | EQ77: 0 | ER77: 870.41 | ES77: 870.41 | ET77: 0 | EU77: 0 | EV77: 0 | EW77: 0 | EX77: 0 | FQ77: 0 | FR77: 0 | FS77: 0 | FX77: 90 | FY77: 46 | GD77: 1 | GF77: 53291801 | GG77: 2 | GH77: 1 | GI77: 2 | GJ77: 0 | GK77: 0 | GL77: =ROUND(IF(AND(BH77=3,BI77=3,FS77<>0),P77,0),2) -> 0 | GM77: =ROUND(O77+X77+Y77,2)+GX77 -> 36209.2 | GN77: =IF(OR(BI77=0,BI77=1),GM77-GX77,0) -> 36209.2 | GO77: =IF(BI77=2,GM77-GX77,0) -> 0 | GP77: =IF(BI77=4,GM77-GX77,0) -> 0 | GR77: 0 | GS77: 3 | GT77: 0 | GV77: =ROUND((GT77),6) -> 0 | GW77: 1 | GX77: =ROUND(HC77*I77,2) -> 0 | HA77: 0 | HB77: 0 | HC77: =GV77*GW77 -> 0 | HN77: Пр/812-092.0-1 | HO77: Пр/774-092.0 | HP77: Крыши, кровля | HQ77: Крыши, кровля | HS77: 0 | IK77: 0
A78: 18 | B78: 1 | C78: 152 | E78: 9,3 | F78: 12.1.01.05-0044 | G78: Заглушка желоба из оцинкованной стали для водосточных систем, диаметр желоба 185 мм | H78: ШТ | I78: =I72*J78 -> 4 | J78: 3.3333333 | K78: 3.3333333 | O78: =ROUND(CP78,2) -> 398.16 | P78: =ROUND(CQ78*I78,2) -> 398.16 | Q78: =ROUND(CR78*I78,2) -> 0 | R78: =ROUND(CS78*I78,2) -> 0 | S78: =ROUND(CT78*I78,2) -> 0 | T78: =ROUND(CU78*I78,2) -> 0 | U78: =ROUND(CV78*I78,7) -> 0 | V78: =ROUND(CW78*I78,7) -> 0 | W78: =ROUND(CX78*I78,2) -> 0 | X78: =ROUND(CY78,2) -> 0 | Y78: =ROUND(CZ78,2) -> 0 | AA78: 60841590 | AB78: =ROUND((AC78+AD78+AF78),6) -> 93.91 | AC78: =ROUND((ES78),6) -> 93.91 | AD78: =ROUND((((ET78)-(EU78))+AE78),6) -> 0 | AE78: =ROUND((EU78),6) -> 0 | AF78: =ROUND((EV78),6) -> 0 | AG78: =ROUND((AP78),6) -> 0 | AH78: =(EW78) -> 0 | AI78: =(EX78) -> 0 | AJ78: =(AS78) -> 0 | AK78: 93.91 | AL78: 93.91 | AM78: 0 | AN78: 0 | AO78: 0 | AP78: 0 | AQ78: 0 | AR78: 0 | AS78: 0 | AT78: 90 | AU78: 46 | AV78: 1 | AW78: 1 | AZ78: 1 | BA78: 1 | BB78: 1 | BC78: 1.06 | BH78: 3 | BI78: 1 | BJ78: ФСБЦ-2022 доп.14, 12.1.01.05-0044, приказ Минстроя России от 19.05.2025 г. № 299/пр | BM78: 58001 | BN78: 0 | BO78: 12.1.01.05-0044 | BP78: 1 | BQ78: 6 | BR78: 0 | BS78: 1 | BT78: 1 | BU78: 1 | BV78: 1 | BW78: 1 | BX78: 1 | BZ78: 90 | CA78: 46 | CE78: 0 | CF78: 0 | CG78: 0 | CM78: 0 | CO78: 0 | CP78: =(P78+Q78+S78+R78) -> 398.16 | CQ78: =ROUND(AL78*BC78,2) -> 99.54 | CR78: =ROUND(AM78*BB78,2) -> 0 | CS78: =ROUND(AN78*BS78,2) -> 0 | CT78: =ROUND(AO78*BA78,2) -> 0 | CU78: =AG78 -> 0 | CV78: =AH78 -> 0 | CW78: =AI78 -> 0 | CX78: =AJ78 -> 0 | CY78: =(((S78+R78)*AT78)/100) -> 0 | CZ78: =(((S78+R78)*AU78)/100) -> 0 | DN78: 0 | DO78: 0 | DP78: 1 | DQ78: 1 | DU78: 1013 | DV78: ШТ | DW78: ШТ | DX78: 1 | EE78: 58905933 | EF78: 6 | EG78: Ремонтно-строительные работы | EH78: 92 | EI78: Крыши, кровли | EJ78: 1 | EK78: 58001 | EL78: Крыши, кровли | EM78: рФЕР-58 | EQ78: 0 | ER78: 93.91 | ES78: 93.91 | ET78: 0 | EU78: 0 | EV78: 0 | EW78: 0 | EX78: 0 | FQ78: 0 | FR78: 0 | FS78: 0 | FX78: 90 | FY78: 46 | GD78: 1 | GF78: 1872550327 | GG78: 2 | GH78: 1 | GI78: 2 | GJ78: 0 | GK78: 0 | GL78: =ROUND(IF(AND(BH78=3,BI78=3,FS78<>0),P78,0),2) -> 0 | GM78: =ROUND(O78+X78+Y78,2)+GX78 -> 398.16 | GN78: =IF(OR(BI78=0,BI78=1),GM78-GX78,0) -> 398.16 | GO78: =IF(BI78=2,GM78-GX78,0) -> 0 | GP78: =IF(BI78=4,GM78-GX78,0) -> 0 | GR78: 0 | GS78: 3 | GT78: 0 | GV78: =ROUND((GT78),6) -> 0 | GW78: 1 | GX78: =ROUND(HC78*I78,2) -> 0 | HA78: 0 | HB78: 0 | HC78: =GV78*GW78 -> 0 | HN78: Пр/812-092.0-1 | HO78: Пр/774-092.0 | HP78: Крыши, кровля | HQ78: Крыши, кровля | HS78: 0 | IK78: 0
A79: 18 | B79: 1 | C79: 164 | E79: 9,3 | F79: 12.1.01.05-0044 | G79: Заглушка желоба из оцинкованной стали для водосточных систем, диаметр желоба 185 мм | H79: ШТ | I79: =I73*J79 -> 4 | J79: 3.3333333 | K79: 3.3333333 | O79: =ROUND(CP79,2) -> 390.68 | P79: =ROUND(CQ79*I79,2) -> 390.68 | Q79: =ROUND(CR79*I79,2) -> 0 | R79: =ROUND(CS79*I79,2) -> 0 | S79: =ROUND(CT79*I79,2) -> 0 | T79: =ROUND(CU79*I79,2) -> 0 | U79: =ROUND(CV79*I79,7) -> 0 | V79: =ROUND(CW79*I79,7) -> 0 | W79: =ROUND(CX79*I79,2) -> 0 | X79: =ROUND(CY79,2) -> 0 | Y79: =ROUND(CZ79,2) -> 0 | AA79: 60854600 | AB79: =ROUND((AC79+AD79+AF79),6) -> 93.91 | AC79: =ROUND((ES79),6) -> 93.91 | AD79: =ROUND((((ET79)-(EU79))+AE79),6) -> 0 | AE79: =ROUND((EU79),6) -> 0 | AF79: =ROUND((EV79),6) -> 0 | AG79: =ROUND((AP79),6) -> 0 | AH79: =(EW79) -> 0 | AI79: =(EX79) -> 0 | AJ79: =(AS79) -> 0 | AK79: 93.91 | AL79: 93.91 | AM79: 0 | AN79: 0 | AO79: 0 | AP79: 0 | AQ79: 0 | AR79: 0 | AS79: 0 | AT79: 90 | AU79: 46 | AV79: 1 | AW79: 1 | AZ79: 1 | BA79: 1 | BB79: 1 | BC79: 1.04 | BH79: 3 | BI79: 1 | BJ79: ФСБЦ-2022 доп.14, 12.1.01.05-0044, приказ Минстроя России от 19.05.2025 г. № 299/пр | BM79: 58001 | BN79: 0 | BO79: 12.1.01.05-0044 | BP79: 1 | BQ79: 6 | BR79: 0 | BS79: 1 | BT79: 1 | BU79: 1 | BV79: 1 | BW79: 1 | BX79: 1 | BZ79: 90 | CA79: 46 | CE79: 0 | CF79: 0 | CG79: 0 | CM79: 0 | CO79: 0 | CP79: =(P79+Q79+S79+R79) -> 390.68 | CQ79: =ROUND(AL79*BC79,2) -> 97.67 | CR79: =ROUND(AM79*BB79,2) -> 0 | CS79: =ROUND(AN79*BS79,2) -> 0 | CT79: =ROUND(AO79*BA79,2) -> 0 | CU79: =AG79 -> 0 | CV79: =AH79 -> 0 | CW79: =AI79 -> 0 | CX79: =AJ79 -> 0 | CY79: =(((S79+R79)*AT79)/100) -> 0 | CZ79: =(((S79+R79)*AU79)/100) -> 0 | DN79: 0 | DO79: 0 | DP79: 1 | DQ79: 1 | DU79: 1013 | DV79: ШТ | DW79: ШТ | DX79: 1 | EE79: 58905933 | EF79: 6 | EG79: Ремонтно-строительные работы | EH79: 92 | EI79: Крыши, кровли | EJ79: 1 | EK79: 58001 | EL79: Крыши, кровли | EM79: рФЕР-58 | EQ79: 0 | ER79: 93.91 | ES79: 93.91 | ET79: 0 | EU79: 0 | EV79: 0 | EW79: 0 | EX79: 0 | FQ79: 0 | FR79: 0 | FS79: 0 | FX79: 90 | FY79: 46 | GD79: 1 | GF79: 1872550327 | GG79: 2 | GH79: 1 | GI79: 2 | GJ79: 0 | GK79: 0 | GL79: =ROUND(IF(AND(BH79=3,BI79=3,FS79<>0),P79,0),2) -> 0 | GM79: =ROUND(O79+X79+Y79,2)+GX79 -> 390.68 | GN79: =IF(OR(BI79=0,BI79=1),GM79-GX79,0) -> 390.68 | GO79: =IF(BI79=2,GM79-GX79,0) -> 0 | GP79: =IF(BI79=4,GM79-GX79,0) -> 0 | GR79: 0 | GS79: 3 | GT79: 0 | GV79: =ROUND((GT79),6) -> 0 | GW79: 1 | GX79: =ROUND(HC79*I79,2) -> 0 | HA79: 0 | HB79: 0 | HC79: =GV79*GW79 -> 0 | HN79: Пр/812-092.0-1 | HO79: Пр/774-092.0 | HP79: Крыши, кровля | HQ79: Крыши, кровля | HS79: 0 | IK79: 0
A80: 18 | B80: 1 | C80: 153 | E80: 9,4 | F80: 12.1.01.05-0083 | G80: Угол желоба 90° универсальный для водосточных систем, покрытие полиэстер, диаметр желоба 185 мм | H80: ШТ | I80: =I72*J80 -> 4 | J80: 3.3333333 | K80: 3.3333333 | O80: =ROUND(CP80,2) -> 2663.16 | P80: =ROUND(CQ80*I80,2) -> 2663.16 | Q80: =ROUND(CR80*I80,2) -> 0 | R80: =ROUND(CS80*I80,2) -> 0 | S80: =ROUND(CT80*I80,2) -> 0 | T80: =ROUND(CU80*I80,2) -> 0 | U80: =ROUND(CV80*I80,7) -> 0 | V80: =ROUND(CW80*I80,7) -> 0 | W80: =ROUND(CX80*I80,2) -> 0 | X80: =ROUND(CY80,2) -> 0 | Y80: =ROUND(CZ80,2) -> 0 | AA80: 60841590 | AB80: =ROUND((AC80+AD80+AF80),6) -> 628.1 | AC80: =ROUND((ES80),6) -> 628.1 | AD80: =ROUND((((ET80)-(EU80))+AE80),6) -> 0 | AE80: =ROUND((EU80),6) -> 0 | AF80: =ROUND((EV80),6) -> 0 | AG80: =ROUND((AP80),6) -> 0 | AH80: =(EW80) -> 0 | AI80: =(EX80) -> 0 | AJ80: =(AS80) -> 0 | AK80: 628.1 | AL80: 628.1 | AM80: 0 | AN80: 0 | AO80: 0 | AP80: 0 | AQ80: 0 | AR80: 0 | AS80: 0 | AT80: 90 | AU80: 46 | AV80: 1 | AW80: 1 | AZ80: 1 | BA80: 1 | BB80: 1 | BC80: 1.06 | BH80: 3 | BI80: 1 | BJ80: ФСБЦ-2022 доп.14, 12.1.01.05-0083, приказ Минстроя России от 19.05.2025 г. № 299/пр | BM80: 58001 | BN80: 0 | BO80: 12.1.01.05-0083 | BP80: 1 | BQ80: 6 | BR80: 0 | BS80: 1 | BT80: 1 | BU80: 1 | BV80: 1 | BW80: 1 | BX80: 1 | BZ80: 90 | CA80: 46 | CE80: 0 | CF80: 0 | CG80: 0 | CM80: 0 | CO80: 0 | CP80: =(P80+Q80+S80+R80) -> 2663.16 | CQ80: =ROUND(AL80*BC80,2) -> 665.79 | CR80: =ROUND(AM80*BB80,2) -> 0 | CS80: =ROUND(AN80*BS80,2) -> 0 | CT80: =ROUND(AO80*BA80,2) -> 0 | CU80: =AG80 -> 0 | CV80: =AH80 -> 0 | CW80: =AI80 -> 0 | CX80: =AJ80 -> 0 | CY80: =(((S80+R80)*AT80)/100) -> 0 | CZ80: =(((S80+R80)*AU80)/100) -> 0 | DN80: 0 | DO80: 0 | DP80: 1 | DQ80: 1 | DU80: 1013 | DV80: ШТ | DW80: ШТ | DX80: 1 | EE80: 58905933 | EF80: 6 | EG80: Ремонтно-строительные работы | EH80: 92 | EI80: Крыши, кровли | EJ80: 1 | EK80: 58001 | EL80: Крыши, кровли | EM80: рФЕР-58 | EQ80: 0 | ER80: 628.1 | ES80: 628.1 | ET80: 0 | EU80: 0 | EV80: 0 | EW80: 0 | EX80: 0 | FQ80: 0 | FR80: 0 | FS80: 0 | FX80: 90 | FY80: 46 | GD80: 1 | GF80: -104363092 | GG80: 2 | GH80: 1 | GI80: 2 | GJ80: 0 | GK80: 0 | GL80: =ROUND(IF(AND(BH80=3,BI80=3,FS80<>0),P80,0),2) -> 0 | GM80: =ROUND(O80+X80+Y80,2)+GX80 -> 2663.16 | GN80: =IF(OR(BI80=0,BI80=1),GM80-GX80,0) -> 2663.16 | GO80: =IF(BI80=2,GM80-GX80,0) -> 0 | GP80: =IF(BI80=4,GM80-GX80,0) -> 0 | GR80: 0 | GS80: 3 | GT80: 0 | GV80: =ROUND((GT80),6) -> 0 | GW80: 1 | GX80: =ROUND(HC80*I80,2) -> 0 | HA80: 0 | HB80: 0 | HC80: =GV80*GW80 -> 0 | HN80: Пр/812-092.0-1 | HO80: Пр/774-092.0 | HP80: Крыши, кровля | HQ80: Крыши, кровля | HS80: 0 | IK80: 0
